Workbook

Sheet ENERO DECE-5
B8: ÀREA FINANCIERA | K8: DECE-5
A10: UNIDAD DE CIRUGIA CARDIOVASCULAR DE GUATEMALA
A11: 5a. AVENIDA 6-22 ZONA 11
A12: dgunicar@yahoo.es Tel. 24163000
A14: Programación y ejecucion mensual por tipo de gasto año 2025, Expresado en Quetzales primer cuatrimestre 2025
A15: No. | B15: CATEGORIA DEL GASTO DE FUNCIONAMIENTO | C15: Enero | E15: Febrero | G15: Marzo | I15: Abril | K15: Total Cuatrimestre
C16: PROG. | D16: EJECUTADO | E16: PROG. | F16: EJECUTADO | G16: PROG. | H16: EJECUTADO | I16: PROG. | J16: EJECUTADO | K16: PROG. | L16: EJECUTADO
B17: RECURSO HUMANO
A18: 011 | B18: SUELOS Y SALARIOS | C18: 3985581.3 | D18: 3442190.4 | K18: =+C18+E18+G18+I18 -> 3985581.3 | L18: =+D18+F18+H18+J18 -> 3442190.4
B19: BONO 14 | C19: 0 | D19: 0 | K19: =+C19+E19+G19+I19 -> 0 | L19: =+D19+F19+H19+J19 -> 0
B20: CUOTA PATRONAL | C20: 0 | D20: 387999.9 | K20: =+C20+E20+G20+I20 -> 0 | L20: =+D20+F20+H20+J20 -> 387999.9
B21: TOTAL RECURSO HUMANO | C21: =SUM(C18:C20) -> 3985581.3 | D21: =SUM(D18:D20) -> 3830190.3 | E21: =SUM(E18:E20) -> 0 | F21: =SUM(F18:F20) -> 0 | G21: =SUM(G18:G20) -> 0 | H21: =SUM(H18:H20) -> 0 | I21: =SUM(I18:I20) -> 0 | J21: =SUM(J18:J20) -> 0 | ... L21: =SUM(L18:L20) -> 3830190.3
B23: GASTOS DE OPERACIÓN
A24: 111 | B24: ENERGIA ELECTRICA | C24: 0 | D24: 0 | K24: =+C24+E24+G24+I24 -> 0 | L24: =+D24+F24+H24+J24 -> 0
A25: 113 | B25: SERVICIO DE INTERNET Y TELEFONIA | C25: 0 | D25: 0 | K25: =+C25+E25+G25+I25 -> 0 | L25: =+D25+F25+H25+J25 -> 0
A26: 122 | B26: IMPRESIÓN, ENCUADERNACION Y REPRODUCCION | C26: 0 | D26: 0 | K26: =+C26+E26+G26+I26 -> 0 | L26: =+D26+F26+H26+J26 -> 0
A27: 163 | B27: MANT. Y REP. EQUIPO MEDICO SANITARIO Y DE LAB. | C27: 100000 | D27: 0 | K27: =+C27+E27+G27+I27 -> 100000 | L27: =+D27+F27+H27+J27 -> 0
A28: 169 | B28: MANT. Y REP. DE OTRAS MAQUINARAIS Y EQUIPOS | C28: 20000 | D28: 0 | K28: =+C28+E28+G28+I28 -> 20000 | L28: =+D28+F28+H28+J28 -> 0
A29: 171 | B29: MANT. Y REPARACION DE EDIFICIOS | C29: 50000 | D29: 0 | K29: =+C29+E29+G29+I29 -> 50000 | L29: =+D29+F29+H29+J29 -> 0
A30: 174 | B30: MANT. Y REP. DE INSTALACIONES | C30: 53344.25 | D30: 0 | K30: =+C30+E30+G30+I30 -> 53344.25 | L30: =+D30+F30+H30+J30 -> 0
A31: 197 | B31: SERVICIOS DE VIGILANCIA | C31: 0 | D31: 0 | K31: =+C31+E31+G31+I31 -> 0 | L31: =+D31+F31+H31+J31 -> 0
A32: 199 | B32: OTROS SERVICIOS NO PERSONALES | C32: 0 | D32: 0 | K32: =+C32+E32+G32+I32 -> 0 | L32: =+D32+F32+H32+J32 -> 0
A33: 243 | B33: PRODUCTOS DE PAPEL O CARTON | C33: 0 | D33: 0 | L33: =+D33+F33+H33+J33 -> 0
A34: 261 | B34: ELEMENTOS Y COMPUESTOS QUIMICOS | C34: 0 | D34: 0 | K34: =+C34+E34+G34+I34 -> 0 | L34: =+D34+F34+H34+J34 -> 0
A35: 262 | B35: COMBUSTIBLES Y LUBRICANTES | C35: 17000 | D35: 0 | K35: =+C35+E35+G35+I35 -> 17000 | L35: =+D35+F35+H35+J35 -> 0
A36: 266 | B36: PRODUCTOS MEDICINALES Y FARMACEUTICOS | C36: 0 | D36: 0 | K36: =+C36+E36+G36+I36 -> 0 | L36: =+D36+F36+H36+J36 -> 0
A37: 267 | B37: TINTES, PINTURAS Y COLORANTES | C37: 180000 | D37: 0 | K37: =+C37+E37+G37+I37 -> 180000 | L37: =+D37+F37+H37+J37 -> 0
A38: 268 | B38: PRODUCTOS PLASTICOS, NYLON, VINIL Y PVC | C38: 0 | D38: 0 | K38: =+C38+E38+G38+I38 -> 0 | L38: =+D38+F38+H38+J38 -> 0
A39: 269 | B39: OTROS PRODUCTOS QUIMICOS Y CONEXOS | C39: 10000 | D39: 0 | K39: =+C39+E39+G39+I39 -> 10000 | L39: =+D39+F39+H39+J39 -> 0
A40: 292 | B40: UTILES DE LIMPIEZA Y PRODUCTOS SANITARIOS | C40: 0 | D40: 0 | K40: =+C40+E40+G40+I40 -> 0 | L40: =+D40+F40+H40+J40 -> 0
A41: 295 | B41: UTILES MENORES MEDICO QUIRURGICOS Y DE LAB. | C41: 0 | D41: 0 | K41: =+C41+E41+G41+I41 -> 0 | L41: =+D41+F41+H41+J41 -> 0
A42: 297 | B42: UTILES, ACCESORIOS Y MATERIALES ELECTRICOS | C42: 35000 | D42: 0 | K42: =+C42+E42+G42+I42 -> 35000 | L42: =+D42+F42+H42+J42 -> 0
A43: 298 | B43: ACCESORIOS Y REPUESTOS EN GENERAL | C43: 400000 | D43: 0 | K43: =+C43+E43+G43+I43 -> 400000 | L43: =+D43+F43+H43+J43 -> 0
A44: 299 | B44: OTROS MATERIALES Y SUMINISTROS | C44: 300000 | D44: 0 | K44: =+C44+E44+G44+I44 -> 300000 | L44: =+D44+F44+H44+J44 -> 0
A45: 323 | B45: EQUIPO MEDICO-SANITARIO Y DE LABORATORIO | C45: 0 | D45: 0 | K45: =+C45+E45+G45+I45 -> 0 | L45: =+D45+F45+H45+J45 -> 0
B46: TOTAL GASTOS DE OPERACIÓN | C46: =SUM(C24:C45) -> 1165344.2 | D46: =SUM(D24:D45) -> 0 | E46: =SUM(E24:E45) -> 0 | F46: =SUM(F24:F45) -> 0 | G46: =SUM(G24:G45) -> 0 | H46: =SUM(H24:H45) -> 0 | I46: =SUM(I24:I45) -> 0 | J46: =SUM(J24:J45) -> 0 | ... L46: =SUM(L24:L45) -> 0
B47: TOTAL GENERAL | C47: =+C46+C21 -> 5150925.5 | D47: =+D46+D21 -> 3830190.3 | E47: =+E46+E21 -> 0 | F47: =+F46+F21 -> 0 | G47: =+G46+G21 -> 0 | H47: =+H46+H21 -> 0 | I47: =+I46+I21 -> 0 | J47: =+J46+J21 -> 0 | ... L47: =+L46+L21 -> 3830190.3
A53: Programación y ejecucion mensual por tipo de gasto año 2024, Expresado en Quetzales segundo cuatrimestre 2024
A54: No. | B54: =+B15 -> CATEGORIA DEL GASTO DE FUNCIONAMIENTO | C54: Mayo | E54: Junio | G54: Julio | I54: Agosto | K54: Total Cuatrimestre | M54: Total Acumulado
C55: PROG. | D55: EJECUTADO | E55: PROG. | F55: EJECUTADO | G55: PROG. | H55: EJECUTADO | I55: PROG. | J55: EJECUTADO | K55: PROG. | L55: EJECUTADO | M55: PROG. | N55: EJECUTADO
A56: 011 | B56: RECURSO HUMANO
B57: SUELOS Y SALARIOS | K57: =+C57+E57+G57+I57 -> 0 | L57: =+D57+F57+H57+J57 -> 0 | M57: =+K57+K18 -> 3985581.3 | N57: =+L57+L18 -> 3442190.4
B58: BONO 14 | K58: =+C58+E58+G58+I58 -> 0 | L58: =+D58+F58+H58+J58 -> 0 | M58: =+K58+K19 -> 0 | N58: =+L58+L19 -> 0
B59: CUOTA PATRONAL | K59: =+C59+E59+G59+I59 -> 0 | L59: =+D59+F59+H59+J59 -> 0 | M59: =+K59+K20 -> 0 | N59: =+L59+L20 -> 387999.9
B60: TOTAL RECURSO HUMANO | C60: =SUM(C57:C59) -> 0 | D60: =SUM(D57:D59) -> 0 | E60: =SUM(E57:E59) -> 0 | F60: =SUM(F57:F59) -> 0 | G60: =SUM(G57:G59) -> 0 | H60: =SUM(H57:H59) -> 0 | I60: =SUM(I57:I59) -> 0 | J60: =SUM(J57:J59) -> 0 | ... N60: =SUM(N57:N59) -> 3830190.3
B62: GASTOS DE OPERACIÓN
A63: 111 | B63: ENERGIA ELECTRICA | K63: =+C63+E63+G63+I63 -> 0 | L63: =+D63+F63+H63+J63 -> 0 | M63: =+K63+K24 -> 0 | N63: =+L63+L24 -> 0
A64: 113 | B64: SERVICIO DE INTERNET Y TELEFONIA | K64: =+C64+E64+G64+I64 -> 0 | L64: =+D64+F64+H64+J64 -> 0 | M64: =+K64+K25 -> 0 | N64: =+L64+L25 -> 0
A65: 122 | B65: IMPRESIÓN, ENCUADERNACION Y REPRODUCCION | K65: =+C65+E65+G65+I65 -> 0 | L65: =+D65+F65+H65+J65 -> 0 | M65: =+K65+K26 -> 0 | N65: =+L65+L26 -> 0
A66: 163 | B66: MANT. Y REP. EQUIPO MEDICO SANITARIO Y DE LAB. | K66: =+C66+E66+G66+I66 -> 0 | L66: =+D66+F66+H66+J66 -> 0 | M66: =+K66+K27 -> 100000 | N66: =+L66+L27 -> 0
A67: 169 | B67: MANT. Y REP. DE OTRAS MAQUINARAIS Y EQUIPOS | K67: =+C67+E67+G67+I67 -> 0 | L67: =+D67+F67+H67+J67 -> 0 | M67: =+K67+K28 -> 20000 | N67: =+L67+L28 -> 0
A68: 171 | B68: MANT. Y REPARACION DE EDIFICIOS | K68: =+C68+E68+G68+I68 -> 0 | L68: =+D68+F68+H68+J68 -> 0 | M68: =+K68+K29 -> 50000 | N68: =+L68+L29 -> 0
A69: 174 | B69: MANT. Y REP. DE INSTALACIONES | K69: =+C69+E69+G69+I69 -> 0 | L69: =+D69+F69+H69+J69 -> 0 | M69: =+K69+K30 -> 53344.25 | N69: =+L69+L30 -> 0
A70: 197 | B70: SERVICIOS DE VIGILANCIA | K70: =+C70+E70+G70+I70 -> 0 | L70: =+D70+F70+H70+J70 -> 0 | M70: =+K70+K31 -> 0 | N70: =+L70+L31 -> 0
A71: 199 | B71: OTROS SERVICIOS NO PERSONALES | K71: =+C71+E71+G71+I71 -> 0 | L71: =+D71+F71+H71+J71 -> 0 | M71: =+K71+K32 -> 0 | N71: =+L71+L32 -> 0
A72: 243 | B72: PRODUCTOS DE PAPEL O CARTON
A73: 261 | B73: ELEMENTOS Y COMPUESTOS QUIMICOS | K73: =+C73+E73+G73+I73 -> 0 | L73: =+D73+F73+H73+J73 -> 0 | M73: =+K73+K34 -> 0 | N73: =+L73+L34 -> 0
A74: 262 | B74: COMBUSTIBLES Y LUBRICANTES | K74: =+C74+E74+G74+I74 -> 0 | L74: =+D74+F74+H74+J74 -> 0 | M74: =+K74+K35 -> 17000 | N74: =+L74+L35 -> 0
A75: 266 | B75: PRODUCTOS MEDICINALES Y FARMACEUTICOS | K75: =+C75+E75+G75+I75 -> 0 | L75: =+D75+F75+H75+J75 -> 0 | M75: =+K75+K36 -> 0 | N75: =+L75+L36 -> 0
A76: 267 | B76: TINTES, PINTURAS Y COLORANTES | K76: =+C76+E76+G76+I76 -> 0 | L76: =+D76+F76+H76+J76 -> 0 | M76: =+K76+K37 -> 180000 | N76: =+L76+L37 -> 0
A77: 268 | B77: PRODUCTOS PLASTICOS, NYLON, VINIL Y PVC | K77: =+C77+E77+G77+I77 -> 0 | L77: =+D77+F77+H77+J77 -> 0 | M77: =+K77+K38 -> 0 | N77: =+L77+L38 -> 0
A78: 269 | B78: OTROS PRODUCTOS QUIMICOS Y CONEXOS | K78: =+C78+E78+G78+I78 -> 0 | L78: =+D78+F78+H78+J78 -> 0 | M78: =+K78+K39 -> 10000 | N78: =+L78+L39 -> 0
A79: 292 | B79: UTILES DE LIMPIEZA Y PRODUCTOS SANITARIOS | K79: =+C79+E79+G79+I79 -> 0 | L79: =+D79+F79+H79+J79 -> 0 | M79: =+K79+K40 -> 0 | N79: =+L79+L40 -> 0
A80: 295 | B80: UTILES MENORES MEDICO QUIRURGICOS Y DE LAB. | K80: =+C80+E80+G80+I80 -> 0 | L80: =+D80+F80+H80+J80 -> 0 | M80: =+K80+K41 -> 0 | N80: =+L80+L41 -> 0
A81: 297 | B81: UTILES, ACCESORIOS Y MATERIALES ELECTRICOS | K81: =+C81+E81+G81+I81 -> 0 | L81: =+D81+F81+H81+J81 -> 0 | M81: =+K81+K42 -> 35000 | N81: =+L81+L42 -> 0
A82: 298 | B82: ACCESORIOS Y REPUESTOS EN GENERAL | K82: =+C82+E82+G82+I82 -> 0 | L82: =+D82+F82+H82+J82 -> 0 | M82: =+K82+K43 -> 400000 | N82: =+L82+L43 -> 0
A83: 299 | B83: OTROS MATERIALES Y SUMINISTROS | K83: =+C83+E83+G83+I83 -> 0 | L83: =+D83+F83+H83+J83 -> 0 | M83: =+K83+K44 -> 300000 | N83: =+L83+L44 -> 0
A84: 323 | B84: EQUIPO MEDICO-SANITARIO Y DE LABORATORIO | K84: =+C84+E84+G84+I84 -> 0 | L84: =+D84+F84+H84+J84 -> 0 | M84: =+K84+K45 -> 0 | N84: =+L84+L45 -> 0
B85: TOTAL GASTOS DE OPERACIÓN | C85: =SUM(C63:C84) -> 0 | D85: =SUM(D63:D84) -> 0 | E85: =SUM(E63:E84) -> 0 | F85: =SUM(F63:F84) -> 0 | G85: =SUM(G63:G84) -> 0 | H85: =SUM(H63:H84) -> 0 | I85: =SUM(I63:I84) -> 0 | J85: =SUM(J63:J84) -> 0 | ... N85: =SUM(N63:N84) -> 0
B86: TOTAL GENERAL | C86: =+C85+C60 -> 0 | D86: =+D85+D60 -> 0 | E86: =+E85+E60 -> 0 | F86: =+F85+F60 -> 0 | G86: =+G85+G60 -> 0 | H86: =+H85+H60 -> 0 | I86: =+I85+I60 -> 0 | J86: =+J85+J60 -> 0 | ... N86: =+N85+N60 -> 3830190.3
A104: Programación y ejecucion mensual por tipo de gasto año 2024, Expresado en Quetzales tercer cuatrimestre 2024
A105: No. | B105: CATEGORIA DE GASTO | C105: SEPTIEMBRE | E105: OCTUBRE | G105: NOVIEMBRE | I105: DICIEMBRE | K105: TOTAL CUATRIMESTRE | M105: Total Acumulado Anual
C106: PROG. | D106: EJECUTADO | E106: PROG. | F106: EJECUTADO | G106: PROG. | H106: EJECUTADO | I106: PROG. | J106: EJECUTADO | K106: PROG. | L106: EJECUTADO | M106: PROG. | N106: EJECUTADO
A107: 011 | B107: RECURSO HUMANO
B108: SUELOS Y SALARIOS | K108: =+C108+E108+G108+I108 -> 0 | L108: =+D108+F108+H108+J108 -> 0 | M108: =+K108+M57 -> 3985581.3 | N108: =+L108+N57 -> 3442190.4
B109: BONO 14 | K109: =+C109+E109+G109+I109 -> 0 | L109: =+D109+F109+H109+J109 -> 0 | M109: =+K109+M58 -> 0 | N109: =+L109+N58 -> 0
B110: CUOTA PATRONAL | K110: =+C110+E110+G110+I110 -> 0 | L110: =+D110+F110+H110+J110 -> 0 | M110: =+K110+M58 -> 0 | N110: =+L110+N59 -> 387999.9
B111: TOTAL RECURSO HUMANO | C111: =SUM(C108:C110) -> 0 | D111: =SUM(D108:D110) -> 0 | E111: =SUM(E108:E110) -> 0 | F111: =SUM(F108:F110) -> 0 | G111: =SUM(G108:G110) -> 0 | H111: =SUM(H108:H110) -> 0 | I111: =SUM(I108:I110) -> 0 | J111: =SUM(J108:J110) -> 0 | ... N111: =SUM(N108:N110) -> 3830190.3
B113: GASTOS DE FUNCIONAMIENTO
A114: 111 | B114: ENERGIA ELECTRICA | K114: =+C114+E114+G114+I114 -> 0 | L114: =+D114+F114+H114+J114 -> 0 | M114: =+K114+M62 -> 0 | N114: =+L114+N63 -> 0
A115: 113 | B115: SERVICIO DE INTERNET Y TELEFONIA | K115: =+C115+E115+G115+I115 -> 0 | L115: =+D115+F115+H115+J115 -> 0 | M115: =+K115+M63 -> 0 | N115: =+L115+N64 -> 0
A116: 122 | B116: IMPRESIÓN, ENCUADERNACION Y REPRODUCCION | K116: =+C116+E116+G116+I116 -> 0 | L116: =+D116+F116+H116+J116 -> 0 | M116: =+K116+M64 -> 0 | N116: =+L116+N65 -> 0
A117: 163 | B117: MANT. Y REP. EQUIPO MEDICO SANITARIO Y DE LAB. | K117: =+C117+E117+G117+I117 -> 0 | L117: =+D117+F117+H117+J117 -> 0 | M117: =+K117+M65 -> 0 | N117: =+L117+N66 -> 0
A118: 169 | B118: MANT. Y REP. DE OTRAS MAQUINARAIS Y EQUIPOS | K118: =+C118+E118+G118+I118 -> 0 | L118: =+D118+F118+H118+J118 -> 0 | M118: =+K118+M66 -> 100000 | N118: =+L118+N67 -> 0
A119: 171 | B119: MANT. Y REPARACION DE EDIFICIOS | K119: =+C119+E119+G119+I119 -> 0 | L119: =+D119+F119+H119+J119 -> 0 | M119: =+K119+M67 -> 20000 | N119: =+L119+N68 -> 0
A120: 174 | B120: MANT. Y REP. DE INSTALACIONES | K120: =+C120+E120+G120+I120 -> 0 | L120: =+D120+F120+H120+J120 -> 0 | M120: =+K120+M68 -> 50000 | N120: =+L120+N69 -> 0
A121: 197 | B121: SERVICIOS DE VIGILANCIA | K121: =+C121+E121+G121+I121 -> 0 | L121: =+D121+F121+H121+J121 -> 0 | M121: =+K121+#REF! -> #REF! | N121: =+L121+N70 -> 0
A122: 199 | B122: OTROS SERVICIOS NO PERSONALES | K122: =+C122+E122+G122+I122 -> 0 | L122: =+D122+F122+H122+J122 -> 0 | M122: =+K122+M70 -> 0 | N122: =+L122+N71 -> 0
A123: 243 | B123: PRODUCTOS DE PAPEL O CARTON
A124: 261 | B124: ELEMENTOS Y COMPUESTOS QUIMICOS | K124: =+C124+E124+G124+I124 -> 0 | L124: =+D124+F124+H124+J124 -> 0 | M124: =+K124+M71 -> 0 | N124: =+L124+N73 -> 0
A125: 262 | B125: COMBUSTIBLES Y LUBRICANTES | K125: =+C125+E125+G125+I125 -> 0 | L125: =+D125+F125+H125+J125 -> 0 | M125: =+K125+M73 -> 0 | N125: =+L125+N74 -> 0
A126: 266 | B126: PRODUCTOS MEDICINALES Y FARMACEUTICOS | K126: =+C126+E126+G126+I126 -> 0 | L126: =+D126+F126+H126+J126 -> 0 | M126: =+K126+M74 -> 17000 | N126: =+L126+N75 -> 0
A127: 267 | B127: TINTES, PINTURAS Y COLORANTES | K127: =+C127+E127+G127+I127 -> 0 | L127: =+D127+F127+H127+J127 -> 0 | M127: =+K127+M75 -> 0 | N127: =+L127+N76 -> 0
A128: 268 | B128: PRODUCTOS PLASTICOS, NYLON, VINIL Y PVC | K128: =+C128+E128+G128+I128 -> 0 | L128: =+D128+F128+H128+J128 -> 0 | M128: =+K128+M76 -> 180000 | N128: =+L128+N77 -> 0
A129: 269 | B129: OTROS PRODUCTOS QUIMICOS Y CONEXOS | K129: =+C129+E129+G129+I129 -> 0 | L129: =+D129+F129+H129+J129 -> 0 | M129: =+K129+M77 -> 0 | N129: =+L129+N78 -> 0
A130: 292 | B130: UTILES DE LIMPIEZA Y PRODUCTOS SANITARIOS | K130: =+C130+E130+G130+I130 -> 0 | L130: =+D130+F130+H130+J130 -> 0 | M130: =+K130+M78 -> 10000 | N130: =+L130+N79 -> 0
A131: 295 | B131: UTILES MENORES MEDICO QUIRURGICOS Y DE LAB. | K131: =+C131+E131+G131+I131 -> 0 | L131: =+D131+F131+H131+J131 -> 0 | M131: =+K131+M79 -> 0 | N131: =+L131+N80 -> 0
A132: 297 | B132: UTILES, ACCESORIOS Y MATERIALES ELECTRICOS | K132: =+C132+E132+G132+I132 -> 0 | L132: =+D132+F132+H132+J132 -> 0 | M132: =+K132+M80 -> 0 | N132: =+L132+N81 -> 0
A133: 298 | B133: ACCESORIOS Y REPUESTOS EN GENERAL | K133: =+C133+E133+G133+I133 -> 0 | L133: =+D133+F133+H133+J133 -> 0 | M133: =+K133+M81 -> 35000 | N133: =+L133+N82 -> 0
A134: 299 | B134: OTROS MATERIALES Y SUMINISTROS | K134: =+C134+E134+G134+I134 -> 0 | L134: =+D134+F134+H134+J134 -> 0 | M134: =+K134+M82 -> 400000 | N134: =+L134+N83 -> 0
...

Sheet FEBRERO DECE-5
B8: ÀREA FINANCIERA | K8: DECE-5
A10: UNIDAD DE CIRUGIA CARDIOVASCULAR DE GUATEMALA
A11: 5a. AVENIDA 6-22 ZONA 11
A12: dgunicar@yahoo.es Tel. 24163000
A14: Programación y ejecucion mensual por tipo de gasto año 2025, Expresado en Quetzales primer cuatrimestre 2025
A15: No. | B15: CATEGORIA DEL GASTO DE FUNCIONAMIENTO | C15: Enero | E15: Febrero | G15: Marzo | I15: Abril | K15: Total Cuatrimestre
C16: PROG. | D16: EJECUTADO | E16: PROG. | F16: EJECUTADO | G16: PROG. | H16: EJECUTADO | I16: PROG. | J16: EJECUTADO | K16: PROG. | L16: EJECUTADO
B17: RECURSO HUMANO
A18: 011 | B18: SUELOS Y SALARIOS | C18: 3985581.3 | D18: 3442190.4 | E18: 3985581.3 | F18: 3499181.9 | K18: =+C18+E18+G18+I18 -> 7971162.5 | L18: =+D18+F18+H18+J18 -> 6941372.3
B19: BONO 14 | C19: 0 | D19: 0 | E19: 0 | F19: 0 | K19: =+C19+E19+G19+I19 -> 0 | L19: =+D19+F19+H19+J19 -> 0
B20: CUOTA PATRONAL | C20: 0 | D20: 387999.9 | E20: 0 | F20: 394552.58 | K20: =+C20+E20+G20+I20 -> 0 | L20: =+D20+F20+H20+J20 -> 782552.48
B21: TOTAL RECURSO HUMANO | C21: =SUM(C18:C20) -> 3985581.3 | D21: =SUM(D18:D20) -> 3830190.3 | E21: =SUM(E18:E20) -> 3985581.3 | F21: =SUM(F18:F20) -> 3893734.5 | G21: =SUM(G18:G20) -> 0 | H21: =SUM(H18:H20) -> 0 | I21: =SUM(I18:I20) -> 0 | J21: =SUM(J18:J20) -> 0 | ... L21: =SUM(L18:L20) -> 7723924.8
B23: GASTOS DE OPERACIÓN
A24: 111 | B24: ENERGIA ELECTRICA | C24: 0 | D24: 0 | E24: 106000 | F24: 96455.75 | K24: =+C24+E24+G24+I24 -> 106000 | L24: =+D24+F24+H24+J24 -> 96455.75
A25: 113 | B25: SERVICIO DE INTERNET Y TELEFONIA | C25: 0 | D25: 0 | E25: 11825 | F25: 8643.16 | K25: =+C25+E25+G25+I25 -> 11825 | L25: =+D25+F25+H25+J25 -> 8643.16
A26: 122 | B26: IMPRESIÓN, ENCUADERNACION Y REPRODUCCION | C26: 0 | D26: 0 | E26: 64244.05 | K26: =+C26+E26+G26+I26 -> 64244.05 | L26: =+D26+F26+H26+J26 -> 0
A27: 163 | B27: MANT. Y REP. EQUIPO MEDICO SANITARIO Y DE LAB. | C27: 100000 | D27: 0 | E27: 0 | K27: =+C27+E27+G27+I27 -> 100000 | L27: =+D27+F27+H27+J27 -> 0
A28: 169 | B28: MANT. Y REP. DE OTRAS MAQUINARAIS Y EQUIPOS | C28: 20000 | D28: 0 | E28: 0 | K28: =+C28+E28+G28+I28 -> 20000 | L28: =+D28+F28+H28+J28 -> 0
A29: 171 | B29: MANT. Y REPARACION DE EDIFICIOS | C29: 50000 | D29: 0 | E29: 0 | K29: =+C29+E29+G29+I29 -> 50000 | L29: =+D29+F29+H29+J29 -> 0
A30: 174 | B30: MANT. Y REP. DE INSTALACIONES | C30: 53344.25 | D30: 0 | E30: 3344.25 | F30: 6520 | K30: =+C30+E30+G30+I30 -> 56688.5 | L30: =+D30+F30+H30+J30 -> 6520
A31: 197 | B31: SERVICIOS DE VIGILANCIA | C31: 0 | D31: 0 | E31: 52000 | K31: =+C31+E31+G31+I31 -> 52000 | L31: =+D31+F31+H31+J31 -> 0
A32: 199 | B32: OTROS SERVICIOS NO PERSONALES | C32: 0 | D32: 0 | E32: 127225.9 | K32: =+C32+E32+G32+I32 -> 127225.9 | L32: =+D32+F32+H32+J32 -> 0
A33: 243 | B33: PRODUCTOS DE PAPEL O CARTON | C33: 0 | D33: 0 | E33: 77602.26 | K33: =+C33+E33+G33+I33 -> 77602.26 | L33: =+D33+F33+H33+J33 -> 0
A34: 261 | B34: ELEMENTOS Y COMPUESTOS QUIMICOS | C34: 0 | D34: 0 | E34: 812953.74 | K34: =+C34+E34+G34+I34 -> 812953.74 | L34: =+D34+F34+H34+J34 -> 0
A35: 262 | B35: COMBUSTIBLES Y LUBRICANTES | C35: 17000 | D35: 0 | E35: 0 | F35: 13195 | K35: =+C35+E35+G35+I35 -> 17000 | L35: =+D35+F35+H35+J35 -> 13195
A36: 266 | B36: PRODUCTOS MEDICINALES Y FARMACEUTICOS | C36: 0 | D36: 0 | E36: 278984.82 | K36: =+C36+E36+G36+I36 -> 278984.82 | L36: =+D36+F36+H36+J36 -> 0
A37: 267 | B37: TINTES, PINTURAS Y COLORANTES | C37: 180000 | D37: 0 | E37: 0 | K37: =+C37+E37+G37+I37 -> 180000 | L37: =+D37+F37+H37+J37 -> 0
A38: 268 | B38: PRODUCTOS PLASTICOS, NYLON, VINIL Y PVC | C38: 0 | D38: 0 | E38: 80808 | K38: =+C38+E38+G38+I38 -> 80808 | L38: =+D38+F38+H38+J38 -> 0
A39: 269 | B39: OTROS PRODUCTOS QUIMICOS Y CONEXOS | C39: 10000 | D39: 0 | E39: 0 | K39: =+C39+E39+G39+I39 -> 10000 | L39: =+D39+F39+H39+J39 -> 0
A40: 292 | B40: UTILES DE LIMPIEZA Y PRODUCTOS SANITARIOS | C40: 0 | D40: 0 | E40: 84929.9 | K40: =+C40+E40+G40+I40 -> 84929.9 | L40: =+D40+F40+H40+J40 -> 0
A41: 295 | B41: UTILES MENORES MEDICO QUIRURGICOS Y DE LAB. | C41: 0 | D41: 0 | E41: 1891457.3 | K41: =+C41+E41+G41+I41 -> 1891457.3 | L41: =+D41+F41+H41+J41 -> 0
A42: 297 | B42: UTILES, ACCESORIOS Y MATERIALES ELECTRICOS | C42: 35000 | D42: 0 | E42: 6790.38 | K42: =+C42+E42+G42+I42 -> 41790.38 | L42: =+D42+F42+H42+J42 -> 0
A43: 298 | B43: ACCESORIOS Y REPUESTOS EN GENERAL | C43: 400000 | D43: 0 | E43: 0 | F43: 7275.01 | K43: =+C43+E43+G43+I43 -> 400000 | L43: =+D43+F43+H43+J43 -> 7275.01
A44: 299 | B44: OTROS MATERIALES Y SUMINISTROS | C44: 300000 | D44: 0 | E44: 0 | F44: 4798 | K44: =+C44+E44+G44+I44 -> 300000 | L44: =+D44+F44+H44+J44 -> 4798
A45: 323 | B45: EQUIPO MEDICO-SANITARIO Y DE LABORATORIO | C45: 0 | D45: 0 | E45: 0 | K45: =+C45+E45+G45+I45 -> 0 | L45: =+D45+F45+H45+J45 -> 0
B46: TOTAL GASTOS DE OPERACIÓN | C46: =SUM(C24:C45) -> 1165344.2 | D46: =SUM(D24:D45) -> 0 | E46: =SUM(E24:E45) -> 3598165.6 | F46: =SUM(F24:F45) -> 136886.92 | G46: =SUM(G24:G45) -> 0 | H46: =SUM(H24:H45) -> 0 | I46: =SUM(I24:I45) -> 0 | J46: =SUM(J24:J45) -> 0 | ... L46: =SUM(L24:L45) -> 136886.92
B47: TOTAL GENERAL | C47: =+C46+C21 -> 5150925.5 | D47: =+D46+D21 -> 3830190.3 | E47: =+E46+E21 -> 7583746.8 | F47: =+F46+F21 -> 4030621.4 | G47: =+G46+G21 -> 0 | H47: =+H46+H21 -> 0 | I47: =+I46+I21 -> 0 | J47: =+J46+J21 -> 0 | ... L47: =+L46+L21 -> 7860811.7
A53: Programación y ejecucion mensual por tipo de gasto año 2024, Expresado en Quetzales segundo cuatrimestre 2024
A54: No. | B54: =+B15 -> CATEGORIA DEL GASTO DE FUNCIONAMIENTO | C54: Mayo | E54: Junio | G54: Julio | I54: Agosto | K54: Total Cuatrimestre | M54: Total Acumulado
C55: PROG. | D55: EJECUTADO | E55: PROG. | F55: EJECUTADO | G55: PROG. | H55: EJECUTADO | I55: PROG. | J55: EJECUTADO | K55: PROG. | L55: EJECUTADO | M55: PROG. | N55: EJECUTADO
A56: 011 | B56: RECURSO HUMANO
B57: SUELOS Y SALARIOS | K57: =+C57+E57+G57+I57 -> 0 | L57: =+D57+F57+H57+J57 -> 0 | M57: =+K57+K18 -> 7971162.5 | N57: =+L57+L18 -> 6941372.3
B58: BONO 14 | K58: =+C58+E58+G58+I58 -> 0 | L58: =+D58+F58+H58+J58 -> 0 | M58: =+K58+K19 -> 0 | N58: =+L58+L19 -> 0
B59: CUOTA PATRONAL | K59: =+C59+E59+G59+I59 -> 0 | L59: =+D59+F59+H59+J59 -> 0 | M59: =+K59+K20 -> 0 | N59: =+L59+L20 -> 782552.48
B60: TOTAL RECURSO HUMANO | C60: =SUM(C57:C59) -> 0 | D60: =SUM(D57:D59) -> 0 | E60: =SUM(E57:E59) -> 0 | F60: =SUM(F57:F59) -> 0 | G60: =SUM(G57:G59) -> 0 | H60: =SUM(H57:H59) -> 0 | I60: =SUM(I57:I59) -> 0 | J60: =SUM(J57:J59) -> 0 | ... N60: =SUM(N57:N59) -> 7723924.8
B62: GASTOS DE OPERACIÓN
A63: 111 | B63: ENERGIA ELECTRICA | K63: =+C63+E63+G63+I63 -> 0 | L63: =+D63+F63+H63+J63 -> 0 | M63: =+K63+K24 -> 106000 | N63: =+L63+L24 -> 96455.75
A64: 113 | B64: SERVICIO DE INTERNET Y TELEFONIA | K64: =+C64+E64+G64+I64 -> 0 | L64: =+D64+F64+H64+J64 -> 0 | M64: =+K64+K25 -> 11825 | N64: =+L64+L25 -> 8643.16
A65: 122 | B65: IMPRESIÓN, ENCUADERNACION Y REPRODUCCION | K65: =+C65+E65+G65+I65 -> 0 | L65: =+D65+F65+H65+J65 -> 0 | M65: =+K65+K26 -> 64244.05 | N65: =+L65+L26 -> 0
A66: 163 | B66: MANT. Y REP. EQUIPO MEDICO SANITARIO Y DE LAB. | K66: =+C66+E66+G66+I66 -> 0 | L66: =+D66+F66+H66+J66 -> 0 | M66: =+K66+K27 -> 100000 | N66: =+L66+L27 -> 0
A67: 169 | B67: MANT. Y REP. DE OTRAS MAQUINARAIS Y EQUIPOS | K67: =+C67+E67+G67+I67 -> 0 | L67: =+D67+F67+H67+J67 -> 0 | M67: =+K67+K28 -> 20000 | N67: =+L67+L28 -> 0
A68: 171 | B68: MANT. Y REPARACION DE EDIFICIOS | K68: =+C68+E68+G68+I68 -> 0 | L68: =+D68+F68+H68+J68 -> 0 | M68: =+K68+K29 -> 50000 | N68: =+L68+L29 -> 0
A69: 174 | B69: MANT. Y REP. DE INSTALACIONES | K69: =+C69+E69+G69+I69 -> 0 | L69: =+D69+F69+H69+J69 -> 0 | M69: =+K69+K30 -> 56688.5 | N69: =+L69+L30 -> 6520
A70: 197 | B70: SERVICIOS DE VIGILANCIA | K70: =+C70+E70+G70+I70 -> 0 | L70: =+D70+F70+H70+J70 -> 0 | M70: =+K70+K31 -> 52000 | N70: =+L70+L31 -> 0
A71: 199 | B71: OTROS SERVICIOS NO PERSONALES | K71: =+C71+E71+G71+I71 -> 0 | L71: =+D71+F71+H71+J71 -> 0 | M71: =+K71+K32 -> 127225.9 | N71: =+L71+L32 -> 0
A72: 243 | B72: PRODUCTOS DE PAPEL O CARTON | K72: =+C72+E72+G72+I72 -> 0 | L72: =+D72+F72+H72+J72 -> 0 | M72: =+K72+K33 -> 77602.26 | N72: =+L72+L33 -> 0
A73: 261 | B73: ELEMENTOS Y COMPUESTOS QUIMICOS | K73: =+C73+E73+G73+I73 -> 0 | L73: =+D73+F73+H73+J73 -> 0 | M73: =+K73+K34 -> 812953.74 | N73: =+L73+L34 -> 0
A74: 262 | B74: COMBUSTIBLES Y LUBRICANTES | K74: =+C74+E74+G74+I74 -> 0 | L74: =+D74+F74+H74+J74 -> 0 | M74: =+K74+K35 -> 17000 | N74: =+L74+L35 -> 13195
... A84: 323 | B84: EQUIPO MEDICO-SANITARIO Y DE LABORATORIO | K84: =+C84+E84+G84+I84 -> 0 | L84: =+D84+F84+H84+J84 -> 0 | M84: =+K84+K45 -> 0 | N84: =+L84+L45 -> 0
B85: TOTAL GASTOS DE OPERACIÓN | C85: =SUM(C63:C84) -> 0 | D85: =SUM(D63:D84) -> 0 | E85: =SUM(E63:E84) -> 0 | F85: =SUM(F63:F84) -> 0 | G85: =SUM(G63:G84) -> 0 | H85: =SUM(H63:H84) -> 0 | I85: =SUM(I63:I84) -> 0 | J85: =SUM(J63:J84) -> 0 | ... N85: =SUM(N63:N84) -> 136886.92
B86: TOTAL GENERAL | C86: =+C85+C60 -> 0 | D86: =+D85+D60 -> 0 | E86: =+E85+E60 -> 0 | F86: =+F85+F60 -> 0 | G86: =+G85+G60 -> 0 | H86: =+H85+H60 -> 0 | I86: =+I85+I60 -> 0 | J86: =+J85+J60 -> 0 | ... N86: =+N85+N60 -> 7860811.7
A104: Programación y ejecucion mensual por tipo de gasto año 2024, Expresado en Quetzales tercer cuatrimestre 2024
A105: No. | B105: CATEGORIA DE GASTO | C105: SEPTIEMBRE | E105: OCTUBRE | G105: NOVIEMBRE | I105: DICIEMBRE | K105: TOTAL CUATRIMESTRE | M105: Total Acumulado Anual
C106: PROG. | D106: EJECUTADO | E106: PROG. | F106: EJECUTADO | G106: PROG. | H106: EJECUTADO | I106: PROG. | J106: EJECUTADO | K106: PROG. | L106: EJECUTADO | M106: PROG. | N106: EJECUTADO
A107: 011 | B107: RECURSO HUMANO
B108: SUELOS Y SALARIOS | K108: =+C108+E108+G108+I108 -> 0 | L108: =+D108+F108+H108+J108 -> 0 | M108: =+K108+M57 -> 7971162.5 | N108: =+L108+N57 -> 6941372.3
B109: BONO 14 | K109: =+C109+E109+G109+I109 -> 0 | L109: =+D109+F109+H109+J109 -> 0 | M109: =+K109+M58 -> 0 | N109: =+L109+N58 -> 0
B110: CUOTA PATRONAL | K110: =+C110+E110+G110+I110 -> 0 | L110: =+D110+F110+H110+J110 -> 0 | M110: =+K110+M58 -> 0 | N110: =+L110+N59 -> 782552.48
B111: TOTAL RECURSO HUMANO | C111: =SUM(C108:C110) -> 0 | D111: =SUM(D108:D110) -> 0 | E111: =SUM(E108:E110) -> 0 | F111: =SUM(F108:F110) -> 0 | G111: =SUM(G108:G110) -> 0 | H111: =SUM(H108:H110) -> 0 | I111: =SUM(I108:I110) -> 0 | J111: =SUM(J108:J110) -> 0 | ... N111: =SUM(N108:N110) -> 7723924.8
B113: GASTOS DE FUNCIONAMIENTO
A114: 111 | B114: ENERGIA ELECTRICA | K114: =+C114+E114+G114+I114 -> 0 | L114: =+D114+F114+H114+J114 -> 0 | M114: =+K114+M62 -> 0 | N114: =+L114+N63 -> 96455.75
A115: 113 | B115: SERVICIO DE INTERNET Y TELEFONIA | K115: =+C115+E115+G115+I115 -> 0 | L115: =+D115+F115+H115+J115 -> 0 | M115: =+K115+M63 -> 106000 | N115: =+L115+N64 -> 8643.16
A116: 122 | B116: IMPRESIÓN, ENCUADERNACION Y REPRODUCCION | K116: =+C116+E116+G116+I116 -> 0 | L116: =+D116+F116+H116+J116 -> 0 | M116: =+K116+M64 -> 11825 | N116: =+L116+N65 -> 0
A117: 163 | B117: MANT. Y REP. EQUIPO MEDICO SANITARIO Y DE LAB. | K117: =+C117+E117+G117+I117 -> 0 | L117: =+D117+F117+H117+J117 -> 0 | M117: =+K117+M65 -> 64244.05 | N117: =+L117+N66 -> 0
A118: 169 | B118: MANT. Y REP. DE OTRAS MAQUINARAIS Y EQUIPOS | K118: =+C118+E118+G118+I118 -> 0 | L118: =+D118+F118+H118+J118 -> 0 | M118: =+K118+M66 -> 100000 | N118: =+L118+N67 -> 0
A119: 171 | B119: MANT. Y REPARACION DE EDIFICIOS | K119: =+C119+E119+G119+I119 -> 0 | L119: =+D119+F119+H119+J119 -> 0 | M119: =+K119+M67 -> 20000 | N119: =+L119+N68 -> 0
A120: 174 | B120: MANT. Y REP. DE INSTALACIONES | K120: =+C120+E120+G120+I120 -> 0 | L120: =+D120+F120+H120+J120 -> 0 | M120: =+K120+M68 -> 50000 | N120: =+L120+N69 -> 6520
A121: 197 | B121: SERVICIOS DE VIGILANCIA | K121: =+C121+E121+G121+I121 -> 0 | L121: =+D121+F121+H121+J121 -> 0 | M121: =+K121+M69 -> 56688.5 | N121: =+L121+N70 -> 0
A122: 199 | B122: OTROS SERVICIOS NO PERSONALES | K122: =+C122+E122+G122+I122 -> 0 | L122: =+D122+F122+H122+J122 -> 0 | M122: =+K122+M70 -> 52000 | N122: =+L122+N71 -> 0
A123: 243 | B123: PRODUCTOS DE PAPEL O CARTON | K123: =+C123+E123+G123+I123 -> 0 | L123: =+D123+F123+H123+J123 -> 0 | M123: =+K123+M71 -> 127225.9 | N123: =+L123+N72 -> 0
A124: 261 | B124: ELEMENTOS Y COMPUESTOS QUIMICOS | K124: =+C124+E124+G124+I124 -> 0 | L124: =+D124+F124+H124+J124 -> 0 | M124: =+K124+M72 -> 77602.26 | N124: =+L124+N73 -> 0
A125: 262 | B125: COMBUSTIBLES Y LUBRICANTES | K125: =+C125+E125+G125+I125 -> 0 | L125: =+D125+F125+H125+J125 -> 0 | M125: =+K125+M73 -> 812953.74 | N125: =+L125+N74 -> 13195
... A135: 323 | B135: EQUIPO MEDICO-SANITARIO Y DE LABORATORIO | K135: =+C135+E135+G135+I135 -> 0 | L135: =+D135+F135+H135+J135 -> 0 | M135: =+K135+M83 -> 300000 | N135: =+L135+N84 -> 0
B136: TOTAL GASTOS DE FUNCIONAMIENTO | C136: =SUM(C114:C135) -> 0 | D136: =SUM(D114:D135) -> 0 | E136: =SUM(E114:E135) -> 0 | F136: =SUM(F114:F135) -> 0 | G136: =SUM(G114:G135) -> 0 | H136: =SUM(H114:H135) -> 0 | I136: =SUM(I114:I135) -> 0 | J136: =SUM(J114:J135) -> 0 | ... N136: =SUM(N114:N135) -> 136886.92
B137: TOTAL GENERAL | C137: =+C136+C111 -> 0 | D137: =+D136+D111 -> 0 | E137: =+E136+E111 -> 0 | F137: =+F136+F111 -> 0 | G137: =+G136+G111 -> 0 | H137: =+H136+H111 -> 0 | I137: =+I136+I111 -> 0 | J137: =+J136+J111 -> 0 | ... N137: =+N136+N111 -> 7860811.7
B161: RESUMEN AÑO 2025
A162: No. | B162: CATEGORIA DE GASTO | C162: TOTAL ANUAL
C163: PRESUPUESTO | D163: REAL
A164: 011 | B164: RECURSO HUMANO | C164: =+K21+K60+K111 -> 7971162.5 | D164: =+L21+L60+L111 -> 7723924.8
B166: GASTOS DE OPERACIÓN
A167: 111 | B167: ENERGIA ELECTRICA | C167: =+K24+K63+K114 -> 106000 | D167: =+L24+L63+L114 -> 96455.75
A168: 113 | B168: TELEFONIA | C168: =+K25+K64+K115 -> 11825 | D168: =+L25+L64+L115 -> 8643.16
A169: 122 | B169: IMPRESIÓN, ENCUADERNACION Y REPRODUCCION | C169: =+K26+K65+K116 -> 64244.05 | D169: =+L26+L65+L116 -> 0
A170: 163 | B170: MANT. Y REP. EQUIPO MEDICO SANITARIO Y DE LAB. | C170: =+K27+K66+K117 -> 100000 | D170: =+L27+L66+L117 -> 0
A171: 169 | B171: MANT. Y REP. DE OTRAS MAQ. Y EQUIPO | C171: =+K28+K67+K118 -> 20000 | D171: =+L28+L67+L118 -> 0
A172: 171 | B172: MANT. Y REPARACION DE EDIFICIOS | C172: =+K29+K68+K119 -> 50000 | D172: =+L29+L68+L119 -> 0
A173: 174 | B173: MANT. Y REP. DE INSTALACIONES | C173: =+K30+K69+K120 -> 56688.5 | D173: =+L30+L69+L120 -> 6520
A174: 197 | B174: SERVICIOS DE VIGILANCIA | C174: =+K31+K70+K121 -> 52000 | D174: =+L31+L70+L121 -> 0
A175: 199 | B175: OTROS SERVICIOS NO PERSONALES | C175: =+K32+K71+K122 -> 127225.9 | D175: =+L32+L71+L122 -> 0
A176: 243 | B176: PRODUCTOS DE PAPEL O CARTON | C176: =+K33+K72+K123 -> 77602.26 | D176: =+L33+L72+L123 -> 0
...

Sheet MARZO DECE-5
B8: ÀREA FINANCIERA | K8: DECE-5
A10: UNIDAD DE CIRUGIA CARDIOVASCULAR DE GUATEMALA
A11: 5a. AVENIDA 6-22 ZONA 11
A12: dgunicar@yahoo.es Tel. 24163000
A14: Programación y ejecucion del mes de marzo por tipo de gasto, año 2025, (Expresado en Quetzales)
A15: No. | B15: CATEGORIA DEL GASTO DE FUNCIONAMIENTO | C15: Enero | E15: Febrero | G15: Marzo | I15: Abril
C16: PROG. | D16: EJECUTADO | E16: PROG. | F16: EJECUTADO | G16: PROG. | H16: EJECUTADO | I16: PROG. | J16: EJECUTADO
B17: RECURSO HUMANO
A18: 011 | B18: SUELOS Y SALARIOS | C18: 3985581.3 | D18: 3442190.4 | E18: 3985581.3 | F18: 3499181.9 | G18: 3985581.3 | H18: 3551627.3
B19: BONO 14 | C19: 0 | D19: 0 | E19: 0 | F19: 0 | H19: 400276.26
B20: CUOTA PATRONAL | C20: 0 | D20: 387999.9 | E20: 0 | F20: 394552.58
B21: TOTAL RECURSO HUMANO | C21: =SUM(C18:C20) -> 3985581.3 | D21: =SUM(D18:D20) -> 3830190.3 | E21: =SUM(E18:E20) -> 3985581.3 | F21: =SUM(F18:F20) -> 3893734.5 | G21: =SUM(G18:G20) -> 3985581.3 | H21: =SUM(H18:H20) -> 3951903.5 | I21: =SUM(I18:I20) -> 0 | J21: =SUM(J18:J20) -> 0
B23: GASTOS DE OPERACIÓN
A24: 111 | B24: ENERGIA ELECTRICA | C24: 0 | D24: 0 | E24: 106000 | F24: 96455.75 | G24: 106000 | H24: 0
A25: 113 | B25: SERVICIO DE INTERNET Y TELEFONIA | C25: 0 | D25: 0 | E25: 11825 | F25: 8643.16 | G25: 11825 | H25: 8638.1
A26: 122 | B26: IMPRESIÓN, ENCUADERNACION Y REPRODUCCION | C26: 0 | D26: 0 | E26: 64244.05 | F26: 0 | G26: 0 | H26: 0
A27: 163 | B27: MANT. Y REP. EQUIPO MEDICO SANITARIO Y DE LAB. | C27: 100000 | D27: 0 | E27: 0 | F27: 0 | G27: 304339.74 | H27: 0
A28: 169 | B28: MANT. Y REP. DE OTRAS MAQUINARAIS Y EQUIPOS | C28: 20000 | D28: 0 | E28: 0 | F28: 0 | G28: 1680 | H28: 0
A29: 171 | B29: MANT. Y REPARACION DE EDIFICIOS | C29: 50000 | D29: 0 | E29: 0 | F29: 0 | G29: 7770 | H29: 0
A30: 174 | B30: MANT. Y REP. DE INSTALACIONES | C30: 53344.25 | D30: 0 | E30: 3344.25 | F30: 6520 | G30: 4761.75 | H30: 0
A31: 197 | B31: SERVICIOS DE VIGILANCIA | C31: 0 | D31: 0 | E31: 52000 | F31: 0 | G31: 52000 | H31: 52000
A32: 199 | B32: OTROS SERVICIOS NO PERSONALES | C32: 0 | D32: 0 | E32: 127225.9 | F32: 0 | G32: 51415.9 | H32: 43988.88
A33: 243 | B33: PRODUCTOS DE PAPEL O CARTON | C33: 0 | D33: 0 | E33: 77602.26 | F33: 0 | G33: 0 | H33: 112506.6
A34: 261 | B34: ELEMENTOS Y COMPUESTOS QUIMICOS | C34: 0 | D34: 0 | E34: 812953.74 | F34: 0 | G34: 0 | H34: 105279.68
A35: 262 | B35: COMBUSTIBLES Y LUBRICANTES | C35: 17000 | D35: 0 | E35: 0 | F35: 13195 | G35: 0 | H35: 0
... A45: 323 | B45: EQUIPO MEDICO-SANITARIO Y DE LABORATORIO | C45: 0 | D45: 0 | E45: 0 | F45: 0 | G45: 0 | H45: 0
B46: TOTAL GASTOS DE OPERACIÓN | C46: =SUM(C24:C45) -> 1165344.2 | D46: =SUM(D24:D45) -> 0 | E46: =SUM(E24:E45) -> 3598165.6 | F46: =SUM(F24:F45) -> 136886.92 | G46: =SUM(G24:G45) -> 539792.39 | H46: =SUM(H24:H45) -> 1879182.5 | I46: =SUM(I24:I45) -> 0 | J46: =SUM(J24:J45) -> 0
B47: TOTAL GENERAL | C47: =+C46+C21 -> 5150925.5 | D47: =+D46+D21 -> 3830190.3 | E47: =+E46+E21 -> 7583746.8 | F47: =+F46+F21 -> 4030621.4 | G47: =+G46+G21 -> 4525373.7 | H47: =+H46+H21 -> 5831086.1 | I47: =+I46+I21 -> 0 | J47: =+J46+J21 -> 0
A53: Programación y ejecucion del mes de mayo por tipo de gasto, año 2025, (Expresado en Quetzales)
A54: No. | B54: =+B15 -> CATEGORIA DEL GASTO DE FUNCIONAMIENTO | C54: Mayo | E54: Junio | G54: Julio | I54: Agosto
C55: PROG. | D55: EJECUTADO | E55: PROG. | F55: EJECUTADO | G55: PROG. | H55: EJECUTADO | I55: PROG. | J55: EJECUTADO
A56: 011 | B56: RECURSO HUMANO
B57: SUELOS Y SALARIOS
B58: BONO 14
B59: CUOTA PATRONAL
B60: TOTAL RECURSO HUMANO | C60: =SUM(C57:C59) -> 0 | D60: =SUM(D57:D59) -> 0 | E60: =SUM(E57:E59) -> 0 | F60: =SUM(F57:F59) -> 0 | G60: =SUM(G57:G59) -> 0 | H60: =SUM(H57:H59) -> 0 | I60: =SUM(I57:I59) -> 0 | J60: =SUM(J57:J59) -> 0
B62: GASTOS DE OPERACIÓN
A63: 111 | B63: ENERGIA ELECTRICA
A64: 113 | B64: SERVICIO DE INTERNET Y TELEFONIA
A65: 122 | B65: IMPRESIÓN, ENCUADERNACION Y REPRODUCCION
A66: 163 | B66: MANT. Y REP. EQUIPO MEDICO SANITARIO Y DE LAB.
A67: 169 | B67: MANT. Y REP. DE OTRAS MAQUINARAIS Y EQUIPOS
A68: 171 | B68: MANT. Y REPARACION DE EDIFICIOS
A69: 174 | B69: MANT. Y REP. DE INSTALACIONES
A70: 197 | B70: SERVICIOS DE VIGILANCIA
A71: 199 | B71: OTROS SERVICIOS NO PERSONALES
A72: 243 | B72: PRODUCTOS DE PAPEL O CARTON
A73: 261 | B73: ELEMENTOS Y COMPUESTOS QUIMICOS
A74: 262 | B74: COMBUSTIBLES Y LUBRICANTES
... A84: 323 | B84: EQUIPO MEDICO-SANITARIO Y DE LABORATORIO
B85: TOTAL GASTOS DE OPERACIÓN | C85: =SUM(C63:C84) -> 0 | D85: =SUM(D63:D84) -> 0 | E85: =SUM(E63:E84) -> 0 | F85: =SUM(F63:F84) -> 0 | G85: =SUM(G63:G84) -> 0 | H85: =SUM(H63:H84) -> 0 | I85: =SUM(I63:I84) -> 0 | J85: =SUM(J63:J84) -> 0
B86: TOTAL GENERAL | C86: =+C85+C60 -> 0 | D86: =+D85+D60 -> 0 | E86: =+E85+E60 -> 0 | F86: =+F85+F60 -> 0 | G86: =+G85+G60 -> 0 | H86: =+H85+H60 -> 0 | I86: =+I85+I60 -> 0 | J86: =+J85+J60 -> 0
A104: Programación y ejecucion del mes de septiembre por tipo de gasto, año 2025, (Expresado en Quetzales)
A105: No. | B105: CATEGORIA DE GASTO | C105: SEPTIEMBRE | E105: OCTUBRE | G105: NOVIEMBRE | I105: DICIEMBRE | K105: Total acumulado anual
C106: PROG. | D106: EJECUTADO | E106: PROG. | F106: EJECUTADO | G106: PROG. | H106: EJECUTADO | I106: PROG. | J106: EJECUTADO | K106: PROG. | L106: EJECUTADO
A107: 011 | B107: RECURSO HUMANO
B108: SUELOS Y SALARIOS | K108: =+I108+G108+E108+C108+I57+G57+E57+C57+I18+G18+E18+C18 -> 11956744 | L108: =+J108+H108+F108+D108+J57+H57+F57+D57+J18+H18+F18+D18 -> 10493000
B109: BONO 14 | K109: =+I109+G109+E109+C109+I58+G58+E58+C58+I19+G19+E19+C19 -> 0 | L109: =+J109+H109+F109+D109+J58+H58+F58+D58+J19+H19+F19+D19 -> 400276.26
B110: CUOTA PATRONAL | K110: =+I110+G110+E110+C110+I59+G59+E59+C59+I20+G20+E20+C20 -> 0 | L110: =+J110+H110+F110+D110+J59+H59+F59+D59+J20+H20+F20+D20 -> 782552.48
B111: TOTAL RECURSO HUMANO | C111: =SUM(C108:C110) -> 0 | D111: =SUM(D108:D110) -> 0 | E111: =SUM(E108:E110) -> 0 | F111: =SUM(F108:F110) -> 0 | G111: =SUM(G108:G110) -> 0 | H111: =SUM(H108:H110) -> 0 | I111: =SUM(I108:I110) -> 0 | J111: =SUM(J108:J110) -> 0 | ... L111: =SUM(L108:L110) -> 11675828
B113: GASTOS DE FUNCIONAMIENTO
A114: 111 | B114: ENERGIA ELECTRICA | K114: =+I114+G114+E114+C114+I63+G63+E63+C63+I24+G24+E24+C24 -> 212000 | L114: =+J114+H114+F114+D114+J63+H63+F63+D63+J24+H24+F24+D24 -> 96455.75
A115: 113 | B115: SERVICIO DE INTERNET Y TELEFONIA | K115: =+I115+G115+E115+C115+I64+G64+E64+C64+I25+G25+E25+C25 -> 23650 | L115: =+J115+H115+F115+D115+J64+H64+F64+D64+J25+H25+F25+D25 -> 17281.26
A116: 122 | B116: IMPRESIÓN, ENCUADERNACION Y REPRODUCCION | K116: =+I116+G116+E116+C116+I65+G65+E65+C65+I26+G26+E26+C26 -> 64244.05 | L116: =+J116+H116+F116+D116+J65+H65+F65+D65+J26+H26+F26+D26 -> 0
A117: 163 | B117: MANT. Y REP. EQUIPO MEDICO SANITARIO Y DE LAB. | K117: =+I117+G117+E117+C117+I66+G66+E66+C66+I27+G27+E27+C27 -> 404339.74 | L117: =+J117+H117+F117+D117+J66+H66+F66+D66+J27+H27+F27+D27 -> 0
A118: 169 | B118: MANT. Y REP. DE OTRAS MAQUINARIAS Y EQUIPOS | K118: =+I118+G118+E118+C118+I67+G67+E67+C67+I28+G28+E28+C28 -> 21680 | L118: =+J118+H118+F118+D118+J67+H67+F67+D67+J28+H28+F28+D28 -> 0
A119: 171 | B119: MANT. Y REPARACION DE EDIFICIOS | K119: =+I119+G119+E119+C119+I68+G68+E68+C68+I29+G29+E29+C29 -> 57770 | L119: =+J119+H119+F119+D119+J68+H68+F68+D68+J29+H29+F29+D29 -> 0
A120: 174 | B120: MANT. Y REP. DE INSTALACIONES | K120: =+I120+G120+E120+C120+I69+G69+E69+C69+I30+G30+E30+C30 -> 61450.25 | L120: =+J120+H120+F120+D120+J69+H69+F69+D69+J30+H30+F30+D30 -> 6520
A121: 197 | B121: SERVICIOS DE VIGILANCIA | K121: =+I121+G121+E121+C121+I70+G70+E70+C70+I31+G31+E31+C31 -> 104000 | L121: =+J121+H121+F121+D121+J70+H70+F70+D70+J31+H31+F31+D31 -> 52000
A122: 199 | B122: OTROS SERVICIOS NO PERSONALES | K122: =+I122+G122+E122+C122+I71+G71+E71+C71+I32+G32+E32+C32 -> 178641.8 | L122: =+J122+H122+F122+D122+J71+H71+F71+D71+J32+H32+F32+D32 -> 43988.88
A123: 243 | B123: PRODUCTOS DE PAPEL O CARTON | K123: =+I123+G123+E123+C123+I72+G72+E72+C72+I33+G33+E33+C33 -> 77602.26 | L123: =+J123+H123+F123+D123+J72+H72+F72+D72+J33+H33+F33+D33 -> 112506.6
A124: 261 | B124: ELEMENTOS Y COMPUESTOS QUIMICOS | K124: =+I124+G124+E124+C124+I73+G73+E73+C73+I34+G34+E34+C34 -> 812953.74 | L124: =+J124+H124+F124+D124+J73+H73+F73+D73+J34+H34+F34+D34 -> 105279.68
A125: 262 | B125: COMBUSTIBLES Y LUBRICANTES | K125: =+I125+G125+E125+C125+I74+G74+E74+C74+I35+G35+E35+C35 -> 17000 | L125: =+J125+H125+F125+D125+J74+H74+F74+D74+J35+H35+F35+D35 -> 13195
... A135: 323 | B135: EQUIPO MEDICO-SANITARIO Y DE LABORATORIO | K135: =+I135+G135+E135+C135+I84+G84+E84+C84+I45+G45+E45+C45 -> 0 | L135: =+J135+H135+F135+D135+J84+H84+F84+D84+J45+H45+F45+D45 -> 0
B136: TOTAL GASTOS DE FUNCIONAMIENTO | C136: =SUM(C114:C135) -> 0 | D136: =SUM(D114:D135) -> 0 | E136: =SUM(E114:E135) -> 0 | F136: =SUM(F114:F135) -> 0 | G136: =SUM(G114:G135) -> 0 | H136: =SUM(H114:H135) -> 0 | I136: =SUM(I114:I135) -> 0 | J136: =SUM(J114:J135) -> 0 | ... L136: =SUM(L114:L135) -> 2016069.5
B137: TOTAL GENERAL | C137: =+C136+C111 -> 0 | D137: =+D136+D111 -> 0 | E137: =+E136+E111 -> 0 | F137: =+F136+F111 -> 0 | G137: =+G136+G111 -> 0 | H137: =+H136+H111 -> 0 | I137: =+I136+I111 -> 0 | J137: =+J136+J111 -> 0 | ... L137: =+L136+L111 -> 13691898
B161: RESUMEN AÑO 2025
A162: No. | B162: CATEGORIA DE GASTO | C162: TOTAL ANUAL
C163: PRESUPUESTO | D163: REAL
A164: 011 | B164: RECURSO HUMANO | C164: =+K21+K60+K111 -> 11956744 | D164: =+L21+L60+L111 -> 11675828
B166: GASTOS DE OPERACIÓN
A167: 111 | B167: ENERGIA ELECTRICA | C167: =+K24+K63+K114 -> 212000 | D167: =+L24+L63+L114 -> 96455.75
A168: 113 | B168: TELEFONIA | C168: =+K25+K64+K115 -> 23650 | D168: =+L25+L64+L115 -> 17281.26
A169: 122 | B169: IMPRESIÓN, ENCUADERNACION Y REPRODUCCION | C169: =+K26+K65+K116 -> 64244.05 | D169: =+L26+L65+L116 -> 0
A170: 163 | B170: MANT. Y REP. EQUIPO MEDICO SANITARIO Y DE LAB. | C170: =+K27+K66+K117 -> 404339.74 | D170: =+L27+L66+L117 -> 0
A171: 169 | B171: MANT. Y REP. DE OTRAS MAQ. Y EQUIPO | C171: =+K28+K67+K118 -> 21680 | D171: =+L28+L67+L118 -> 0
A172: 171 | B172: MANT. Y REPARACION DE EDIFICIOS | C172: =+K29+K68+K119 -> 57770 | D172: =+L29+L68+L119 -> 0
A173: 174 | B173: MANT. Y REP. DE INSTALACIONES | C173: =+K30+K69+K120 -> 61450.25 | D173: =+L30+L69+L120 -> 6520
A174: 197 | B174: SERVICIOS DE VIGILANCIA | C174: =+K31+K70+K121 -> 104000 | D174: =+L31+L70+L121 -> 52000
A175: 199 | B175: OTROS SERVICIOS NO PERSONALES | C175: =+K32+K71+K122 -> 178641.8 | D175: =+L32+L71+L122 -> 43988.88
A176: 243 | B176: PRODUCTOS DE PAPEL O CARTON | C176: =+K33+K72+K123 -> 77602.26 | D176: =+L33+L72+L123 -> 112506.6
A177: 261 | B177: ELEMENTOS Y COMPUESTOS QUIMICOS | C177: =+K34+K73+K124 -> 812953.74 | D177: =+L34+L73+L124 -> 105279.68
A178: 262 | B178: COMBUSTIBLES Y LUBRICANTES | C178: =+K35+K74+K125 -> 17000 | D178: =+L35+L74+L125 -> 13195
... A188: 323 | B188: EQUIPO MEDICO SANITARIO Y DE LABORATORIO | C188: =+K45+K84+K135 -> 0 | D188: =+L45+L84+L135 -> 0
B189: TOTAL GASTOS DE FUNCIONAMIENTO | C189: =SUM(C167:C188) -> 5303302.2 | D189: =SUM(D167:D188) -> 2016069.5
B190: TOTAL GENERAL | C190: =+C189+C164 -> 17260046 | D190: =D189+D164 -> 13691898
B208: Elaborado por: | D208: ______________________________ | G208: Autorizado por: | I208: ___________________________________
D209: P.C. Víctor Cresencio Reyes Porres | I209: Lic. Douglas Antonio Díaz Rivera
D210: Jefe de Contabilidad | I210: Representante Legal
B212: Fecha: | D212: 10 de abril 2025

Sheet ABRIL DECE-5
B8: ÀREA FINANCIERA | K8: DECE-5
A10: UNIDAD DE CIRUGIA CARDIOVASCULAR DE GUATEMALA
A11: 5a. AVENIDA 6-22 ZONA 11
A12: dgunicar@yahoo.es Tel. 24163000
A14: Programación y ejecucion del mes de marzo por tipo de gasto, año 2025, (Expresado en Quetzales)
A15: No. | B15: CATEGORIA DEL GASTO DE FUNCIONAMIENTO | C15: Enero | E15: Febrero | G15: Marzo | I15: Abril
C16: PROG. | D16: EJECUTADO | E16: PROG. | F16: EJECUTADO | G16: PROG. | H16: EJECUTADO | I16: PROG. | J16: EJECUTADO
B17: RECURSO HUMANO
A18: 011 | B18: SUELOS Y SALARIOS | C18: 3985581.3 | D18: 3442190.4 | E18: 3985581.3 | F18: 3499181.9 | G18: 3985581.3 | H18: 3551627.3 | I18: 3985581.3 | J18: =3946986.7-399869.63 -> 3547117.1
B19: BONO 14 | C19: 0 | D19: 0 | E19: 0 | F19: 0 | I19: 0
B20: CUOTA PATRONAL | C20: 0 | D20: 387999.9 | E20: 0 | F20: 394552.58 | H20: 400276.26 | I20: 0 | J20: 399869.63
B21: TOTAL RECURSO HUMANO | C21: =SUM(C18:C20) -> 3985581.3 | D21: =SUM(D18:D20) -> 3830190.3 | E21: =SUM(E18:E20) -> 3985581.3 | F21: =SUM(F18:F20) -> 3893734.5 | G21: =SUM(G18:G20) -> 3985581.3 | H21: =SUM(H18:H20) -> 3951903.5 | I21: =SUM(I18:I20) -> 3985581.3 | J21: =SUM(J18:J20) -> 3946986.7
B23: GASTOS DE OPERACIÓN
A24: 111 | B24: ENERGIA ELECTRICA | C24: 0 | D24: 0 | E24: 106000 | F24: 96455.75 | G24: 106000 | H24: 0 | I24: 106000 | J24: 107590.34
A25: 113 | B25: SERVICIO DE INTERNET Y TELEFONIA | C25: 0 | D25: 0 | E25: 11825 | F25: 8643.16 | G25: 11825 | H25: 8638.1 | I25: 11825 | J25: 8966.74
A26: 122 | B26: IMPRESIÓN, ENCUADERNACION Y REPRODUCCION | C26: 0 | D26: 0 | E26: 64244.05 | F26: 0 | G26: 0 | H26: 0 | I26: 0 | J26: 4154.5
A27: 163 | B27: MANT. Y REP. EQUIPO MEDICO SANITARIO Y DE LAB. | C27: 100000 | D27: 0 | E27: 0 | F27: 0 | G27: 304339.74 | H27: 0 | I27: 0 | J27: 19341.5
A28: 169 | B28: MANT. Y REP. DE OTRAS MAQUINARIAS Y EQUIPOS | C28: 20000 | D28: 0 | E28: 0 | F28: 0 | G28: 1680 | H28: 0 | I28: 0 | J28: 1600
A29: 171 | B29: MANT. Y REPARACION DE EDIFICIOS | C29: 50000 | D29: 0 | E29: 0 | F29: 0 | G29: 7770 | H29: 0 | I29: 1260 | J29: 1300
A30: 174 | B30: MANT. Y REP. DE INSTALACIONES | C30: 53344.25 | D30: 0 | E30: 3344.25 | F30: 6520 | G30: 4761.75 | H30: 0 | I30: 4761.75 | J30: 3260
A31: 197 | B31: SERVICIOS DE VIGILANCIA | C31: 0 | D31: 0 | E31: 52000 | F31: 0 | G31: 52000 | H31: 52000 | I31: 52000 | J31: 52000
A32: 199 | B32: OTROS SERVICIOS NO PERSONALES | C32: 0 | D32: 0 | E32: 127225.9 | F32: 0 | G32: 51415.9 | H32: 43988.88 | I32: 51415.9 | J32: 86010.21
A33: 243 | B33: PRODUCTOS DE PAPEL O CARTON | C33: 0 | D33: 0 | E33: 77602.26 | F33: 0 | G33: 0 | H33: 112506.6 | I33: 0 | J33: 0
A34: 261 | B34: ELEMENTOS Y COMPUESTOS QUIMICOS | C34: 0 | D34: 0 | E34: 812953.74 | F34: 0 | G34: 0 | H34: 105279.68 | I34: 0 | J34: 71517.99
A35: 262 | B35: COMBUSTIBLES Y LUBRICANTES | C35: 17000 | D35: 0 | E35: 0 | F35: 13195 | G35: 0 | H35: 0 | I35: 0 | J35: 0
... A45: 323 | B45: EQUIPO MEDICO-SANITARIO Y DE LABORATORIO | C45: 0 | D45: 0 | E45: 0 | F45: 0 | G45: 0 | H45: 0 | I45: 0 | J45: 0
B46: TOTAL GASTOS DE OPERACIÓN | C46: =SUM(C24:C45) -> 1165344.2 | D46: =SUM(D24:D45) -> 0 | E46: =SUM(E24:E45) -> 3598165.6 | F46: =SUM(F24:F45) -> 136886.92 | G46: =SUM(G24:G45) -> 539792.39 | H46: =SUM(H24:H45) -> 1879182.5 | I46: =SUM(I24:I45) -> 227262.65 | J46: =SUM(J24:J45) -> 1267854.5
B47: TOTAL GENERAL | C47: =+C46+C21 -> 5150925.5 | D47: =+D46+D21 -> 3830190.3 | E47: =+E46+E21 -> 7583746.8 | F47: =+F46+F21 -> 4030621.4 | G47: =+G46+G21 -> 4525373.7 | H47: =+H46+H21 -> 5831086.1 | I47: =+I46+I21 -> 4212843.9 | J47: =+J46+J21 -> 5214841.2
A53: Programación y ejecucion del mes de mayo por tipo de gasto, año 2025, (Expresado en Quetzales)
A54: No. | B54: =+B15 -> CATEGORIA DEL GASTO DE FUNCIONAMIENTO | C54: Mayo | E54: Junio | G54: Julio | I54: Agosto
C55: PROG. | D55: EJECUTADO | E55: PROG. | F55: EJECUTADO | G55: PROG. | H55: EJECUTADO | I55: PROG. | J55: EJECUTADO
A56: 011 | B56: RECURSO HUMANO
B57: SUELOS Y SALARIOS
B58: BONO 14
B59: CUOTA PATRONAL
B60: TOTAL RECURSO HUMANO | C60: =SUM(C57:C59) -> 0 | D60: =SUM(D57:D59) -> 0 | E60: =SUM(E57:E59) -> 0 | F60: =SUM(F57:F59) -> 0 | G60: =SUM(G57:G59) -> 0 | H60: =SUM(H57:H59) -> 0 | I60: =SUM(I57:I59) -> 0 | J60: =SUM(J57:J59) -> 0
B62: GASTOS DE OPERACIÓN
A63: 111 | B63: ENERGIA ELECTRICA
A64: 113 | B64: SERVICIO DE INTERNET Y TELEFONIA
A65: 122 | B65: IMPRESIÓN, ENCUADERNACION Y REPRODUCCION
A66: 163 | B66: MANT. Y REP. EQUIPO MEDICO SANITARIO Y DE LAB.
A67: 169 | B67: MANT. Y REP. DE OTRAS MAQUINARAIS Y EQUIPOS
A68: 171 | B68: MANT. Y REPARACION DE EDIFICIOS
A69: 174 | B69: MANT. Y REP. DE INSTALACIONES
A70: 197 | B70: SERVICIOS DE VIGILANCIA
A71: 199 | B71: OTROS SERVICIOS NO PERSONALES
A72: 243 | B72: PRODUCTOS DE PAPEL O CARTON
A73: 261 | B73: ELEMENTOS Y COMPUESTOS QUIMICOS
A74: 262 | B74: COMBUSTIBLES Y LUBRICANTES
... A84: 323 | B84: EQUIPO MEDICO-SANITARIO Y DE LABORATORIO
B85: TOTAL GASTOS DE OPERACIÓN | C85: =SUM(C63:C84) -> 0 | D85: =SUM(D63:D84) -> 0 | E85: =SUM(E63:E84) -> 0 | F85: =SUM(F63:F84) -> 0 | G85: =SUM(G63:G84) -> 0 | H85: =SUM(H63:H84) -> 0 | I85: =SUM(I63:I84) -> 0 | J85: =SUM(J63:J84) -> 0
B86: TOTAL GENERAL | C86: =+C85+C60 -> 0 | D86: =+D85+D60 -> 0 | E86: =+E85+E60 -> 0 | F86: =+F85+F60 -> 0 | G86: =+G85+G60 -> 0 | H86: =+H85+H60 -> 0 | I86: =+I85+I60 -> 0 | J86: =+J85+J60 -> 0
A104: Programación y ejecucion del mes de septiembre por tipo de gasto, año 2025, (Expresado en Quetzales)
A105: No. | B105: CATEGORIA DE GASTO | C105: SEPTIEMBRE | E105: OCTUBRE | G105: NOVIEMBRE | I105: DICIEMBRE | K105: Total acumulado anual
C106: PROG. | D106: EJECUTADO | E106: PROG. | F106: EJECUTADO | G106: PROG. | H106: EJECUTADO | I106: PROG. | J106: EJECUTADO | K106: PROG. | L106: EJECUTADO
A107: 011 | B107: RECURSO HUMANO
B108: SUELOS Y SALARIOS | K108: =+I108+G108+E108+C108+I57+G57+E57+C57+I18+G18+E18+C18 -> 15942325 | L108: =+J108+H108+F108+D108+J57+H57+F57+D57+J18+H18+F18+D18 -> 14040117
B109: BONO 14 | K109: =+I109+G109+E109+C109+I58+G58+E58+C58+I19+G19+E19+C19 -> 0 | L109: =+J109+H109+F109+D109+J58+H58+F58+D58+J19+H19+F19+D19 -> 0
B110: CUOTA PATRONAL | K110: =+I110+G110+E110+C110+I59+G59+E59+C59+I20+G20+E20+C20 -> 0 | L110: =+J110+H110+F110+D110+J59+H59+F59+D59+J20+H20+F20+D20 -> 1582698.4
B111: TOTAL RECURSO HUMANO | C111: =SUM(C108:C110) -> 0 | D111: =SUM(D108:D110) -> 0 | E111: =SUM(E108:E110) -> 0 | F111: =SUM(F108:F110) -> 0 | G111: =SUM(G108:G110) -> 0 | H111: =SUM(H108:H110) -> 0 | I111: =SUM(I108:I110) -> 0 | J111: =SUM(J108:J110) -> 0 | ... L111: =SUM(L108:L110) -> 15622815
B113: GASTOS DE FUNCIONAMIENTO
A114: 111 | B114: ENERGIA ELECTRICA | K114: =+I114+G114+E114+C114+I63+G63+E63+C63+I24+G24+E24+C24 -> 318000 | L114: =+J114+H114+F114+D114+J63+H63+F63+D63+J24+H24+F24+D24 -> 204046.09
A115: 113 | B115: SERVICIO DE INTERNET Y TELEFONIA | K115: =+I115+G115+E115+C115+I64+G64+E64+C64+I25+G25+E25+C25 -> 35475 | L115: =+J115+H115+F115+D115+J64+H64+F64+D64+J25+H25+F25+D25 -> 26248
A116: 122 | B116: IMPRESIÓN, ENCUADERNACION Y REPRODUCCION | K116: =+I116+G116+E116+C116+I65+G65+E65+C65+I26+G26+E26+C26 -> 64244.05 | L116: =+J116+H116+F116+D116+J65+H65+F65+D65+J26+H26+F26+D26 -> 4154.5
A117: 163 | B117: MANT. Y REP. EQUIPO MEDICO SANITARIO Y DE LAB. | K117: =+I117+G117+E117+C117+I66+G66+E66+C66+I27+G27+E27+C27 -> 404339.74 | L117: =+J117+H117+F117+D117+J66+H66+F66+D66+J27+H27+F27+D27 -> 19341.5
A118: 169 | B118: MANT. Y REP. DE OTRAS MAQUINARIAS Y EQUIPOS | K118: =+I118+G118+E118+C118+I67+G67+E67+C67+I28+G28+E28+C28 -> 21680 | L118: =+J118+H118+F118+D118+J67+H67+F67+D67+J28+H28+F28+D28 -> 1600
A119: 171 | B119: MANT. Y REPARACION DE EDIFICIOS | K119: =+I119+G119+E119+C119+I68+G68+E68+C68+I29+G29+E29+C29 -> 59030 | L119: =+J119+H119+F119+D119+J68+H68+F68+D68+J29+H29+F29+D29 -> 1300
A120: 174 | B120: MANT. Y REP. DE INSTALACIONES | K120: =+I120+G120+E120+C120+I69+G69+E69+C69+I30+G30+E30+C30 -> 66212 | L120: =+J120+H120+F120+D120+J69+H69+F69+D69+J30+H30+F30+D30 -> 9780
A121: 197 | B121: SERVICIOS DE VIGILANCIA | K121: =+I121+G121+E121+C121+I70+G70+E70+C70+I31+G31+E31+C31 -> 156000 | L121: =+J121+H121+F121+D121+J70+H70+F70+D70+J31+H31+F31+D31 -> 104000
A122: 199 | B122: OTROS SERVICIOS NO PERSONALES | K122: =+I122+G122+E122+C122+I71+G71+E71+C71+I32+G32+E32+C32 -> 230057.7 | L122: =+J122+H122+F122+D122+J71+H71+F71+D71+J32+H32+F32+D32 -> 129999.09
A123: 243 | B123: PRODUCTOS DE PAPEL O CARTON | K123: =+I123+G123+E123+C123+I72+G72+E72+C72+I33+G33+E33+C33 -> 77602.26 | L123: =+J123+H123+F123+D123+J72+H72+F72+D72+J33+H33+F33+D33 -> 112506.6
A124: 261 | B124: ELEMENTOS Y COMPUESTOS QUIMICOS | K124: =+I124+G124+E124+C124+I73+G73+E73+C73+I34+G34+E34+C34 -> 812953.74 | L124: =+J124+H124+F124+D124+J73+H73+F73+D73+J34+H34+F34+D34 -> 176797.67
A125: 262 | B125: COMBUSTIBLES Y LUBRICANTES | K125: =+I125+G125+E125+C125+I74+G74+E74+C74+I35+G35+E35+C35 -> 17000 | L125: =+J125+H125+F125+D125+J74+H74+F74+D74+J35+H35+F35+D35 -> 13195
... A135: 323 | B135: EQUIPO MEDICO-SANITARIO Y DE LABORATORIO | K135: =+I135+G135+E135+C135+I84+G84+E84+C84+I45+G45+E45+C45 -> 0 | L135: =+J135+H135+F135+D135+J84+H84+F84+D84+J45+H45+F45+D45 -> 0
B136: TOTAL GASTOS DE FUNCIONAMIENTO | C136: =SUM(C114:C135) -> 0 | D136: =SUM(D114:D135) -> 0 | E136: =SUM(E114:E135) -> 0 | F136: =SUM(F114:F135) -> 0 | G136: =SUM(G114:G135) -> 0 | H136: =SUM(H114:H135) -> 0 | I136: =SUM(I114:I135) -> 0 | J136: =SUM(J114:J135) -> 0 | ... L136: =SUM(L114:L135) -> 3283924
B137: TOTAL GENERAL | C137: =+C136+C111 -> 0 | D137: =+D136+D111 -> 0 | E137: =+E136+E111 -> 0 | F137: =+F136+F111 -> 0 | G137: =+G136+G111 -> 0 | H137: =+H136+H111 -> 0 | I137: =+I136+I111 -> 0 | J137: =+J136+J111 -> 0 | ... L137: =+L136+L111 -> 18906739
B161: RESUMEN AÑO 2025
A162: No. | B162: CATEGORIA DE GASTO | C162: TOTAL ANUAL
C163: PRESUPUESTO | D163: REAL
A164: 011 | B164: RECURSO HUMANO | C164: =+K21+K60+K111 -> 15942325 | D164: =+L21+L60+L111 -> 15622815
B166: GASTOS DE OPERACIÓN
A167: 111 | B167: ENERGIA ELECTRICA | C167: =+K24+K63+K114 -> 318000 | D167: =+L24+L63+L114 -> 204046.09
A168: 113 | B168: TELEFONIA | C168: =+K25+K64+K115 -> 35475 | D168: =+L25+L64+L115 -> 26248
A169: 122 | B169: IMPRESIÓN, ENCUADERNACION Y REPRODUCCION | C169: =+K26+K65+K116 -> 64244.05 | D169: =+L26+L65+L116 -> 4154.5
A170: 163 | B170: MANT. Y REP. EQUIPO MEDICO SANITARIO Y DE LAB. | C170: =+K27+K66+K117 -> 404339.74 | D170: =+L27+L66+L117 -> 19341.5
A171: 169 | B171: MANT. Y REP. DE OTRAS MAQ. Y EQUIPO | C171: =+K28+K67+K118 -> 21680 | D171: =+L28+L67+L118 -> 1600
A172: 171 | B172: MANT. Y REPARACION DE EDIFICIOS | C172: =+K29+K68+K119 -> 59030 | D172: =+L29+L68+L119 -> 1300
A173: 174 | B173: MANT. Y REP. DE INSTALACIONES | C173: =+K30+K69+K120 -> 66212 | D173: =+L30+L69+L120 -> 9780
A174: 197 | B174: SERVICIOS DE VIGILANCIA | C174: =+K31+K70+K121 -> 156000 | D174: =+L31+L70+L121 -> 104000
A175: 199 | B175: OTROS SERVICIOS NO PERSONALES | C175: =+K32+K71+K122 -> 230057.7 | D175: =+L32+L71+L122 -> 129999.09
A176: 243 | B176: PRODUCTOS DE PAPEL O CARTON | C176: =+K33+K72+K123 -> 77602.26 | D176: =+L33+L72+L123 -> 112506.6
A177: 261 | B177: ELEMENTOS Y COMPUESTOS QUIMICOS | C177: =+K34+K73+K124 -> 812953.74 | D177: =+L34+L73+L124 -> 176797.67
A178: 262 | B178: COMBUSTIBLES Y LUBRICANTES | C178: =+K35+K74+K125 -> 17000 | D178: =+L35+L74+L125 -> 13195
... A188: 323 | B188: EQUIPO MEDICO SANITARIO Y DE LABORATORIO | C188: =+K45+K84+K135 -> 0 | D188: =+L45+L84+L135 -> 0
B189: TOTAL GASTOS DE FUNCIONAMIENTO | C189: =SUM(C167:C188) -> 5530564.9 | D189: =SUM(D167:D188) -> 3283924
B190: TOTAL GENERAL | C190: =+C189+C164 -> 21472890 | D190: =D189+D164 -> 18906739
B209: Elaborado por: | D209: ______________________________ | G209: Autorizado por: | I209: ___________________________________
D210: P.C. Víctor Cresencio Reyes Porres | I210: Lic. Douglas Antonio Díaz Rivera
D211: Jefe de Contabilidad | I211: Representante Legal
B213: Fecha: | D213: 9 de mayo 2025

Sheet ENERO ANEXO A DECE-5
B8: ÀREA FINANCIERA | I8: ANEXO DE DECE-5
A10: UNIDAD DE CIRUGIA CARDIOVASCULAR DE GUATEMALA
A11: 5a. AVENIDA 6-22 ZONA 11
A12: dgunicar@yahoo.es Tel. 24163000
A14: Programación mensual por tipo de gasto año 2018, Expresado en Quetzales primer cuatrimestre 2018
A15: No. | B15: CATEGORIA DE GASTO | C15: ENERO | E15: FEBRERO | G15: MARZO | I15: ABRIL
C16: PRESUPUESTO | D16: REAL | E16: PRESUPUESTO | F16: REAL | G16: PRESUPUESTO | H16: REAL | I16: PRESUPUESTO | J16: REAL
B17: RECURSO HUMANO | C17: 1764858.4 | D17: 1492317.4 | E17: 1764858.4 | F17: 1792563.6 | G17: 1764858.4 | H17: 1578007.9 | I17: 1764858.4 | J17: 1803793.6
B19: GASTOS DE FUNCIONAMIENTO | C19: =+C27+C43 -> 2818474.9 | D19: =+D27+D43 -> 0 | E19: =+E27+E43 -> 2818474.9 | F19: =+F27+F43 -> 67111.02 | G19: =+G27+G43 -> 2818474.9 | H19: =+H27+H43 -> 58543.64 | I19: =+I27+I43 -> 2818474.9 | J19: =+J27+J43 -> 3743927.3
B20: ENERGIA ELECTRICA | C20: 62500 | E20: 62500 | F20: 56112.02 | G20: 62500 | I20: 62500 | J20: 68083.01
B21: TELEFONIA | C21: 7500 | E21: 7500 | F21: 10999 | G21: 7500 | H21: 11011 | I21: 7500 | J21: 10992
B22: IMPRESIÓN, ENCUADERNACION Y REPRODUCCION | C22: 8133.97 | E22: 8133.97 | G22: 8133.97 | I22: 8133.97 | J22: 4358
B23: MANT. Y REP. EQUIPO MEDICO SANITARIO Y DE LAB. | C23: 33333.33 | E23: 33333.33 | G23: 33333.33 | I23: 33333.33 | J23: 45020
B24: SERVICIOS MEDICO-SANITARIOS | C24: 165141.75 | E24: 165141.75 | G24: 165141.75 | H24: 1000 | I24: 165141.75 | J24: 26842.86
B25: SERVICIOS DE VIGILANCIA | C25: 40000 | E25: 40000 | G25: 40000 | I25: 40000 | J25: 76240
B26: OTROS SERVICIOS NO PERSONALES | C26: 26305.03 | E26: 26305.03 | G26: 26305.03 | H26: 46532.64 | I26: 26305.03 | J26: 55063.68
B27: SUMA GASTOS GENERALES | C27: =SUM(C20:C26) -> 342914.08 | D27: =SUM(D20:D26) -> 0 | E27: =SUM(E20:E26) -> 342914.08 | F27: =SUM(F20:F26) -> 67111.02 | G27: =SUM(G20:G26) -> 342914.08 | H27: =SUM(H20:H26) -> 58543.64 | I27: =SUM(I20:I26) -> 342914.08 | J27: =SUM(J20:J26) -> 286599.55
B28: MATERIALES Y SUMINISTROS
B29: ALIMENTOS PARA PERSONAS | C29: 60936.45 | E29: 60936.45 | G29: 60936.45 | I29: 60936.45 | J29: 202940.25
B30: ACABADOS TEXTILES | C30: 600 | E30: 600 | G30: 600 | I30: 600
B31: PRODUCTOS DE PAPEL O CARTON | C31: 945.42 | E31: 945.42 | G31: 945.42 | I31: 945.42
B32: ELEMENTOS Y COMPUESTOS QUIMICOS | C32: 169652.57 | E32: 169652.57 | G32: 169652.57 | I32: 169652.57 | J32: 178282.05
B33: COMBUSTIBLES Y LUBRICANTES | C33: 912 | E33: 912 | G33: 912 | I33: 912
B34: PRODUCTOS MEDICINALES Y FARMACEUTICOS | C34: 427229.65 | E34: 427229.65 | G34: 427229.65 | I34: 427229.65 | J34: 1425199.8
B35: TINTES, PINTURAS Y COLORANTES | C35: 100 | E35: 100 | G35: 100 | I35: 100
B36: PRODUCTOS PLASTICOS, NYLON, VINIL Y PVC | C36: 13579.7 | E36: 13579.7 | G36: 13579.7 | I36: 13579.7 | J36: 75162.24
B37: OTROS PRODUCTOS METALICOS | C37: 310 | E37: 310 | G37: 310 | I37: 310
B38: UTILES DE LIMPIEZA Y PRODUCTOS SANITARIOS | C38: 10809.43 | E38: 10809.43 | G38: 10809.43 | I38: 10809.43 | J38: 14528.6
B39: UTILES MENORES MEDICO QUIRURGICOS Y DE LAB. | C39: 1780006.3 | E39: 1780006.3 | G39: 1780006.3 | I39: 1780006.3 | J39: 1545914.8
B40: UTILES, ACCESORIOS Y MATERIALES ELECTRICOS | C40: 2208.7 | E40: 2208.7 | G40: 2208.7 | I40: 2208.7 | J40: 15300
B41: ACCESORIOS Y REPUESTOS EN GENERAL | C41: 8105.1 | E41: 8105.1 | G41: 8105.1 | I41: 8105.1
B42: OTROS MATERIALES Y SUMINISTROS | C42: 165.5 | E42: 165.5 | G42: 165.5 | I42: 165.5
B43: TOTAL MATERIALES Y SUMINISTROS | C43: =SUM(C29:C42) -> 2475560.8 | D43: =SUM(D29:D42) -> 0 | E43: =SUM(E29:E42) -> 2475560.8 | F43: =SUM(F29:F42) -> 0 | G43: =SUM(G29:G42) -> 2475560.8 | H43: =SUM(H29:H42) -> 0 | I43: =SUM(I29:I42) -> 2475560.8 | J43: =SUM(J29:J42) -> 3457327.8
A46: Programación mensual por tipo de gasto año 2016, Expresado en Quetzales
A47: No. | B47: Categoría de Gasto | C47: Julio | E47: Agosto | G47: Septiembre
B48: Recurso Humano | C48: Pto. | D48: Real | E48: Pto. | F48: Real | G48: Pto. | H48: Real
B51: Gastos de Funcionamiento
B52: detallar cada gasto cargado
A60: TOTALES
A73: Programación mensual por tipo de gasto año 2018, Expresado en Quetzales segundo cuatrimestre 2018
A74: No. | B74: CATEGORIA DE GASTO | C74: MAYO | E74: JUNIO | G74: JULIO | I74: AGOSTO
C75: PRESUPUESTO | D75: REAL | E75: PRESUPUESTO | F75: REAL | G75: PRESUPUESTO | H75: REAL | I75: PRESUPUESTO | J75: REAL
B76: RECURSO HUMANO | C76: 1764858.4 | D76: 2281196.2 | E76: 1764858.4 | F76: 1896496.9
B78: GASTOS DE FUNCIONAMIENTO | C78: =+C86+C102 -> 2818474.9 | D78: =+D86+D102 -> 3820610.3 | E78: =+E86+E102 -> 2818474.9 | F78: =+F86+F102 -> 2361172.2 | G78: =+G86+G102 -> 0 | H78: =+H86+H102 -> 0 | I78: =+I86+I102 -> 0 | J78: =+J86+J102 -> 0
B79: ENERGIA ELECTRICA | C79: 62500 | D79: 138609.61 | E79: 62500
B80: TELEFONIA | C80: 7500 | D80: 9818.25 | E80: 7500 | F80: 9560.36
B81: IMPRESIÓN, ENCUADERNACION Y REPRODUCCION | C81: 8133.97 | E81: 8133.97 | F81: 39787
B82: MANT. Y REP. EQUIPO MEDICO SANITARIO Y DE LAB. | C82: 33333.33 | D82: 19161.8 | E82: 33333.33
B83: SERVICIOS MEDICO-SANITARIOS | C83: 165141.75 | D83: 4057.14 | E83: 165141.75 | F83: 184282.78
B84: SERVICIOS DE VIGILANCIA | C84: 40000 | D84: 38120 | E84: 40000 | F84: 38120
B85: OTROS SERVICIOS NO PERSONALES | C85: 26305.03 | D85: 48548.64 | E85: 26305.03 | F85: 44604
B86: SUMA GASTOS GENERALES | C86: =SUM(C79:C85) -> 342914.08 | D86: =SUM(D79:D85) -> 258315.44 | E86: =SUM(E79:E85) -> 342914.08 | F86: =SUM(F79:F85) -> 316354.14 | G86: =SUM(G79:G85) -> 0 | H86: =SUM(H79:H85) -> 0 | I86: =SUM(I79:I85) -> 0 | J86: =SUM(J79:J85) -> 0
B87: MATERIALES Y SUMINISTROS
B88: ALIMENTOS PARA PERSONAS | C88: 60936.45 | D88: 1023 | E88: 60936.45 | F88: 58023.7
B89: ACABADOS TEXTILES | C89: 600 | E89: 600
B90: PRODUCTOS DE PAPEL O CARTON | C90: 945.42 | E90: 945.42
B91: ELEMENTOS Y COMPUESTOS QUIMICOS | C91: 169652.57 | D91: 181188.84 | E91: 169652.57 | F91: 66957.58
B92: COMBUSTIBLES Y LUBRICANTES | C92: 912 | E92: 912
B93: PRODUCTOS MEDICINALES Y FARMACEUTICOS | C93: 427229.65 | D93: 535053.33 | E93: 427229.65 | F93: 261536.69
B94: TINTES, PINTURAS Y COLORANTES | C94: 100 | E94: 100
B95: PRODUCTOS PLASTICOS, NYLON, VINIL Y PVC | C95: 13579.7 | D95: 6224.76 | E95: 13579.7 | F95: 6630
B96: OTROS PRODUCTOS METALICOS | C96: 310 | D96: 3610 | E96: 310
B97: UTILES DE LIMPIEZA Y PRODUCTOS SANITARIOS | C97: 10809.43 | D97: 39404.76 | E97: 10809.43 | F97: 23463
B98: UTILES MENORES MEDICO QUIRURGICOS Y DE LAB. | C98: 1780006.3 | D98: 2752150.2 | E98: 1780006.3 | F98: 1617110.1
B99: UTILES, ACCESORIOS Y MATERIALES ELECTRICOS | C99: 2208.7 | E99: 2208.7 | F99: 11097
B100: ACCESORIOS Y REPUESTOS EN GENERAL | C100: 8105.1 | D100: 43640 | E100: 8105.1
B101: OTROS MATERIALES Y SUMINISTROS | C101: 165.5 | E101: 165.5
B102: TOTAL MATERIALES Y SUMINISTROS | C102: =SUM(C88:C101) -> 2475560.8 | D102: =SUM(D88:D101) -> 3562294.9 | E102: =SUM(E88:E101) -> 2475560.8 | F102: =SUM(F88:F101) -> 2044818 | G102: =SUM(G88:G101) -> 0 | H102: =SUM(H88:H101) -> 0 | I102: =SUM(I88:I101) -> 0 | J102: =SUM(J88:J101) -> 0
A123: Programación mensual por tipo de gasto año 2017, Expresado en Quetzales tercer cuatrimestre 2018
A124: No. | B124: CATEGORIA DE GASTO | C124: SEPTIEMBRE | E124: OCTUBRE | G124: NOVIEMBRE | I124: DICIEMBRE
C125: PRESUPUESTO | D125: REAL | E125: PRESUPUESTO | F125: REAL | G125: PRESUPUESTO | H125: REAL | I125: PRESUPUESTO | J125: REAL
B126: RECURSO HUMANO
B128: GASTOS DE FUNCIONAMIENTO | C128: =+C136+C152 -> 0 | D128: =+D136+D152 -> 0 | E128: =+E136+E152 -> 0 | F128: =+F136+F152 -> 0 | G128: =+G136+G152 -> 0 | H128: =+H136+H152 -> 0 | I128: =+I136+I152 -> 0 | J128: =+J136+J152 -> 0
B129: ENERGIA ELECTRICA
B130: TELEFONIA
B131: IMPRESIÓN, ENCUADERNACION Y REPRODUCCION
B132: MANT. Y REP. EQUIPO MEDICO SANITARIO Y DE LAB.
B133: SERVICIOS MEDICO-SANITARIOS
B134: SERVICIOS DE VIGILANCIA
B135: OTROS SERVICIOS NO PERSONALES
B136: SUMA GASTOS GENERALES | C136: =SUM(C129:C135) -> 0 | D136: =SUM(D129:D135) -> 0 | E136: =SUM(E129:E135) -> 0 | F136: =SUM(F129:F135) -> 0 | G136: =SUM(G129:G135) -> 0 | H136: =SUM(H129:H135) -> 0 | I136: =SUM(I129:I135) -> 0 | J136: =SUM(J129:J135) -> 0
B137: MATERIALES Y SUMINISTROS
B138: ALIMENTOS PARA PERSONAS
B139: AVABADOS TEXTILES
B140: PRODUCTOS DE PAPEL O CARTON
B141: ELEMENTOS Y COMPUESTOS QUIMICOS
B142: COMBUSTIBLES Y LUBRICANTES
B143: PRODUCTOS MEDICINALES Y FARMACEUTICOS
B144: TINTES, PINTURAS Y COLORANTES
B145: PRODUCTOS PLASTICOS, NYLON, VINIL Y PVC
B146: OTROS PRODUCTOS METALICOS
B147: UTILES DE LIMPIEZA Y PRODUCTOS SANITARIOS
B148: UTILES MENORES MEDICO QUIRURGICOS Y DE LAB.
... B151: OTROS MATERIALES Y SUMINISTROS
B152: TOTAL MATERIALES Y SUMINISTROS | C152: =SUM(C138:C151) -> 0 | D152: =SUM(D138:D151) -> 0 | E152: =SUM(E138:E151) -> 0 | F152: =SUM(F138:F151) -> 0 | G152: =SUM(G138:G151) -> 0 | H152: =SUM(H138:H151) -> 0 | I152: =SUM(I138:I151) -> 0 | J152: =SUM(J138:J151) -> 0
C177: PROGRAMACION POR TIPO DE GASTO AÑO 2025
C178: RESUMEN AL 31 DE ENERO 2025
C179: No. | D179: CATEGORIA DEL GASTO DE FUNCIONAMIENTO | E179: TOTAL ANUAL
E180: PRESUPUESTO | F180: COMPROMETIDO
C181: 011 | D181: RECURSO HUMANO | E181: =+'ENERO DECE-5'!C164 -> 3985581.3 | F181: =+'ENERO DECE-5'!D164 -> 3830190.3
...

Sheet FEBRERO ANEXO A DECE-5
B8: ÀREA FINANCIERA | I8: ANEXO DE DECE-5
A10: UNIDAD DE CIRUGIA CARDIOVASCULAR DE GUATEMALA
A11: 5a. AVENIDA 6-22 ZONA 11
A12: dgunicar@yahoo.es Tel. 24163000
A14: Programación mensual por tipo de gasto año 2018, Expresado en Quetzales primer cuatrimestre 2018
A15: No. | B15: CATEGORIA DE GASTO | C15: ENERO | E15: FEBRERO | G15: MARZO | I15: ABRIL
C16: PRESUPUESTO | D16: REAL | E16: PRESUPUESTO | F16: REAL | G16: PRESUPUESTO | H16: REAL | I16: PRESUPUESTO | J16: REAL
B17: RECURSO HUMANO | C17: 1764858.4 | D17: 1492317.4 | E17: 1764858.4 | F17: 1792563.6 | G17: 1764858.4 | H17: 1578007.9 | I17: 1764858.4 | J17: 1803793.6
B19: GASTOS DE FUNCIONAMIENTO | C19: =+C27+C43 -> 2818474.9 | D19: =+D27+D43 -> 0 | E19: =+E27+E43 -> 2818474.9 | F19: =+F27+F43 -> 67111.02 | G19: =+G27+G43 -> 2818474.9 | H19: =+H27+H43 -> 58543.64 | I19: =+I27+I43 -> 2818474.9 | J19: =+J27+J43 -> 3743927.3
B20: ENERGIA ELECTRICA | C20: 62500 | E20: 62500 | F20: 56112.02 | G20: 62500 | I20: 62500 | J20: 68083.01
B21: TELEFONIA | C21: 7500 | E21: 7500 | F21: 10999 | G21: 7500 | H21: 11011 | I21: 7500 | J21: 10992
B22: IMPRESIÓN, ENCUADERNACION Y REPRODUCCION | C22: 8133.97 | E22: 8133.97 | G22: 8133.97 | I22: 8133.97 | J22: 4358
B23: MANT. Y REP. EQUIPO MEDICO SANITARIO Y DE LAB. | C23: 33333.33 | E23: 33333.33 | G23: 33333.33 | I23: 33333.33 | J23: 45020
B24: SERVICIOS MEDICO-SANITARIOS | C24: 165141.75 | E24: 165141.75 | G24: 165141.75 | H24: 1000 | I24: 165141.75 | J24: 26842.86
B25: SERVICIOS DE VIGILANCIA | C25: 40000 | E25: 40000 | G25: 40000 | I25: 40000 | J25: 76240
B26: OTROS SERVICIOS NO PERSONALES | C26: 26305.03 | E26: 26305.03 | G26: 26305.03 | H26: 46532.64 | I26: 26305.03 | J26: 55063.68
B27: SUMA GASTOS GENERALES | C27: =SUM(C20:C26) -> 342914.08 | D27: =SUM(D20:D26) -> 0 | E27: =SUM(E20:E26) -> 342914.08 | F27: =SUM(F20:F26) -> 67111.02 | G27: =SUM(G20:G26) -> 342914.08 | H27: =SUM(H20:H26) -> 58543.64 | I27: =SUM(I20:I26) -> 342914.08 | J27: =SUM(J20:J26) -> 286599.55
B28: MATERIALES Y SUMINISTROS
B29: ALIMENTOS PARA PERSONAS | C29: 60936.45 | E29: 60936.45 | G29: 60936.45 | I29: 60936.45 | J29: 202940.25
B30: ACABADOS TEXTILES | C30: 600 | E30: 600 | G30: 600 | I30: 600
B31: PRODUCTOS DE PAPEL O CARTON | C31: 945.42 | E31: 945.42 | G31: 945.42 | I31: 945.42
B32: ELEMENTOS Y COMPUESTOS QUIMICOS | C32: 169652.57 | E32: 169652.57 | G32: 169652.57 | I32: 169652.57 | J32: 178282.05
B33: COMBUSTIBLES Y LUBRICANTES | C33: 912 | E33: 912 | G33: 912 | I33: 912
B34: PRODUCTOS MEDICINALES Y FARMACEUTICOS | C34: 427229.65 | E34: 427229.65 | G34: 427229.65 | I34: 427229.65 | J34: 1425199.8
B35: TINTES, PINTURAS Y COLORANTES | C35: 100 | E35: 100 | G35: 100 | I35: 100
B36: PRODUCTOS PLASTICOS, NYLON, VINIL Y PVC | C36: 13579.7 | E36: 13579.7 | G36: 13579.7 | I36: 13579.7 | J36: 75162.24
B37: OTROS PRODUCTOS METALICOS | C37: 310 | E37: 310 | G37: 310 | I37: 310
B38: UTILES DE LIMPIEZA Y PRODUCTOS SANITARIOS | C38: 10809.43 | E38: 10809.43 | G38: 10809.43 | I38: 10809.43 | J38: 14528.6
B39: UTILES MENORES MEDICO QUIRURGICOS Y DE LAB. | C39: 1780006.3 | E39: 1780006.3 | G39: 1780006.3 | I39: 1780006.3 | J39: 1545914.8
B40: UTILES, ACCESORIOS Y MATERIALES ELECTRICOS | C40: 2208.7 | E40: 2208.7 | G40: 2208.7 | I40: 2208.7 | J40: 15300
B41: ACCESORIOS Y REPUESTOS EN GENERAL | C41: 8105.1 | E41: 8105.1 | G41: 8105.1 | I41: 8105.1
B42: OTROS MATERIALES Y SUMINISTROS | C42: 165.5 | E42: 165.5 | G42: 165.5 | I42: 165.5
B43: TOTAL MATERIALES Y SUMINISTROS | C43: =SUM(C29:C42) -> 2475560.8 | D43: =SUM(D29:D42) -> 0 | E43: =SUM(E29:E42) -> 2475560.8 | F43: =SUM(F29:F42) -> 0 | G43: =SUM(G29:G42) -> 2475560.8 | H43: =SUM(H29:H42) -> 0 | I43: =SUM(I29:I42) -> 2475560.8 | J43: =SUM(J29:J42) -> 3457327.8
A46: Programación mensual por tipo de gasto año 2016, Expresado en Quetzales
A47: No. | B47: Categoría de Gasto | C47: Julio | E47: Agosto | G47: Septiembre
B48: Recurso Humano | C48: Pto. | D48: Real | E48: Pto. | F48: Real | G48: Pto. | H48: Real
B51: Gastos de Funcionamiento
B52: detallar cada gasto cargado
A60: TOTALES
A73: Programación mensual por tipo de gasto año 2018, Expresado en Quetzales segundo cuatrimestre 2018
A74: No. | B74: CATEGORIA DE GASTO | C74: MAYO | E74: JUNIO | G74: JULIO | I74: AGOSTO
C75: PRESUPUESTO | D75: REAL | E75: PRESUPUESTO | F75: REAL | G75: PRESUPUESTO | H75: REAL | I75: PRESUPUESTO | J75: REAL
B76: RECURSO HUMANO | C76: 1764858.4 | D76: 2281196.2 | E76: 1764858.4 | F76: 1896496.9
B78: GASTOS DE FUNCIONAMIENTO | C78: =+C86+C102 -> 2818474.9 | D78: =+D86+D102 -> 3820610.3 | E78: =+E86+E102 -> 2818474.9 | F78: =+F86+F102 -> 2361172.2 | G78: =+G86+G102 -> 0 | H78: =+H86+H102 -> 0 | I78: =+I86+I102 -> 0 | J78: =+J86+J102 -> 0
B79: ENERGIA ELECTRICA | C79: 62500 | D79: 138609.61 | E79: 62500
B80: TELEFONIA | C80: 7500 | D80: 9818.25 | E80: 7500 | F80: 9560.36
B81: IMPRESIÓN, ENCUADERNACION Y REPRODUCCION | C81: 8133.97 | E81: 8133.97 | F81: 39787
B82: MANT. Y REP. EQUIPO MEDICO SANITARIO Y DE LAB. | C82: 33333.33 | D82: 19161.8 | E82: 33333.33
B83: SERVICIOS MEDICO-SANITARIOS | C83: 165141.75 | D83: 4057.14 | E83: 165141.75 | F83: 184282.78
B84: SERVICIOS DE VIGILANCIA | C84: 40000 | D84: 38120 | E84: 40000 | F84: 38120
B85: OTROS SERVICIOS NO PERSONALES | C85: 26305.03 | D85: 48548.64 | E85: 26305.03 | F85: 44604
B86: SUMA GASTOS GENERALES | C86: =SUM(C79:C85) -> 342914.08 | D86: =SUM(D79:D85) -> 258315.44 | E86: =SUM(E79:E85) -> 342914.08 | F86: =SUM(F79:F85) -> 316354.14 | G86: =SUM(G79:G85) -> 0 | H86: =SUM(H79:H85) -> 0 | I86: =SUM(I79:I85) -> 0 | J86: =SUM(J79:J85) -> 0
B87: MATERIALES Y SUMINISTROS
B88: ALIMENTOS PARA PERSONAS | C88: 60936.45 | D88: 1023 | E88: 60936.45 | F88: 58023.7
B89: ACABADOS TEXTILES | C89: 600 | E89: 600
B90: PRODUCTOS DE PAPEL O CARTON | C90: 945.42 | E90: 945.42
B91: ELEMENTOS Y COMPUESTOS QUIMICOS | C91: 169652.57 | D91: 181188.84 | E91: 169652.57 | F91: 66957.58
B92: COMBUSTIBLES Y LUBRICANTES | C92: 912 | E92: 912
B93: PRODUCTOS MEDICINALES Y FARMACEUTICOS | C93: 427229.65 | D93: 535053.33 | E93: 427229.65 | F93: 261536.69
B94: TINTES, PINTURAS Y COLORANTES | C94: 100 | E94: 100
B95: PRODUCTOS PLASTICOS, NYLON, VINIL Y PVC | C95: 13579.7 | D95: 6224.76 | E95: 13579.7 | F95: 6630
B96: OTROS PRODUCTOS METALICOS | C96: 310 | D96: 3610 | E96: 310
B97: UTILES DE LIMPIEZA Y PRODUCTOS SANITARIOS | C97: 10809.43 | D97: 39404.76 | E97: 10809.43 | F97: 23463
B98: UTILES MENORES MEDICO QUIRURGICOS Y DE LAB. | C98: 1780006.3 | D98: 2752150.2 | E98: 1780006.3 | F98: 1617110.1
B99: UTILES, ACCESORIOS Y MATERIALES ELECTRICOS | C99: 2208.7 | E99: 2208.7 | F99: 11097
B100: ACCESORIOS Y REPUESTOS EN GENERAL | C100: 8105.1 | D100: 43640 | E100: 8105.1
B101: OTROS MATERIALES Y SUMINISTROS | C101: 165.5 | E101: 165.5
B102: TOTAL MATERIALES Y SUMINISTROS | C102: =SUM(C88:C101) -> 2475560.8 | D102: =SUM(D88:D101) -> 3562294.9 | E102: =SUM(E88:E101) -> 2475560.8 | F102: =SUM(F88:F101) -> 2044818 | G102: =SUM(G88:G101) -> 0 | H102: =SUM(H88:H101) -> 0 | I102: =SUM(I88:I101) -> 0 | J102: =SUM(J88:J101) -> 0
A123: Programación mensual por tipo de gasto año 2017, Expresado en Quetzales tercer cuatrimestre 2018
A124: No. | B124: CATEGORIA DE GASTO | C124: SEPTIEMBRE | E124: OCTUBRE | G124: NOVIEMBRE | I124: DICIEMBRE
C125: PRESUPUESTO | D125: REAL | E125: PRESUPUESTO | F125: REAL | G125: PRESUPUESTO | H125: REAL | I125: PRESUPUESTO | J125: REAL
B126: RECURSO HUMANO
B128: GASTOS DE FUNCIONAMIENTO | C128: =+C136+C152 -> 0 | D128: =+D136+D152 -> 0 | E128: =+E136+E152 -> 0 | F128: =+F136+F152 -> 0 | G128: =+G136+G152 -> 0 | H128: =+H136+H152 -> 0 | I128: =+I136+I152 -> 0 | J128: =+J136+J152 -> 0
B129: ENERGIA ELECTRICA
B130: TELEFONIA
B131: IMPRESIÓN, ENCUADERNACION Y REPRODUCCION
B132: MANT. Y REP. EQUIPO MEDICO SANITARIO Y DE LAB.
B133: SERVICIOS MEDICO-SANITARIOS
B134: SERVICIOS DE VIGILANCIA
B135: OTROS SERVICIOS NO PERSONALES
B136: SUMA GASTOS GENERALES | C136: =SUM(C129:C135) -> 0 | D136: =SUM(D129:D135) -> 0 | E136: =SUM(E129:E135) -> 0 | F136: =SUM(F129:F135) -> 0 | G136: =SUM(G129:G135) -> 0 | H136: =SUM(H129:H135) -> 0 | I136: =SUM(I129:I135) -> 0 | J136: =SUM(J129:J135) -> 0
B137: MATERIALES Y SUMINISTROS
B138: ALIMENTOS PARA PERSONAS
B139: AVABADOS TEXTILES
B140: PRODUCTOS DE PAPEL O CARTON
B141: ELEMENTOS Y COMPUESTOS QUIMICOS
B142: COMBUSTIBLES Y LUBRICANTES
B143: PRODUCTOS MEDICINALES Y FARMACEUTICOS
B144: TINTES, PINTURAS Y COLORANTES
B145: PRODUCTOS PLASTICOS, NYLON, VINIL Y PVC
B146: OTROS PRODUCTOS METALICOS
B147: UTILES DE LIMPIEZA Y PRODUCTOS SANITARIOS
B148: UTILES MENORES MEDICO QUIRURGICOS Y DE LAB.
... B151: OTROS MATERIALES Y SUMINISTROS
B152: TOTAL MATERIALES Y SUMINISTROS | C152: =SUM(C138:C151) -> 0 | D152: =SUM(D138:D151) -> 0 | E152: =SUM(E138:E151) -> 0 | F152: =SUM(F138:F151) -> 0 | G152: =SUM(G138:G151) -> 0 | H152: =SUM(H138:H151) -> 0 | I152: =SUM(I138:I151) -> 0 | J152: =SUM(J138:J151) -> 0
C177: PROGRAMACION POR TIPO DE GASTO AÑO 2025
C178: RESUMEN AL 28 DE FEBRERO 2025
C179: No. | D179: CATEGORIA DEL GASTO DE FUNCIONAMIENTO | E179: TOTAL ANUAL
E180: PRESUPUESTO | F180: COMPROMETIDO
C181: 011 | D181: RECURSO HUMANO | E181: =+'FEBRERO DECE-5'!C164 -> 7971162.5 | F181: =+'FEBRERO DECE-5'!D164 -> 7723924.8
...

Sheet MARZO ANEXO A DECE-5
B8: ÀREA FINANCIERA | I8: ANEXO DE DECE-5
A10: UNIDAD DE CIRUGIA CARDIOVASCULAR DE GUATEMALA
A11: 5a. AVENIDA 6-22 ZONA 11
A12: dgunicar@yahoo.es Tel. 24163000
A14: Programación mensual por tipo de gasto año 2018, Expresado en Quetzales primer cuatrimestre 2018
A15: No. | B15: CATEGORIA DE GASTO | C15: ENERO | E15: FEBRERO | G15: MARZO | I15: ABRIL
C16: PRESUPUESTO | D16: REAL | E16: PRESUPUESTO | F16: REAL | G16: PRESUPUESTO | H16: REAL | I16: PRESUPUESTO | J16: REAL
B17: RECURSO HUMANO | C17: 1764858.4 | D17: 1492317.4 | E17: 1764858.4 | F17: 1792563.6 | G17: 1764858.4 | H17: 1578007.9 | I17: 1764858.4 | J17: 1803793.6
B19: GASTOS DE FUNCIONAMIENTO | C19: =+C27+C43 -> 2818474.9 | D19: =+D27+D43 -> 0 | E19: =+E27+E43 -> 2818474.9 | F19: =+F27+F43 -> 67111.02 | G19: =+G27+G43 -> 2818474.9 | H19: =+H27+H43 -> 58543.64 | I19: =+I27+I43 -> 2818474.9 | J19: =+J27+J43 -> 3743927.3
B20: ENERGIA ELECTRICA | C20: 62500 | E20: 62500 | F20: 56112.02 | G20: 62500 | I20: 62500 | J20: 68083.01
B21: TELEFONIA | C21: 7500 | E21: 7500 | F21: 10999 | G21: 7500 | H21: 11011 | I21: 7500 | J21: 10992
B22: IMPRESIÓN, ENCUADERNACION Y REPRODUCCION | C22: 8133.97 | E22: 8133.97 | G22: 8133.97 | I22: 8133.97 | J22: 4358
B23: MANT. Y REP. EQUIPO MEDICO SANITARIO Y DE LAB. | C23: 33333.33 | E23: 33333.33 | G23: 33333.33 | I23: 33333.33 | J23: 45020
B24: SERVICIOS MEDICO-SANITARIOS | C24: 165141.75 | E24: 165141.75 | G24: 165141.75 | H24: 1000 | I24: 165141.75 | J24: 26842.86
B25: SERVICIOS DE VIGILANCIA | C25: 40000 | E25: 40000 | G25: 40000 | I25: 40000 | J25: 76240
B26: OTROS SERVICIOS NO PERSONALES | C26: 26305.03 | E26: 26305.03 | G26: 26305.03 | H26: 46532.64 | I26: 26305.03 | J26: 55063.68
B27: SUMA GASTOS GENERALES | C27: =SUM(C20:C26) -> 342914.08 | D27: =SUM(D20:D26) -> 0 | E27: =SUM(E20:E26) -> 342914.08 | F27: =SUM(F20:F26) -> 67111.02 | G27: =SUM(G20:G26) -> 342914.08 | H27: =SUM(H20:H26) -> 58543.64 | I27: =SUM(I20:I26) -> 342914.08 | J27: =SUM(J20:J26) -> 286599.55
B28: MATERIALES Y SUMINISTROS
B29: ALIMENTOS PARA PERSONAS | C29: 60936.45 | E29: 60936.45 | G29: 60936.45 | I29: 60936.45 | J29: 202940.25
B30: ACABADOS TEXTILES | C30: 600 | E30: 600 | G30: 600 | I30: 600
B31: PRODUCTOS DE PAPEL O CARTON | C31: 945.42 | E31: 945.42 | G31: 945.42 | I31: 945.42
B32: ELEMENTOS Y COMPUESTOS QUIMICOS | C32: 169652.57 | E32: 169652.57 | G32: 169652.57 | I32: 169652.57 | J32: 178282.05
B33: COMBUSTIBLES Y LUBRICANTES | C33: 912 | E33: 912 | G33: 912 | I33: 912
B34: PRODUCTOS MEDICINALES Y FARMACEUTICOS | C34: 427229.65 | E34: 427229.65 | G34: 427229.65 | I34: 427229.65 | J34: 1425199.8
B35: TINTES, PINTURAS Y COLORANTES | C35: 100 | E35: 100 | G35: 100 | I35: 100
B36: PRODUCTOS PLASTICOS, NYLON, VINIL Y PVC | C36: 13579.7 | E36: 13579.7 | G36: 13579.7 | I36: 13579.7 | J36: 75162.24
B37: OTROS PRODUCTOS METALICOS | C37: 310 | E37: 310 | G37: 310 | I37: 310
B38: UTILES DE LIMPIEZA Y PRODUCTOS SANITARIOS | C38: 10809.43 | E38: 10809.43 | G38: 10809.43 | I38: 10809.43 | J38: 14528.6
B39: UTILES MENORES MEDICO QUIRURGICOS Y DE LAB. | C39: 1780006.3 | E39: 1780006.3 | G39: 1780006.3 | I39: 1780006.3 | J39: 1545914.8
B40: UTILES, ACCESORIOS Y MATERIALES ELECTRICOS | C40: 2208.7 | E40: 2208.7 | G40: 2208.7 | I40: 2208.7 | J40: 15300
B41: ACCESORIOS Y REPUESTOS EN GENERAL | C41: 8105.1 | E41: 8105.1 | G41: 8105.1 | I41: 8105.1
B42: OTROS MATERIALES Y SUMINISTROS | C42: 165.5 | E42: 165.5 | G42: 165.5 | I42: 165.5
B43: TOTAL MATERIALES Y SUMINISTROS | C43: =SUM(C29:C42) -> 2475560.8 | D43: =SUM(D29:D42) -> 0 | E43: =SUM(E29:E42) -> 2475560.8 | F43: =SUM(F29:F42) -> 0 | G43: =SUM(G29:G42) -> 2475560.8 | H43: =SUM(H29:H42) -> 0 | I43: =SUM(I29:I42) -> 2475560.8 | J43: =SUM(J29:J42) -> 3457327.8
A46: Programación mensual por tipo de gasto año 2016, Expresado en Quetzales
A47: No. | B47: Categoría de Gasto | C47: Julio | E47: Agosto | G47: Septiembre
B48: Recurso Humano | C48: Pto. | D48: Real | E48: Pto. | F48: Real | G48: Pto. | H48: Real
B51: Gastos de Funcionamiento
B52: detallar cada gasto cargado
A60: TOTALES
A73: Programación mensual por tipo de gasto año 2018, Expresado en Quetzales segundo cuatrimestre 2018
A74: No. | B74: CATEGORIA DE GASTO | C74: MAYO | E74: JUNIO | G74: JULIO | I74: AGOSTO
C75: PRESUPUESTO | D75: REAL | E75: PRESUPUESTO | F75: REAL | G75: PRESUPUESTO | H75: REAL | I75: PRESUPUESTO | J75: REAL
B76: RECURSO HUMANO | C76: 1764858.4 | D76: 2281196.2 | E76: 1764858.4 | F76: 1896496.9
B78: GASTOS DE FUNCIONAMIENTO | C78: =+C86+C102 -> 2818474.9 | D78: =+D86+D102 -> 3820610.3 | E78: =+E86+E102 -> 2818474.9 | F78: =+F86+F102 -> 2361172.2 | G78: =+G86+G102 -> 0 | H78: =+H86+H102 -> 0 | I78: =+I86+I102 -> 0 | J78: =+J86+J102 -> 0
B79: ENERGIA ELECTRICA | C79: 62500 | D79: 138609.61 | E79: 62500
B80: TELEFONIA | C80: 7500 | D80: 9818.25 | E80: 7500 | F80: 9560.36
B81: IMPRESIÓN, ENCUADERNACION Y REPRODUCCION | C81: 8133.97 | E81: 8133.97 | F81: 39787
B82: MANT. Y REP. EQUIPO MEDICO SANITARIO Y DE LAB. | C82: 33333.33 | D82: 19161.8 | E82: 33333.33
B83: SERVICIOS MEDICO-SANITARIOS | C83: 165141.75 | D83: 4057.14 | E83: 165141.75 | F83: 184282.78
B84: SERVICIOS DE VIGILANCIA | C84: 40000 | D84: 38120 | E84: 40000 | F84: 38120
B85: OTROS SERVICIOS NO PERSONALES | C85: 26305.03 | D85: 48548.64 | E85: 26305.03 | F85: 44604
B86: SUMA GASTOS GENERALES | C86: =SUM(C79:C85) -> 342914.08 | D86: =SUM(D79:D85) -> 258315.44 | E86: =SUM(E79:E85) -> 342914.08 | F86: =SUM(F79:F85) -> 316354.14 | G86: =SUM(G79:G85) -> 0 | H86: =SUM(H79:H85) -> 0 | I86: =SUM(I79:I85) -> 0 | J86: =SUM(J79:J85) -> 0
B87: MATERIALES Y SUMINISTROS
B88: ALIMENTOS PARA PERSONAS | C88: 60936.45 | D88: 1023 | E88: 60936.45 | F88: 58023.7
B89: ACABADOS TEXTILES | C89: 600 | E89: 600
B90: PRODUCTOS DE PAPEL O CARTON | C90: 945.42 | E90: 945.42
B91: ELEMENTOS Y COMPUESTOS QUIMICOS | C91: 169652.57 | D91: 181188.84 | E91: 169652.57 | F91: 66957.58
B92: COMBUSTIBLES Y LUBRICANTES | C92: 912 | E92: 912
B93: PRODUCTOS MEDICINALES Y FARMACEUTICOS | C93: 427229.65 | D93: 535053.33 | E93: 427229.65 | F93: 261536.69
B94: TINTES, PINTURAS Y COLORANTES | C94: 100 | E94: 100
B95: PRODUCTOS PLASTICOS, NYLON, VINIL Y PVC | C95: 13579.7 | D95: 6224.76 | E95: 13579.7 | F95: 6630
B96: OTROS PRODUCTOS METALICOS | C96: 310 | D96: 3610 | E96: 310
B97: UTILES DE LIMPIEZA Y PRODUCTOS SANITARIOS | C97: 10809.43 | D97: 39404.76 | E97: 10809.43 | F97: 23463
B98: UTILES MENORES MEDICO QUIRURGICOS Y DE LAB. | C98: 1780006.3 | D98: 2752150.2 | E98: 1780006.3 | F98: 1617110.1
B99: UTILES, ACCESORIOS Y MATERIALES ELECTRICOS | C99: 2208.7 | E99: 2208.7 | F99: 11097
B100: ACCESORIOS Y REPUESTOS EN GENERAL | C100: 8105.1 | D100: 43640 | E100: 8105.1
B101: OTROS MATERIALES Y SUMINISTROS | C101: 165.5 | E101: 165.5
B102: TOTAL MATERIALES Y SUMINISTROS | C102: =SUM(C88:C101) -> 2475560.8 | D102: =SUM(D88:D101) -> 3562294.9 | E102: =SUM(E88:E101) -> 2475560.8 | F102: =SUM(F88:F101) -> 2044818 | G102: =SUM(G88:G101) -> 0 | H102: =SUM(H88:H101) -> 0 | I102: =SUM(I88:I101) -> 0 | J102: =SUM(J88:J101) -> 0
A123: Programación mensual por tipo de gasto año 2017, Expresado en Quetzales tercer cuatrimestre 2018
A124: No. | B124: CATEGORIA DE GASTO | C124: SEPTIEMBRE | E124: OCTUBRE | G124: NOVIEMBRE | I124: DICIEMBRE
C125: PRESUPUESTO | D125: REAL | E125: PRESUPUESTO | F125: REAL | G125: PRESUPUESTO | H125: REAL | I125: PRESUPUESTO | J125: REAL
B126: RECURSO HUMANO
B128: GASTOS DE FUNCIONAMIENTO | C128: =+C136+C152 -> 0 | D128: =+D136+D152 -> 0 | E128: =+E136+E152 -> 0 | F128: =+F136+F152 -> 0 | G128: =+G136+G152 -> 0 | H128: =+H136+H152 -> 0 | I128: =+I136+I152 -> 0 | J128: =+J136+J152 -> 0
B129: ENERGIA ELECTRICA
B130: TELEFONIA
B131: IMPRESIÓN, ENCUADERNACION Y REPRODUCCION
B132: MANT. Y REP. EQUIPO MEDICO SANITARIO Y DE LAB.
B133: SERVICIOS MEDICO-SANITARIOS
B134: SERVICIOS DE VIGILANCIA
B135: OTROS SERVICIOS NO PERSONALES
B136: SUMA GASTOS GENERALES | C136: =SUM(C129:C135) -> 0 | D136: =SUM(D129:D135) -> 0 | E136: =SUM(E129:E135) -> 0 | F136: =SUM(F129:F135) -> 0 | G136: =SUM(G129:G135) -> 0 | H136: =SUM(H129:H135) -> 0 | I136: =SUM(I129:I135) -> 0 | J136: =SUM(J129:J135) -> 0
B137: MATERIALES Y SUMINISTROS
B138: ALIMENTOS PARA PERSONAS
B139: AVABADOS TEXTILES
B140: PRODUCTOS DE PAPEL O CARTON
B141: ELEMENTOS Y COMPUESTOS QUIMICOS
B142: COMBUSTIBLES Y LUBRICANTES
B143: PRODUCTOS MEDICINALES Y FARMACEUTICOS
B144: TINTES, PINTURAS Y COLORANTES
B145: PRODUCTOS PLASTICOS, NYLON, VINIL Y PVC
B146: OTROS PRODUCTOS METALICOS
B147: UTILES DE LIMPIEZA Y PRODUCTOS SANITARIOS
B148: UTILES MENORES MEDICO QUIRURGICOS Y DE LAB.
... B151: OTROS MATERIALES Y SUMINISTROS
B152: TOTAL MATERIALES Y SUMINISTROS | C152: =SUM(C138:C151) -> 0 | D152: =SUM(D138:D151) -> 0 | E152: =SUM(E138:E151) -> 0 | F152: =SUM(F138:F151) -> 0 | G152: =SUM(G138:G151) -> 0 | H152: =SUM(H138:H151) -> 0 | I152: =SUM(I138:I151) -> 0 | J152: =SUM(J138:J151) -> 0
C177: PROGRAMACION POR TIPO DE GASTO AÑO 2025
C178: RESUMEN AL 31 DE MARZO 2025
C179: No. | D179: CATEGORIA DEL GASTO DE FUNCIONAMIENTO | E179: TOTAL ANUAL
E180: PRESUPUESTO | F180: COMPROMETIDO
C181: 011 | D181: RECURSO HUMANO | E181: =+'MARZO DECE-5'!K111 -> 11956744 | F181: =+'MARZO DECE-5'!L111 -> 11675828
...

Sheet ABRIL ANEXO A DECE-5
B8: ÀREA FINANCIERA | I8: ANEXO DE DECE-5
A10: UNIDAD DE CIRUGIA CARDIOVASCULAR DE GUATEMALA
A11: 5a. AVENIDA 6-22 ZONA 11
A12: dgunicar@yahoo.es Tel. 24163000
A14: Programación mensual por tipo de gasto año 2018, Expresado en Quetzales primer cuatrimestre 2018
A15: No. | B15: CATEGORIA DE GASTO | C15: ENERO | E15: FEBRERO | G15: MARZO | I15: ABRIL
C16: PRESUPUESTO | D16: REAL | E16: PRESUPUESTO | F16: REAL | G16: PRESUPUESTO | H16: REAL | I16: PRESUPUESTO | J16: REAL
B17: RECURSO HUMANO | C17: 1764858.4 | D17: 1492317.4 | E17: 1764858.4 | F17: 1792563.6 | G17: 1764858.4 | H17: 1578007.9 | I17: 1764858.4 | J17: 1803793.6
B19: GASTOS DE FUNCIONAMIENTO | C19: =+C27+C43 -> 2818474.9 | D19: =+D27+D43 -> 0 | E19: =+E27+E43 -> 2818474.9 | F19: =+F27+F43 -> 67111.02 | G19: =+G27+G43 -> 2818474.9 | H19: =+H27+H43 -> 58543.64 | I19: =+I27+I43 -> 2818474.9 | J19: =+J27+J43 -> 3743927.3
B20: ENERGIA ELECTRICA | C20: 62500 | E20: 62500 | F20: 56112.02 | G20: 62500 | I20: 62500 | J20: 68083.01
B21: TELEFONIA | C21: 7500 | E21: 7500 | F21: 10999 | G21: 7500 | H21: 11011 | I21: 7500 | J21: 10992
B22: IMPRESIÓN, ENCUADERNACION Y REPRODUCCION | C22: 8133.97 | E22: 8133.97 | G22: 8133.97 | I22: 8133.97 | J22: 4358
B23: MANT. Y REP. EQUIPO MEDICO SANITARIO Y DE LAB. | C23: 33333.33 | E23: 33333.33 | G23: 33333.33 | I23: 33333.33 | J23: 45020
B24: SERVICIOS MEDICO-SANITARIOS | C24: 165141.75 | E24: 165141.75 | G24: 165141.75 | H24: 1000 | I24: 165141.75 | J24: 26842.86
B25: SERVICIOS DE VIGILANCIA | C25: 40000 | E25: 40000 | G25: 40000 | I25: 40000 | J25: 76240
B26: OTROS SERVICIOS NO PERSONALES | C26: 26305.03 | E26: 26305.03 | G26: 26305.03 | H26: 46532.64 | I26: 26305.03 | J26: 55063.68
B27: SUMA GASTOS GENERALES | C27: =SUM(C20:C26) -> 342914.08 | D27: =SUM(D20:D26) -> 0 | E27: =SUM(E20:E26) -> 342914.08 | F27: =SUM(F20:F26) -> 67111.02 | G27: =SUM(G20:G26) -> 342914.08 | H27: =SUM(H20:H26) -> 58543.64 | I27: =SUM(I20:I26) -> 342914.08 | J27: =SUM(J20:J26) -> 286599.55
B28: MATERIALES Y SUMINISTROS
B29: ALIMENTOS PARA PERSONAS | C29: 60936.45 | E29: 60936.45 | G29: 60936.45 | I29: 60936.45 | J29: 202940.25
B30: ACABADOS TEXTILES | C30: 600 | E30: 600 | G30: 600 | I30: 600
B31: PRODUCTOS DE PAPEL O CARTON | C31: 945.42 | E31: 945.42 | G31: 945.42 | I31: 945.42
B32: ELEMENTOS Y COMPUESTOS QUIMICOS | C32: 169652.57 | E32: 169652.57 | G32: 169652.57 | I32: 169652.57 | J32: 178282.05
B33: COMBUSTIBLES Y LUBRICANTES | C33: 912 | E33: 912 | G33: 912 | I33: 912
B34: PRODUCTOS MEDICINALES Y FARMACEUTICOS | C34: 427229.65 | E34: 427229.65 | G34: 427229.65 | I34: 427229.65 | J34: 1425199.8
B35: TINTES, PINTURAS Y COLORANTES | C35: 100 | E35: 100 | G35: 100 | I35: 100
B36: PRODUCTOS PLASTICOS, NYLON, VINIL Y PVC | C36: 13579.7 | E36: 13579.7 | G36: 13579.7 | I36: 13579.7 | J36: 75162.24
B37: OTROS PRODUCTOS METALICOS | C37: 310 | E37: 310 | G37: 310 | I37: 310
B38: UTILES DE LIMPIEZA Y PRODUCTOS SANITARIOS | C38: 10809.43 | E38: 10809.43 | G38: 10809.43 | I38: 10809.43 | J38: 14528.6
B39: UTILES MENORES MEDICO QUIRURGICOS Y DE LAB. | C39: 1780006.3 | E39: 1780006.3 | G39: 1780006.3 | I39: 1780006.3 | J39: 1545914.8
B40: UTILES, ACCESORIOS Y MATERIALES ELECTRICOS | C40: 2208.7 | E40: 2208.7 | G40: 2208.7 | I40: 2208.7 | J40: 15300
B41: ACCESORIOS Y REPUESTOS EN GENERAL | C41: 8105.1 | E41: 8105.1 | G41: 8105.1 | I41: 8105.1
B42: OTROS MATERIALES Y SUMINISTROS | C42: 165.5 | E42: 165.5 | G42: 165.5 | I42: 165.5
B43: TOTAL MATERIALES Y SUMINISTROS | C43: =SUM(C29:C42) -> 2475560.8 | D43: =SUM(D29:D42) -> 0 | E43: =SUM(E29:E42) -> 2475560.8 | F43: =SUM(F29:F42) -> 0 | G43: =SUM(G29:G42) -> 2475560.8 | H43: =SUM(H29:H42) -> 0 | I43: =SUM(I29:I42) -> 2475560.8 | J43: =SUM(J29:J42) -> 3457327.8
A46: Programación mensual por tipo de gasto año 2016, Expresado en Quetzales
A47: No. | B47: Categoría de Gasto | C47: Julio | E47: Agosto | G47: Septiembre
B48: Recurso Humano | C48: Pto. | D48: Real | E48: Pto. | F48: Real | G48: Pto. | H48: Real
B51: Gastos de Funcionamiento
B52: detallar cada gasto cargado
A60: TOTALES
A73: Programación mensual por tipo de gasto año 2018, Expresado en Quetzales segundo cuatrimestre 2018
A74: No. | B74: CATEGORIA DE GASTO | C74: MAYO | E74: JUNIO | G74: JULIO | I74: AGOSTO
C75: PRESUPUESTO | D75: REAL | E75: PRESUPUESTO | F75: REAL | G75: PRESUPUESTO | H75: REAL | I75: PRESUPUESTO | J75: REAL
B76: RECURSO HUMANO | C76: 1764858.4 | D76: 2281196.2 | E76: 1764858.4 | F76: 1896496.9
B78: GASTOS DE FUNCIONAMIENTO | C78: =+C86+C102 -> 2818474.9 | D78: =+D86+D102 -> 3820610.3 | E78: =+E86+E102 -> 2818474.9 | F78: =+F86+F102 -> 2361172.2 | G78: =+G86+G102 -> 0 | H78: =+H86+H102 -> 0 | I78: =+I86+I102 -> 0 | J78: =+J86+J102 -> 0
B79: ENERGIA ELECTRICA | C79: 62500 | D79: 138609.61 | E79: 62500
B80: TELEFONIA | C80: 7500 | D80: 9818.25 | E80: 7500 | F80: 9560.36
B81: IMPRESIÓN, ENCUADERNACION Y REPRODUCCION | C81: 8133.97 | E81: 8133.97 | F81: 39787
B82: MANT. Y REP. EQUIPO MEDICO SANITARIO Y DE LAB. | C82: 33333.33 | D82: 19161.8 | E82: 33333.33
B83: SERVICIOS MEDICO-SANITARIOS | C83: 165141.75 | D83: 4057.14 | E83: 165141.75 | F83: 184282.78
B84: SERVICIOS DE VIGILANCIA | C84: 40000 | D84: 38120 | E84: 40000 | F84: 38120
B85: OTROS SERVICIOS NO PERSONALES | C85: 26305.03 | D85: 48548.64 | E85: 26305.03 | F85: 44604
B86: SUMA GASTOS GENERALES | C86: =SUM(C79:C85) -> 342914.08 | D86: =SUM(D79:D85) -> 258315.44 | E86: =SUM(E79:E85) -> 342914.08 | F86: =SUM(F79:F85) -> 316354.14 | G86: =SUM(G79:G85) -> 0 | H86: =SUM(H79:H85) -> 0 | I86: =SUM(I79:I85) -> 0 | J86: =SUM(J79:J85) -> 0
B87: MATERIALES Y SUMINISTROS
B88: ALIMENTOS PARA PERSONAS | C88: 60936.45 | D88: 1023 | E88: 60936.45 | F88: 58023.7
B89: ACABADOS TEXTILES | C89: 600 | E89: 600
B90: PRODUCTOS DE PAPEL O CARTON | C90: 945.42 | E90: 945.42
B91: ELEMENTOS Y COMPUESTOS QUIMICOS | C91: 169652.57 | D91: 181188.84 | E91: 169652.57 | F91: 66957.58
B92: COMBUSTIBLES Y LUBRICANTES | C92: 912 | E92: 912
B93: PRODUCTOS MEDICINALES Y FARMACEUTICOS | C93: 427229.65 | D93: 535053.33 | E93: 427229.65 | F93: 261536.69
B94: TINTES, PINTURAS Y COLORANTES | C94: 100 | E94: 100
B95: PRODUCTOS PLASTICOS, NYLON, VINIL Y PVC | C95: 13579.7 | D95: 6224.76 | E95: 13579.7 | F95: 6630
B96: OTROS PRODUCTOS METALICOS | C96: 310 | D96: 3610 | E96: 310
B97: UTILES DE LIMPIEZA Y PRODUCTOS SANITARIOS | C97: 10809.43 | D97: 39404.76 | E97: 10809.43 | F97: 23463
B98: UTILES MENORES MEDICO QUIRURGICOS Y DE LAB. | C98: 1780006.3 | D98: 2752150.2 | E98: 1780006.3 | F98: 1617110.1
B99: UTILES, ACCESORIOS Y MATERIALES ELECTRICOS | C99: 2208.7 | E99: 2208.7 | F99: 11097
B100: ACCESORIOS Y REPUESTOS EN GENERAL | C100: 8105.1 | D100: 43640 | E100: 8105.1
B101: OTROS MATERIALES Y SUMINISTROS | C101: 165.5 | E101: 165.5
B102: TOTAL MATERIALES Y SUMINISTROS | C102: =SUM(C88:C101) -> 2475560.8 | D102: =SUM(D88:D101) -> 3562294.9 | E102: =SUM(E88:E101) -> 2475560.8 | F102: =SUM(F88:F101) -> 2044818 | G102: =SUM(G88:G101) -> 0 | H102: =SUM(H88:H101) -> 0 | I102: =SUM(I88:I101) -> 0 | J102: =SUM(J88:J101) -> 0
A123: Programación mensual por tipo de gasto año 2017, Expresado en Quetzales tercer cuatrimestre 2018
A124: No. | B124: CATEGORIA DE GASTO | C124: SEPTIEMBRE | E124: OCTUBRE | G124: NOVIEMBRE | I124: DICIEMBRE
C125: PRESUPUESTO | D125: REAL | E125: PRESUPUESTO | F125: REAL | G125: PRESUPUESTO | H125: REAL | I125: PRESUPUESTO | J125: REAL
B126: RECURSO HUMANO
B128: GASTOS DE FUNCIONAMIENTO | C128: =+C136+C152 -> 0 | D128: =+D136+D152 -> 0 | E128: =+E136+E152 -> 0 | F128: =+F136+F152 -> 0 | G128: =+G136+G152 -> 0 | H128: =+H136+H152 -> 0 | I128: =+I136+I152 -> 0 | J128: =+J136+J152 -> 0
B129: ENERGIA ELECTRICA
B130: TELEFONIA
B131: IMPRESIÓN, ENCUADERNACION Y REPRODUCCION
B132: MANT. Y REP. EQUIPO MEDICO SANITARIO Y DE LAB.
B133: SERVICIOS MEDICO-SANITARIOS
B134: SERVICIOS DE VIGILANCIA
B135: OTROS SERVICIOS NO PERSONALES
B136: SUMA GASTOS GENERALES | C136: =SUM(C129:C135) -> 0 | D136: =SUM(D129:D135) -> 0 | E136: =SUM(E129:E135) -> 0 | F136: =SUM(F129:F135) -> 0 | G136: =SUM(G129:G135) -> 0 | H136: =SUM(H129:H135) -> 0 | I136: =SUM(I129:I135) -> 0 | J136: =SUM(J129:J135) -> 0
B137: MATERIALES Y SUMINISTROS
B138: ALIMENTOS PARA PERSONAS
B139: AVABADOS TEXTILES
B140: PRODUCTOS DE PAPEL O CARTON
B141: ELEMENTOS Y COMPUESTOS QUIMICOS
B142: COMBUSTIBLES Y LUBRICANTES
B143: PRODUCTOS MEDICINALES Y FARMACEUTICOS
B144: TINTES, PINTURAS Y COLORANTES
B145: PRODUCTOS PLASTICOS, NYLON, VINIL Y PVC
B146: OTROS PRODUCTOS METALICOS
B147: UTILES DE LIMPIEZA Y PRODUCTOS SANITARIOS
B148: UTILES MENORES MEDICO QUIRURGICOS Y DE LAB.
... B151: OTROS MATERIALES Y SUMINISTROS
B152: TOTAL MATERIALES Y SUMINISTROS | C152: =SUM(C138:C151) -> 0 | D152: =SUM(D138:D151) -> 0 | E152: =SUM(E138:E151) -> 0 | F152: =SUM(F138:F151) -> 0 | G152: =SUM(G138:G151) -> 0 | H152: =SUM(H138:H151) -> 0 | I152: =SUM(I138:I151) -> 0 | J152: =SUM(J138:J151) -> 0
C177: PROGRAMACION POR TIPO DE GASTO AÑO 2025
C178: RESUMEN AL 30 DE ABRIL 2025
C179: No. | D179: CATEGORIA DEL GASTO DE FUNCIONAMIENTO | E179: TOTAL ANUAL
E180: PRESUPUESTO | F180: COMPROMETIDO
C181: 011 | D181: RECURSO HUMANO | E181: =+'ABRIL DECE-5'!K111 -> 15942325 | F181: =+'ABRIL DECE-5'!L111 -> 15622815
...

Sheet ENERO DECE-6
B7: ÀREA FINANCIERA | J7: DECE-6
A9: UNIDAD DE CIRUGIA CARDIOVASCULAR DE GUATEMALA
A10: 5a. AVENIDA 6-22 ZONA 11
A11: CORREO ELECTRÓNICO Y TELÉFONO
A12: dgunicar@yahoo.es Tel. 24163000
A14: Ejecucion fìnanciera por categoria del gasto primer cuatrimestre 2025
A16: Categoría del gasto de funcionamiento | B16: Enero | D16: Febrero | F16: Marzo | H16: Abril | J16: Total cuatrimestre
B17: Prog. | C17: Ejecutado | D17: Prog. | E17: Ejecutado | F17: Prog. | G17: Ejecutado | H17: Prog. | I17: Ejecutado | J17: Prog. | K17: Ejecutado
A18: Recurso Humano | B18: 3985581.3 | C18: 3830190.3 | J18: =+B18+D18+F18+H18 -> 3985581.3 | K18: =+C18+E18+G18+I18 -> 3830190.3
A19: Gastos de operación | B19: 1165344.2 | C19: 0 | J19: =+B19+D19+F19+H19 -> 1165344.2 | K19: =+C19+E19+G19+I19 -> 0
A20: Propiedad planta y equipo | B20: 0 | C20: 0 | J20: =+B20+D20+F20+H20 -> 0 | K20: =+C20+E20+G20+I20 -> 0
A21: TOTAL | B21: =SUM(B18:B20) -> 5150925.5 | C21: =SUM(C18:C20) -> 3830190.3 | D21: =SUM(D18:D20) -> 0 | E21: =SUM(E18:E20) -> 0 | F21: =SUM(F18:F20) -> 0 | G21: =SUM(G18:G20) -> 0 | H21: =SUM(H18:H20) -> 0 | I21: =SUM(I18:I20) -> 0 | ... K21: =SUM(K18:K20) -> 3830190.3
A23: Ejecucion fìnanciera por categoria del gasto segundo cuatrimestre 2025
A25: Categoría del gasto de funcionamiento | B25: Mayo | D25: Junio | F25: Julio | H25: Agosto | J25: Total cuatrimetre | L25: Total Acumulado
B26: Prog. | C26: Ejecutado | D26: Prog. | E26: Ejecutado | F26: Prog. | G26: Ejecutado | H26: Prog. | I26: Ejecutado | J26: Prog. | K26: Ejecutado | L26: Prog. | M26: Ejecutado
A27: Recurso Humano | J27: =+B27+D27+F27+H27 -> 0 | K27: =+C27+E27+G27+I27 -> 0 | L27: =+J27+J18 -> 3985581.3 | M27: =+K27+K18 -> 3830190.3
A28: Gastos de operación | J28: =+B28+D28+F28+H28 -> 0 | K28: =+C28+E28+G28+I28 -> 0 | L28: =+J28+J19 -> 1165344.2 | M28: =+K28+K19 -> 0
A29: TOTAL | B29: =SUM(B27:B28) -> 0 | C29: =SUM(C27:C28) -> 0 | D29: =SUM(D27:D28) -> 0 | E29: =SUM(E27:E28) -> 0 | F29: =SUM(F27:F28) -> 0 | G29: =SUM(G27:G28) -> 0 | H29: =SUM(H27:H28) -> 0 | I29: =SUM(I27:I28) -> 0 | ... M29: =SUM(M27:M28) -> 3830190.3
A32: Ejecucion fìnanciera por categoria del gasto tercer cuatrimestre 2025
A34: Categoría del gasto de funcionamiento | B34: Septiembre | D34: Octubre | F34: Noviembre | H34: Diciembre | J34: Total cuatrimetre | L34: Total Acumulado anual
B35: Prog. | C35: Ejecutado | D35: Prog. | E35: Ejecutado | F35: Prog. | G35: Ejecutado | H35: Prog. | I35: Ejecutado | J35: Prog. | K35: Ejecutado | L35: Prog. | M35: Ejecutado
A36: Recurso Humano | J36: =+B36+D36+F36+H36 -> 0 | K36: =+C36+E36+G36+I36 -> 0 | L36: =+J36+L27 -> 3985581.3 | M36: =+K36+M27 -> 3830190.3
A37: Gastos de operación | J37: =+B37+D37+F37+H37 -> 0 | K37: =+C37+E37+G37+I37 -> 0 | L37: =+J37+L28 -> 1165344.2 | M37: =+K37+M28 -> 0
A38: TOTAL | B38: =SUM(B36:B37) -> 0 | C38: =SUM(C36:C37) -> 0 | D38: =SUM(D36:D37) -> 0 | E38: =SUM(E36:E37) -> 0 | F38: =SUM(F36:F37) -> 0 | G38: =SUM(G36:G37) -> 0 | H38: =SUM(H36:H37) -> 0 | I38: =SUM(I36:I37) -> 0 | ... M38: =SUM(M36:M37) -> 3830190.3
A40: Resumen año 2024
A41: Categoría del gasto | B41: año 2024
B42: Presupuestado | C42: Ejecutado
A43: Recurso Humano | B43: =+J18+J27+J36 -> 3985581.3 | C43: =+K18+K27+K36 -> 3830190.3
A44: Gastos de operación | B44: =+J19+J28+J37 -> 1165344.2 | C44: =+K19+K28+K37 -> 0
A45: TOTAL | B45: =SUM(B43:B44) -> 5150925.5 | C45: =SUM(C43:C44) -> 3830190.3
A62: Elaborado por: | C62: ___________________________ | F62: Autorizado por: | H62: ___________________________________
C63: Víctor Cresencio Reyes Porres | H63: Lic. Douglas Antonio Díaz Rivera
C64: Jefe de Contabilidad | H64: Representante Legal
A65: Fecha: | C65: 10 de febrero 2025

Sheet FEBRERO DECE-6
B7: ÀREA FINANCIERA | J7: DECE-6
A9: UNIDAD DE CIRUGIA CARDIOVASCULAR DE GUATEMALA
A10: 5a. AVENIDA 6-22 ZONA 11
A11: CORREO ELECTRÓNICO Y TELÉFONO
A12: dgunicar@yahoo.es Tel. 24163000
A14: Ejecucion fìnanciera por categoria del gasto primer cuatrimestre 2025
A16: Categoría del gasto de funcionamiento | B16: Enero | D16: Febrero | F16: Marzo | H16: Abril | J16: Total cuatrimestre
B17: Prog. | C17: Ejecutado | D17: Prog. | E17: Ejecutado | F17: Prog. | G17: Ejecutado | H17: Prog. | I17: Ejecutado | J17: Prog. | K17: Ejecutado
A18: Recurso Humano | B18: 3985581.3 | C18: 3830190.3 | D18: 3985581.3 | E18: 3893734.5 | J18: =+B18+D18+F18+H18 -> 7971162.5 | K18: =+C18+E18+G18+I18 -> 7723924.8
A19: Gastos de operación | B19: 1165344.2 | C19: 0 | D19: 3598165.6 | E19: 136886.92 | J19: =+B19+D19+F19+H19 -> 4763509.8 | K19: =+C19+E19+G19+I19 -> 136886.92
A20: Propiedad planta y equipo | B20: 0 | C20: 0 | D20: 0 | E20: 0 | J20: =+B20+D20+F20+H20 -> 0 | K20: =+C20+E20+G20+I20 -> 0
A21: TOTAL | B21: =SUM(B18:B20) -> 5150925.5 | C21: =SUM(C18:C20) -> 3830190.3 | D21: =SUM(D18:D20) -> 7583746.8 | E21: =SUM(E18:E20) -> 4030621.4 | F21: =SUM(F18:F20) -> 0 | G21: =SUM(G18:G20) -> 0 | H21: =SUM(H18:H20) -> 0 | I21: =SUM(I18:I20) -> 0 | ... K21: =SUM(K18:K20) -> 7860811.7
A23: Ejecucion fìnanciera por categoria del gasto segundo cuatrimestre 2025
A25: Categoría del gasto de funcionamiento | B25: Mayo | D25: Junio | F25: Julio | H25: Agosto | J25: Total cuatrimetre | L25: Total Acumulado
B26: Prog. | C26: Ejecutado | D26: Prog. | E26: Ejecutado | F26: Prog. | G26: Ejecutado | H26: Prog. | I26: Ejecutado | J26: Prog. | K26: Ejecutado | L26: Prog. | M26: Ejecutado
A27: Recurso Humano | J27: =+B27+D27+F27+H27 -> 0 | K27: =+C27+E27+G27+I27 -> 0 | L27: =+J27+J18 -> 7971162.5 | M27: =+K27+K18 -> 7723924.8
A28: Gastos de operación | J28: =+B28+D28+F28+H28 -> 0 | K28: =+C28+E28+G28+I28 -> 0 | L28: =+J28+J19 -> 4763509.8 | M28: =+K28+K19 -> 136886.92
A29: TOTAL | B29: =SUM(B27:B28) -> 0 | C29: =SUM(C27:C28) -> 0 | D29: =SUM(D27:D28) -> 0 | E29: =SUM(E27:E28) -> 0 | F29: =SUM(F27:F28) -> 0 | G29: =SUM(G27:G28) -> 0 | H29: =SUM(H27:H28) -> 0 | I29: =SUM(I27:I28) -> 0 | ... M29: =SUM(M27:M28) -> 7860811.7
A32: Ejecucion fìnanciera por categoria del gasto tercer cuatrimestre 2025
A34: Categoría del gasto de funcionamiento | B34: Septiembre | D34: Octubre | F34: Noviembre | H34: Diciembre | J34: Total cuatrimetre | L34: Total Acumulado anual
B35: Prog. | C35: Ejecutado | D35: Prog. | E35: Ejecutado | F35: Prog. | G35: Ejecutado | H35: Prog. | I35: Ejecutado | J35: Prog. | K35: Ejecutado | L35: Prog. | M35: Ejecutado
A36: Recurso Humano | J36: =+B36+D36+F36+H36 -> 0 | K36: =+C36+E36+G36+I36 -> 0 | L36: =+J36+L27 -> 7971162.5 | M36: =+K36+M27 -> 7723924.8
A37: Gastos de operación | J37: =+B37+D37+F37+H37 -> 0 | K37: =+C37+E37+G37+I37 -> 0 | L37: =+J37+L28 -> 4763509.8 | M37: =+K37+M28 -> 136886.92
A38: TOTAL | B38: =SUM(B36:B37) -> 0 | C38: =SUM(C36:C37) -> 0 | D38: =SUM(D36:D37) -> 0 | E38: =SUM(E36:E37) -> 0 | F38: =SUM(F36:F37) -> 0 | G38: =SUM(G36:G37) -> 0 | H38: =SUM(H36:H37) -> 0 | I38: =SUM(I36:I37) -> 0 | ... M38: =SUM(M36:M37) -> 7860811.7
A40: Resumen año 2024
A41: Categoría del gasto | B41: año 2024
B42: Presupuestado | C42: Ejecutado
A43: Recurso Humano | B43: =+J18+J27+J36 -> 7971162.5 | C43: =+K18+K27+K36 -> 7723924.8
A44: Gastos de operación | B44: =+J19+J28+J37 -> 4763509.8 | C44: =+K19+K28+K37 -> 136886.92
A45: TOTAL | B45: =SUM(B43:B44) -> 12734672 | C45: =SUM(C43:C44) -> 7860811.7
A69: Elaborado por: | C69: ___________________________ | F69: Autorizado por: | H69: ___________________________________
C70: Víctor Cresencio Reyes Porres | H70: Lic. Douglas Antonio Díaz Rivera
C71: Jefe de Contabilidad | H71: Representante Legal
A72: Fecha: | C72: 10 de marzo 2025

Sheet MARZO DECE-6
B7: ÀREA FINANCIERA | J7: DECE-6
A9: UNIDAD DE CIRUGIA CARDIOVASCULAR DE GUATEMALA
A10: 5a. AVENIDA 6-22 ZONA 11
A11: CORREO ELECTRÓNICO Y TELÉFONO
A12: dgunicar@yahoo.es Tel. 24163000
A14: Ejecucion fìnanciera por categoria del gasto del mes de marzo, año 2025
A16: Categoría del gasto de funcionamiento | B16: Enero | D16: Febrero | F16: Marzo | H16: Abril
B17: Prog. | C17: Ejecutado | D17: Prog. | E17: Ejecutado | F17: Prog. | G17: Ejecutado | H17: Prog. | I17: Ejecutado
A18: Recurso Humano | B18: 3985581.3 | C18: 3830190.3 | D18: 3985581.3 | E18: 3893734.5 | F18: 3985581.3 | G18: 3951903.5
A19: Gastos de operación | B19: 1165344.2 | C19: 0 | D19: 3598165.6 | E19: 136886.92 | F19: 539792.39 | G19: 1879182.5
A20: Propiedad planta y equipo | B20: 0 | C20: 0 | D20: 0 | E20: 0 | F20: 0 | G20: 0
A21: TOTAL | B21: =SUM(B18:B20) -> 5150925.5 | C21: =SUM(C18:C20) -> 3830190.3 | D21: =SUM(D18:D20) -> 7583746.8 | E21: =SUM(E18:E20) -> 4030621.4 | F21: =SUM(F18:F20) -> 4525373.7 | G21: =SUM(G18:G20) -> 5831086.1 | H21: =SUM(H18:H20) -> 0 | I21: =SUM(I18:I20) -> 0
A23: Ejecucion fìnanciera por categoria del gasto del mes de mayo, año 2025
A25: Categoría del gasto de funcionamiento | B25: Mayo | D25: Junio | F25: Julio | H25: Agosto
B26: Prog. | C26: Ejecutado | D26: Prog. | E26: Ejecutado | F26: Prog. | G26: Ejecutado | H26: Prog. | I26: Ejecutado
A27: Recurso Humano
A28: Gastos de operación
A29: TOTAL | B29: =SUM(B27:B28) -> 0 | C29: =SUM(C27:C28) -> 0 | D29: =SUM(D27:D28) -> 0 | E29: =SUM(E27:E28) -> 0 | F29: =SUM(F27:F28) -> 0 | G29: =SUM(G27:G28) -> 0 | H29: =SUM(H27:H28) -> 0 | I29: =SUM(I27:I28) -> 0
A32: Ejecucion fìnanciera por categoria del gasto del mes de septiembre, año 2025
A34: Categoría del gasto de funcionamiento | B34: Septiembre | D34: Octubre | F34: Noviembre | H34: Diciembre | J34: Total acumulado anual
B35: Prog. | C35: Ejecutado | D35: Prog. | E35: Ejecutado | F35: Prog. | G35: Ejecutado | H35: Prog. | I35: Ejecutado | J35: Prog. | K35: Ejecutado
A36: Recurso Humano | J36: =+B18+D18+F18+H18+B27+D27+F27+H27+B36+D36+F36+H36 -> 11956744 | K36: =+C18+E18+G18+I18+C27+E27+G27+I27+C36+E36+G36+I36 -> 11675828
A37: Gastos de operación | J37: =+B19+D19+F19+H19+B28+D28+F28+H28+B37+D37+F37+H37 -> 5303302.2 | K37: =+C19+E19+G19+I19+C28+E28+G28+I28+C37+E37+G37+I37 -> 2016069.5
A38: TOTAL | B38: =SUM(B36:B37) -> 0 | C38: =SUM(C36:C37) -> 0 | D38: =SUM(D36:D37) -> 0 | E38: =SUM(E36:E37) -> 0 | F38: =SUM(F36:F37) -> 0 | G38: =SUM(G36:G37) -> 0 | H38: =SUM(H36:H37) -> 0 | I38: =SUM(I36:I37) -> 0 | ... K38: =SUM(K36:K37) -> 13691898
A40: Resumen año 2024
A41: Categoría del gasto | B41: año 2024
B42: Presupuestado | C42: Ejecutado
A43: Recurso Humano | B43: =+J18+J27+J36 -> 11956744 | C43: =+K18+K27+K36 -> 11675828
A44: Gastos de operación | B44: =+J19+J28+J37 -> 5303302.2 | C44: =+K19+K28+K37 -> 2016069.5
A45: TOTAL | B45: =SUM(B43:B44) -> 17260046 | C45: =SUM(C43:C44) -> 13691898
A69: Elaborado por: | C69: ___________________________ | F69: Autorizado por: | H69: ___________________________________
C70: Víctor Cresencio Reyes Porres | H70: Lic. Douglas Antonio Díaz Rivera
C71: Jefe de Contabilidad | H71: Representante Legal
A72: Fecha: | C72: 10 de abril 2025

Sheet ABRIL DECE-6
B7: ÀREA FINANCIERA | J7: DECE-6
A9: UNIDAD DE CIRUGIA CARDIOVASCULAR DE GUATEMALA
A10: 5a. AVENIDA 6-22 ZONA 11
A11: CORREO ELECTRÓNICO Y TELÉFONO
A12: dgunicar@yahoo.es Tel. 24163000
A14: Ejecucion fìnanciera por categoria del gasto del mes de abril, año 2025
A16: Categoría del gasto de funcionamiento | B16: Enero | D16: Febrero | F16: Marzo | H16: Abril
B17: Prog. | C17: Ejecutado | D17: Prog. | E17: Ejecutado | F17: Prog. | G17: Ejecutado | H17: Prog. | I17: Ejecutado
A18: Recurso Humano | B18: 3985581.3 | C18: 3830190.3 | D18: 3985581.3 | E18: 3893734.5 | F18: 3985581.3 | G18: 3951903.5 | H18: 3985581.3 | I18: 3946986.7
A19: Gastos de operación | B19: 1165344.2 | C19: 0 | D19: 3598165.6 | E19: 136886.92 | F19: 539792.39 | G19: 1879182.5 | H19: 227262.65 | I19: 1267854.5
A20: Propiedad planta y equipo | B20: 0 | C20: 0 | D20: 0 | E20: 0 | F20: 0 | G20: 0 | H20: 0 | I20: 0
A21: TOTAL | B21: =SUM(B18:B20) -> 5150925.5 | C21: =SUM(C18:C20) -> 3830190.3 | D21: =SUM(D18:D20) -> 7583746.8 | E21: =SUM(E18:E20) -> 4030621.4 | F21: =SUM(F18:F20) -> 4525373.7 | G21: =SUM(G18:G20) -> 5831086.1 | H21: =SUM(H18:H20) -> 4212843.9 | I21: =SUM(I18:I20) -> 5214841.2
A23: Ejecucion fìnanciera por categoria del gasto del mes de mayo, año 2025
A25: Categoría del gasto de funcionamiento | B25: Mayo | D25: Junio | F25: Julio | H25: Agosto
B26: Prog. | C26: Ejecutado | D26: Prog. | E26: Ejecutado | F26: Prog. | G26: Ejecutado | H26: Prog. | I26: Ejecutado
A27: Recurso Humano
A28: Gastos de operación
A29: TOTAL | B29: =SUM(B27:B28) -> 0 | C29: =SUM(C27:C28) -> 0 | D29: =SUM(D27:D28) -> 0 | E29: =SUM(E27:E28) -> 0 | F29: =SUM(F27:F28) -> 0 | G29: =SUM(G27:G28) -> 0 | H29: =SUM(H27:H28) -> 0 | I29: =SUM(I27:I28) -> 0
A32: Ejecucion fìnanciera por categoria del gasto del mes de septiembre, año 2025
A34: Categoría del gasto de funcionamiento | B34: Septiembre | D34: Octubre | F34: Noviembre | H34: Diciembre | J34: Total acumulado anual
B35: Prog. | C35: Ejecutado | D35: Prog. | E35: Ejecutado | F35: Prog. | G35: Ejecutado | H35: Prog. | I35: Ejecutado | J35: Prog. | K35: Ejecutado
A36: Recurso Humano | J36: =+B18+D18+F18+H18+B27+D27+F27+H27+B36+D36+F36+H36 -> 15942325 | K36: =+C18+E18+G18+I18+C27+E27+G27+I27+C36+E36+G36+I36 -> 15622815
A37: Gastos de operación | J37: =+B19+D19+F19+H19+B28+D28+F28+H28+B37+D37+F37+H37 -> 5530564.9 | K37: =+C19+E19+G19+I19+C28+E28+G28+I28+C37+E37+G37+I37 -> 3283924
A38: TOTAL | B38: =SUM(B36:B37) -> 0 | C38: =SUM(C36:C37) -> 0 | D38: =SUM(D36:D37) -> 0 | E38: =SUM(E36:E37) -> 0 | F38: =SUM(F36:F37) -> 0 | G38: =SUM(G36:G37) -> 0 | H38: =SUM(H36:H37) -> 0 | I38: =SUM(I36:I37) -> 0 | ... K38: =SUM(K36:K37) -> 18906739
A40: Resumen año 2024
A41: Categoría del gasto | B41: año 2024
B42: Presupuestado | C42: Ejecutado
A43: Recurso Humano | B43: =+J18+J27+J36 -> 15942325 | C43: =+K18+K27+K36 -> 15622815
A44: Gastos de operación | B44: =+J19+J28+J37 -> 5530564.9 | C44: =+K19+K28+K37 -> 3283924
A45: TOTAL | B45: =SUM(B43:B44) -> 21472890 | C45: =SUM(C43:C44) -> 18906739
A69: Elaborado por: | C69: ___________________________ | F69: Autorizado por: | H69: ___________________________________
C70: Víctor Cresencio Reyes Porres | H70: Lic. Douglas Antonio Díaz Rivera
C71: Jefe de Contabilidad | H71: Representante Legal
A72: Fecha: | C72: 9 de mayo 2025

Sheet EJECUCION FISICA ENERO DECE-8
L2: DECE-8
A6: UNIDAD DE CIRUGIA CARDIOVASCULAR DE GUATEMALA
A7: 5a. AVENIDA 6-22 ZONA 11
A8: dgunicar@yahoo.es Tel. 24163000
B10: Ejecucion y/o avance de cumplimiento de metas fisicas correspondiente al primer cuatrimestre
A11: No. | B11: Meta/Servicio | C11: Enero | E11: Febrero | G11: Marzo | I11: Abril | K11: Total cuatrimestre
C12: Programado | D12: Ejecutado | E12: Programado | F12: Ejecutado | G12: Programado | H12: Ejecutado | I12: Programado | J12: Ejecutado | K12: Programado | L12: Ejecutado
A13: 1 | B13: CIRUGIA DE ADULTOS | C13: 18 | D13: 12 | K13: =+C13+E13+G13+I13 -> 18 | L13: =+D13+F13+H13+J13 -> 12
A14: 2 | B14: CIRUGIA DE PEDIATRIA | C14: 14 | D14: 11 | K14: =+C14+E14+G14+I14 -> 14 | L14: =+D14+F14+H14+J14 -> 11
A15: 3 | B15: HEMODINAMIA ADULTOS | C15: 75 | D15: 96 | K15: =+C15+E15+G15+I15 -> 75 | L15: =+D15+F15+H15+J15 -> 96
A16: 4 | B16: HEMODINAMIA PEDIATRIA | C16: 10 | D16: 8 | K16: =+C16+E16+G16+I16 -> 10 | L16: =+D16+F16+H16+J16 -> 8
A17: 5 | B17: REEMPLAZO VALVULAR POR MEDIO DE ENDOPROTESIS (TAVI) | C17: 0 | D17: 0 | K17: =+C17+E17+G17+I17 -> 0 | L17: =+D17+F17+H17+J17 -> 0
A18: 6 | B18: ANGIOPLASTIA COMPLEJA CON ROTABLATOR Y ULTRASONIDO INTRACAVITARIO | C18: 0 | D18: 1 | K18: =+C18+E18+G18+I18 -> 0 | L18: =+D18+F18+H18+J18 -> 1
A19: 7 | B19: IMPLANTE ENDOVENOSO DE MARCAPASOS INCLUYENDO DISPOSITIVO | C19: 0 | D19: 5 | K19: =+C19+E19+G19+I19 -> 0 | L19: =+D19+F19+H19+J19 -> 5
A20: 8 | B20: ECOCARDIOGRAMA ADULTOS | C20: 400 | D20: 406 | K20: =+C20+E20+G20+I20 -> 400 | L20: =+D20+F20+H20+J20 -> 406
A21: 9 | B21: ECOCARDIOGRAMA PEDIATRIA | C21: 300 | D21: 393 | K21: =+C21+E21+G21+I21 -> 300 | L21: =+D21+F21+H21+J21 -> 393
A22: 10 | B22: ELECTROCARDIOGRAMAS ADULTOS | C22: 100 | D22: 178 | K22: =+C22+E22+G22+I22 -> 100 | L22: =+D22+F22+H22+J22 -> 178
A23: 11 | B23: ELECTROCARDIOGRAMAS PEDIATRIA | C23: 145 | D23: 170 | K23: =+C23+E23+G23+I23 -> 145 | L23: =+D23+F23+H23+J23 -> 170
A24: 12 | B24: CONSULTAS MEDICAS ADULTOS | C24: 900 | D24: 1331 | K24: =+C24+E24+G24+I24 -> 900 | L24: =+D24+F24+H24+J24 -> 1331
... A31: 19 | B31: MONITOREO DE PRESION ARTERIAL | C31: 5 | D31: 16 | K31: =+C31+E31+G31+I31 -> 5 | L31: =+D31+F31+H31+J31 -> 16
A32: Total servicios/beneficiarios | C32: =SUM(C13:C31) -> 2499 | D32: =SUM(D13:D31) -> 3410 | E32: =SUM(E13:E31) -> 0 | F32: =SUM(F13:F31) -> 0 | G32: =SUM(G13:G31) -> 0 | H32: =SUM(H13:H31) -> 0 | I32: =SUM(I13:I31) -> 0 | J32: =SUM(J13:J31) -> 0 | ... L32: =SUM(L13:L31) -> 3410
B34: Ejecucion y/o avance de cumplimiento de metas fisicas correspondiente al segundo cuatrimestre
A35: No. | B35: Meta/Servicio | C35: Mayo | E35: Junio | G35: Julio | I35: Agosto | K35: Total cuatrimestre | M35: Total acumulado
C36: Programado | D36: Ejecutado | E36: Programado | F36: Ejecutado | G36: Programado | H36: Ejecutado | I36: Programado | J36: Ejecutado | K36: Programado | L36: Ejecutado | M36: Programado | N36: Ejecutado
A37: 1 | B37: CIRUGIA DE ADULTOS | K37: =+C37+E37+G37+I37 -> 0 | L37: =+D37+F37+H37+J37 -> 0 | M37: =+K37+K13 -> 18 | N37: =+L37+L13 -> 12
A38: 2 | B38: CIRUGIA DE PEDIATRIA | K38: =+C38+E38+G38+I38 -> 0 | L38: =+D38+F38+H38+J38 -> 0 | M38: =+K38+K14 -> 14 | N38: =+L38+L14 -> 11
A39: 3 | B39: HEMODINAMIA ADULTOS | K39: =+C39+E39+G39+I39 -> 0 | L39: =+D39+F39+H39+J39 -> 0 | M39: =+K39+K15 -> 75 | N39: =+L39+L15 -> 96
A40: 4 | B40: HEMODINAMIA PEDIATRIA | K40: =+C40+E40+G40+I40 -> 0 | L40: =+D40+F40+H40+J40 -> 0 | M40: =+K40+K16 -> 10 | N40: =+L40+L16 -> 8
A41: 5 | B41: REEMPLAZO VALVULAR POR MEDIO DE ENDOPROTESIS (TAVI) | K41: =+C41+E41+G41+I41 -> 0 | L41: =+D41+F41+H41+J41 -> 0 | M41: =+K41+K17 -> 0 | N41: =+L41+L17 -> 0
A42: 6 | B42: ANGIOPLASTIA COMPLEJA CON ROTABLATOR Y ULTRASONIDO INTRACAVITARIO | K42: =+C42+E42+G42+I42 -> 0 | L42: =+D42+F42+H42+J42 -> 0 | M42: =+K42+K18 -> 0 | N42: =+L42+L18 -> 1
A43: 7 | B43: IMPLANTE ENDOVENOSO DE MARCAPASOS INCLUYENDO DISPOSITIVO | K43: =+C43+E43+G43+I43 -> 0 | L43: =+D43+F43+H43+J43 -> 0 | M43: =+K43+K19 -> 0 | N43: =+L43+L19 -> 5
A44: 8 | B44: ECOCARDIOGRAMA ADULTOS | K44: =+C44+E44+G44+I44 -> 0 | L44: =+D44+F44+H44+J44 -> 0 | M44: =+K44+K20 -> 400 | N44: =+L44+L20 -> 406
A45: 9 | B45: ECOCARDIOGRAMA PEDIATRIA | K45: =+C45+E45+G45+I45 -> 0 | L45: =+D45+F45+H45+J45 -> 0 | M45: =+K45+K21 -> 300 | N45: =+L45+L21 -> 393
A46: 10 | B46: ELECTROCARDIOGRAMAS ADULTOS | K46: =+C46+E46+G46+I46 -> 0 | L46: =+D46+F46+H46+J46 -> 0 | M46: =+K46+K22 -> 100 | N46: =+L46+L22 -> 178
A47: 11 | B47: ELECTROCARDIOGRAMAS PEDIATRIA | K47: =+C47+E47+G47+I47 -> 0 | L47: =+D47+F47+H47+J47 -> 0 | M47: =+K47+K23 -> 145 | N47: =+L47+L23 -> 170
A48: 12 | B48: CONSULTAS MEDICAS ADULTOS | K48: =+C48+E48+G48+I48 -> 0 | L48: =+D48+F48+H48+J48 -> 0 | M48: =+K48+K24 -> 900 | N48: =+L48+L24 -> 1331
... A55: 19 | B55: MONITOREO DE PRESION ARTERIAL | K55: =+C55+E55+G55+I55 -> 0 | L55: =+D55+F55+H55+J55 -> 0 | M55: =+K55+K31 -> 5 | N55: =+L55+L31 -> 16
A56: Total servicios/beneficiarios | C56: =SUM(C37:C55) -> 0 | D56: =SUM(D37:D55) -> 0 | E56: =SUM(E37:E55) -> 0 | F56: =SUM(F37:F55) -> 0 | G56: =SUM(G37:G55) -> 0 | H56: =SUM(H37:H55) -> 0 | I56: =SUM(I37:I55) -> 0 | J56: =SUM(J37:J55) -> 0 | ... N56: =SUM(N37:N55) -> 3410
B58: Ejecucion y/o avance de cumplimiento de metas fisicas correspondiente al tercer cuatrimestre
A59: No. | B59: Meta/Servicio | C59: Septiembre | E59: Octubre | G59: Noviembre | I59: Diciembre | K59: Totales | M59: Total acumulado anual
C60: Programado | D60: Ejecutado | E60: Programado | F60: Ejecutado | G60: Programado | H60: Ejecutado | I60: Programado | J60: Ejecutado | K60: Programado | L60: Ejecutado | M60: Programado | N60: Ejecutado
A61: 1 | B61: CIRUGIA DE ADULTOS | K61: =+C61+E61+G61+I61 -> 0 | L61: =+D61+F61+H61+J61 -> 0 | M61: =+K61+M37 -> 18 | N61: =+L61+N37 -> 12
A62: 2 | B62: CIRUGIA DE PEDIATRIA | K62: =+C62+E62+G62+I62 -> 0 | L62: =+D62+F62+H62+J62 -> 0 | M62: =+K62+M38 -> 14 | N62: =+L62+N38 -> 11
A63: 3 | B63: HEMODINAMIA ADULTOS | K63: =+C63+E63+G63+I63 -> 0 | L63: =+D63+F63+H63+J63 -> 0 | M63: =+K63+M39 -> 75 | N63: =+L63+N39 -> 96
A64: 4 | B64: HEMODINAMIA PEDIATRIA | K64: =+C64+E64+G64+I64 -> 0 | L64: =+D64+F64+H64+J64 -> 0 | M64: =+K64+M40 -> 10 | N64: =+L64+N40 -> 8
A65: 5 | B65: REEMPLAZO VALVULAR POR MEDIO DE ENDOPROTESIS (TAVI) | K65: =+C65+E65+G65+I65 -> 0 | L65: =+D65+F65+H65+J65 -> 0 | M65: =+K65+M41 -> 0 | N65: =+L65+N41 -> 0
A66: 6 | B66: ANGIOPLASTIA COMPLEJA CON ROTABLATOR Y ULTRASONIDO INTRACAVITARIO | K66: =+C66+E66+G66+I66 -> 0 | L66: =+D66+F66+H66+J66 -> 0 | M66: =+K66+M42 -> 0 | N66: =+L66+N42 -> 1
A67: 7 | B67: IMPLANTE ENDOVENOSO DE MARCAPASOS INCLUYENDO DISPOSITIVO | K67: =+C67+E67+G67+I67 -> 0 | L67: =+D67+F67+H67+J67 -> 0 | M67: =+K67+M43 -> 0 | N67: =+L67+N43 -> 5
A68: 8 | B68: ECOCARDIOGRAMA ADULTOS | K68: =+C68+E68+G68+I68 -> 0 | L68: =+D68+F68+H68+J68 -> 0 | M68: =+K68+M44 -> 400 | N68: =+L68+N44 -> 406
A69: 9 | B69: ECOCARDIOGRAMA PEDIATRIA | K69: =+C69+E69+G69+I69 -> 0 | L69: =+D69+F69+H69+J69 -> 0 | M69: =+K69+M45 -> 300 | N69: =+L69+N45 -> 393
A70: 10 | B70: ELECTROCARDIOGRAMAS ADULTOS | K70: =+C70+E70+G70+I70 -> 0 | L70: =+D70+F70+H70+J70 -> 0 | M70: =+K70+M46 -> 100 | N70: =+L70+N46 -> 178
A71: 11 | B71: ELECTROCARDIOGRAMAS PEDIATRIA | K71: =+C71+E71+G71+I71 -> 0 | L71: =+D71+F71+H71+J71 -> 0 | M71: =+K71+M47 -> 145 | N71: =+L71+N47 -> 170
A72: 12 | B72: CONSULTAS MEDICAS ADULTOS | K72: =+C72+E72+G72+I72 -> 0 | L72: =+D72+F72+H72+J72 -> 0 | M72: =+K72+M48 -> 900 | N72: =+L72+N48 -> 1331
... A79: 19 | B79: MONITOREO DE PRESION ARTERIAL | K79: =+C79+E79+G79+I79 -> 0 | L79: =+D79+F79+H79+J79 -> 0 | M79: =+K79+M55 -> 5 | N79: =+L79+N55 -> 16
A80: Total | C80: =SUM(C61:C79) -> 0 | D80: =SUM(D61:D79) -> 0 | E80: =SUM(E61:E79) -> 0 | F80: =SUM(F61:F79) -> 0 | G80: =SUM(G61:G79) -> 0 | H80: =SUM(H61:H79) -> 0 | I80: =SUM(I61:I79) -> 0 | J80: =SUM(J61:J79) -> 0 | ... N80: =SUM(N61:N79) -> 3410
B103: RESUMEN AÑO 2024
A104: No. | B104: Meta/Servicio | C104: Totales
C105: Programado | D105: Ejecutado
A106: 1 | B106: CIRUGIA DE ADULTOS | C106: =+K13+K37+K61 -> 18 | D106: =+L13+L37+L61 -> 12
A107: 2 | B107: CIRUGIA DE PEDIATRIA | C107: =+K14+K38+K62 -> 14 | D107: =+L14+L38+L62 -> 11
A108: 3 | B108: HEMODINAMIA ADULTOS | C108: =+K15+K39+K63 -> 75 | D108: =+L15+L39+L63 -> 96
A109: 4 | B109: HEMODINAMIA PEDIATRIA | C109: =+K16+K40+K64 -> 10 | D109: =+L16+L40+L64 -> 8
A110: 5 | B110: REEMPLAZO VALVULAR POR MEDIO DE ENDOPROTESIS (TAVI) | C110: =+K17+K41+K65 -> 0 | D110: =+L17+L41+L65 -> 0
A111: 6 | B111: ANGIOPLASTIA COMPLEJA CON ROTABLATOR Y ULTRASONIDO INTRACAVITARIO | C111: =+K18+K42+K66 -> 0 | D111: =+L18+L42+L66 -> 1
A112: 7 | B112: IMPLANTE ENDOVENOSO DE MARCAPASOS INCLUYENDO DISPOSITIVO | C112: =+K19+K43+K67 -> 0 | D112: =+L19+L43+L67 -> 5
A113: 8 | B113: ECOCARDIOGRAMA ADULTOS | C113: =+K20+K44+K68 -> 400 | D113: =+L20+L44+L68 -> 406
A114: 9 | B114: ECOCARDIOGRAMA PEDIATRIA | C114: =+K21+K45+K69 -> 300 | D114: =+L21+L45+L69 -> 393
A115: 10 | B115: ELECTROCARDIOGRAMAS ADULTOS | C115: =+K22+K46+K70 -> 100 | D115: =+L22+L46+L70 -> 178
A116: 11 | B116: ELECTROCARDIOGRAMAS PEDIATRIA | C116: =+K23+K47+K71 -> 145 | D116: =+L23+L47+L71 -> 170
A117: 12 | B117: CONSULTAS MEDICAS ADULTOS | C117: =+K24+K48+K72 -> 900 | D117: =+L24+L48+L72 -> 1331
... A124: 19 | B124: MONITOREO DE PRESION ARTERIAL | C124: =+K31+K55+K79 -> 5 | D124: =+L31+L55+L79 -> 16
A125: Total | C125: =SUM(C106:C124) -> 2499 | D125: =SUM(D106:D124) -> 3410
B157: Elaborado por: | C157: ___________________________ | F157: Autorizado por: | H157: _______________________________________
C158: VÍctor Cresencio Reyes Porres | H158: Lic. Douglas Antonio Díaz Rivera
C159: Jefe de Contabilidad | H159: Representante Legal
B160: Fecha: | C160: 10 de febrero 2,025

Sheet EJECUCION FISICA FEBRERO DECE-8
L2: DECE-8
A6: UNIDAD DE CIRUGIA CARDIOVASCULAR DE GUATEMALA
A7: 5a. AVENIDA 6-22 ZONA 11
A8: dgunicar@yahoo.es Tel. 24163000
B10: Ejecucion y/o avance de cumplimiento de metas fisicas correspondiente al primer cuatrimestre
A11: No. | B11: Meta/Servicio | C11: Enero | E11: Febrero | G11: Marzo | I11: Abril | K11: Total cuatrimestre
C12: Programado | D12: Ejecutado | E12: Programado | F12: Ejecutado | G12: Programado | H12: Ejecutado | I12: Programado | J12: Ejecutado | K12: Programado | L12: Ejecutado
A13: 1 | B13: CIRUGIA DE ADULTOS | C13: 18 | D13: 12 | E13: 19 | F13: 19 | K13: =+C13+E13+G13+I13 -> 37 | L13: =+D13+F13+H13+J13 -> 31
A14: 2 | B14: CIRUGIA DE PEDIATRIA | C14: 14 | D14: 11 | E14: 16 | F14: 9 | K14: =+C14+E14+G14+I14 -> 30 | L14: =+D14+F14+H14+J14 -> 20
A15: 3 | B15: HEMODINAMIA ADULTOS | C15: 75 | D15: 96 | E15: 82 | F15: 80 | K15: =+C15+E15+G15+I15 -> 157 | L15: =+D15+F15+H15+J15 -> 176
A16: 4 | B16: HEMODINAMIA PEDIATRIA | C16: 10 | D16: 8 | E16: 16 | F16: 13 | K16: =+C16+E16+G16+I16 -> 26 | L16: =+D16+F16+H16+J16 -> 21
A17: 5 | B17: REEMPLAZO VALVULAR POR MEDIO DE ENDOPROTESIS (TAVI) | C17: 0 | D17: 0 | E17: 0 | F17: 0 | K17: =+C17+E17+G17+I17 -> 0 | L17: =+D17+F17+H17+J17 -> 0
A18: 6 | B18: ANGIOPLASTIA COMPLEJA CON ROTABLATOR Y ULTRASONIDO INTRACAVITARIO | C18: 0 | D18: 1 | E18: 0 | F18: 0 | K18: =+C18+E18+G18+I18 -> 0 | L18: =+D18+F18+H18+J18 -> 1
A19: 7 | B19: IMPLANTE ENDOVENOSO DE MARCAPASOS INCLUYENDO DISPOSITIVO | C19: 0 | D19: 5 | E19: 2 | F19: 3 | K19: =+C19+E19+G19+I19 -> 2 | L19: =+D19+F19+H19+J19 -> 8
A20: 8 | B20: ECOCARDIOGRAMA ADULTOS | C20: 400 | D20: 406 | E20: 425 | F20: 481 | K20: =+C20+E20+G20+I20 -> 825 | L20: =+D20+F20+H20+J20 -> 887
A21: 9 | B21: ECOCARDIOGRAMA PEDIATRIA | C21: 300 | D21: 393 | E21: 350 | F21: 285 | K21: =+C21+E21+G21+I21 -> 650 | L21: =+D21+F21+H21+J21 -> 678
A22: 10 | B22: ELECTROCARDIOGRAMAS ADULTOS | C22: 100 | D22: 178 | E22: 150 | F22: 180 | K22: =+C22+E22+G22+I22 -> 250 | L22: =+D22+F22+H22+J22 -> 358
A23: 11 | B23: ELECTROCARDIOGRAMAS PEDIATRIA | C23: 145 | D23: 170 | E23: 170 | F23: 157 | K23: =+C23+E23+G23+I23 -> 315 | L23: =+D23+F23+H23+J23 -> 327
A24: 12 | B24: CONSULTAS MEDICAS ADULTOS | C24: 900 | D24: 1331 | E24: 1075 | F24: 1385 | K24: =+C24+E24+G24+I24 -> 1975 | L24: =+D24+F24+H24+J24 -> 2716
... A31: 19 | B31: MONITOREO DE PRESION ARTERIAL | C31: 5 | D31: 16 | E31: 11 | F31: 15 | K31: =+C31+E31+G31+I31 -> 16 | L31: =+D31+F31+H31+J31 -> 31
A32: Total servicios/beneficiarios | C32: =SUM(C13:C31) -> 2499 | D32: =SUM(D13:D31) -> 3410 | E32: =SUM(E13:E31) -> 3016 | F32: =SUM(F13:F31) -> 3268 | G32: =SUM(G13:G31) -> 0 | H32: =SUM(H13:H31) -> 0 | I32: =SUM(I13:I31) -> 0 | J32: =SUM(J13:J31) -> 0 | ... L32: =SUM(L13:L31) -> 6678
B34: Ejecucion y/o avance de cumplimiento de metas fisicas correspondiente al segundo cuatrimestre
A35: No. | B35: Meta/Servicio | C35: Mayo | E35: Junio | G35: Julio | I35: Agosto | K35: Total cuatrimestre | M35: Total acumulado
C36: Programado | D36: Ejecutado | E36: Programado | F36: Ejecutado | G36: Programado | H36: Ejecutado | I36: Programado | J36: Ejecutado | K36: Programado | L36: Ejecutado | M36: Programado | N36: Ejecutado
A37: 1 | B37: CIRUGIA DE ADULTOS | K37: =+C37+E37+G37+I37 -> 0 | L37: =+D37+F37+H37+J37 -> 0 | M37: =+K37+K13 -> 37 | N37: =+L37+L13 -> 31
A38: 2 | B38: CIRUGIA DE PEDIATRIA | K38: =+C38+E38+G38+I38 -> 0 | L38: =+D38+F38+H38+J38 -> 0 | M38: =+K38+K14 -> 30 | N38: =+L38+L14 -> 20
A39: 3 | B39: HEMODINAMIA ADULTOS | K39: =+C39+E39+G39+I39 -> 0 | L39: =+D39+F39+H39+J39 -> 0 | M39: =+K39+K15 -> 157 | N39: =+L39+L15 -> 176
A40: 4 | B40: HEMODINAMIA PEDIATRIA | K40: =+C40+E40+G40+I40 -> 0 | L40: =+D40+F40+H40+J40 -> 0 | M40: =+K40+K16 -> 26 | N40: =+L40+L16 -> 21
A41: 5 | B41: REEMPLAZO VALVULAR POR MEDIO DE ENDOPROTESIS (TAVI) | K41: =+C41+E41+G41+I41 -> 0 | L41: =+D41+F41+H41+J41 -> 0 | M41: =+K41+K17 -> 0 | N41: =+L41+L17 -> 0
A42: 6 | B42: ANGIOPLASTIA COMPLEJA CON ROTABLATOR Y ULTRASONIDO INTRACAVITARIO | K42: =+C42+E42+G42+I42 -> 0 | L42: =+D42+F42+H42+J42 -> 0 | M42: =+K42+K18 -> 0 | N42: =+L42+L18 -> 1
A43: 7 | B43: IMPLANTE ENDOVENOSO DE MARCAPASOS INCLUYENDO DISPOSITIVO | K43: =+C43+E43+G43+I43 -> 0 | L43: =+D43+F43+H43+J43 -> 0 | M43: =+K43+K19 -> 2 | N43: =+L43+L19 -> 8
A44: 8 | B44: ECOCARDIOGRAMA ADULTOS | K44: =+C44+E44+G44+I44 -> 0 | L44: =+D44+F44+H44+J44 -> 0 | M44: =+K44+K20 -> 825 | N44: =+L44+L20 -> 887
A45: 9 | B45: ECOCARDIOGRAMA PEDIATRIA | K45: =+C45+E45+G45+I45 -> 0 | L45: =+D45+F45+H45+J45 -> 0 | M45: =+K45+K21 -> 650 | N45: =+L45+L21 -> 678
A46: 10 | B46: ELECTROCARDIOGRAMAS ADULTOS | K46: =+C46+E46+G46+I46 -> 0 | L46: =+D46+F46+H46+J46 -> 0 | M46: =+K46+K22 -> 250 | N46: =+L46+L22 -> 358
A47: 11 | B47: ELECTROCARDIOGRAMAS PEDIATRIA | K47: =+C47+E47+G47+I47 -> 0 | L47: =+D47+F47+H47+J47 -> 0 | M47: =+K47+K23 -> 315 | N47: =+L47+L23 -> 327
A48: 12 | B48: CONSULTAS MEDICAS ADULTOS | K48: =+C48+E48+G48+I48 -> 0 | L48: =+D48+F48+H48+J48 -> 0 | M48: =+K48+K24 -> 1975 | N48: =+L48+L24 -> 2716
... A55: 19 | B55: MONITOREO DE PRESION ARTERIAL | K55: =+C55+E55+G55+I55 -> 0 | L55: =+D55+F55+H55+J55 -> 0 | M55: =+K55+K31 -> 16 | N55: =+L55+L31 -> 31
A56: Total servicios/beneficiarios | C56: =SUM(C37:C55) -> 0 | D56: =SUM(D37:D55) -> 0 | E56: =SUM(E37:E55) -> 0 | F56: =SUM(F37:F55) -> 0 | G56: =SUM(G37:G55) -> 0 | H56: =SUM(H37:H55) -> 0 | I56: =SUM(I37:I55) -> 0 | J56: =SUM(J37:J55) -> 0 | ... N56: =SUM(N37:N55) -> 6678
B58: Ejecucion y/o avance de cumplimiento de metas fisicas correspondiente al tercer cuatrimestre
A59: No. | B59: Meta/Servicio | C59: Septiembre | E59: Octubre | G59: Noviembre | I59: Diciembre | K59: Totales | M59: Total acumulado anual
C60: Programado | D60: Ejecutado | E60: Programado | F60: Ejecutado | G60: Programado | H60: Ejecutado | I60: Programado | J60: Ejecutado | K60: Programado | L60: Ejecutado | M60: Programado | N60: Ejecutado
A61: 1 | B61: CIRUGIA DE ADULTOS | K61: =+C61+E61+G61+I61 -> 0 | L61: =+D61+F61+H61+J61 -> 0 | M61: =+K61+M37 -> 37 | N61: =+L61+N37 -> 31
A62: 2 | B62: CIRUGIA DE PEDIATRIA | K62: =+C62+E62+G62+I62 -> 0 | L62: =+D62+F62+H62+J62 -> 0 | M62: =+K62+M38 -> 30 | N62: =+L62+N38 -> 20
A63: 3 | B63: HEMODINAMIA ADULTOS | K63: =+C63+E63+G63+I63 -> 0 | L63: =+D63+F63+H63+J63 -> 0 | M63: =+K63+M39 -> 157 | N63: =+L63+N39 -> 176
A64: 4 | B64: HEMODINAMIA PEDIATRIA | K64: =+C64+E64+G64+I64 -> 0 | L64: =+D64+F64+H64+J64 -> 0 | M64: =+K64+M40 -> 26 | N64: =+L64+N40 -> 21
A65: 5 | B65: REEMPLAZO VALVULAR POR MEDIO DE ENDOPROTESIS (TAVI) | K65: =+C65+E65+G65+I65 -> 0 | L65: =+D65+F65+H65+J65 -> 0 | M65: =+K65+M41 -> 0 | N65: =+L65+N41 -> 0
A66: 6 | B66: ANGIOPLASTIA COMPLEJA CON ROTABLATOR Y ULTRASONIDO INTRACAVITARIO | K66: =+C66+E66+G66+I66 -> 0 | L66: =+D66+F66+H66+J66 -> 0 | M66: =+K66+M42 -> 0 | N66: =+L66+N42 -> 1
A67: 7 | B67: IMPLANTE ENDOVENOSO DE MARCAPASOS INCLUYENDO DISPOSITIVO | K67: =+C67+E67+G67+I67 -> 0 | L67: =+D67+F67+H67+J67 -> 0 | M67: =+K67+M43 -> 2 | N67: =+L67+N43 -> 8
A68: 8 | B68: ECOCARDIOGRAMA ADULTOS | K68: =+C68+E68+G68+I68 -> 0 | L68: =+D68+F68+H68+J68 -> 0 | M68: =+K68+M44 -> 825 | N68: =+L68+N44 -> 887
A69: 9 | B69: ECOCARDIOGRAMA PEDIATRIA | K69: =+C69+E69+G69+I69 -> 0 | L69: =+D69+F69+H69+J69 -> 0 | M69: =+K69+M45 -> 650 | N69: =+L69+N45 -> 678
A70: 10 | B70: ELECTROCARDIOGRAMAS ADULTOS | K70: =+C70+E70+G70+I70 -> 0 | L70: =+D70+F70+H70+J70 -> 0 | M70: =+K70+M46 -> 250 | N70: =+L70+N46 -> 358
A71: 11 | B71: ELECTROCARDIOGRAMAS PEDIATRIA | K71: =+C71+E71+G71+I71 -> 0 | L71: =+D71+F71+H71+J71 -> 0 | M71: =+K71+M47 -> 315 | N71: =+L71+N47 -> 327
A72: 12 | B72: CONSULTAS MEDICAS ADULTOS | K72: =+C72+E72+G72+I72 -> 0 | L72: =+D72+F72+H72+J72 -> 0 | M72: =+K72+M48 -> 1975 | N72: =+L72+N48 -> 2716
... A79: 19 | B79: MONITOREO DE PRESION ARTERIAL | K79: =+C79+E79+G79+I79 -> 0 | L79: =+D79+F79+H79+J79 -> 0 | M79: =+K79+M55 -> 16 | N79: =+L79+N55 -> 31
A80: Total | C80: =SUM(C61:C79) -> 0 | D80: =SUM(D61:D79) -> 0 | E80: =SUM(E61:E79) -> 0 | F80: =SUM(F61:F79) -> 0 | G80: =SUM(G61:G79) -> 0 | H80: =SUM(H61:H79) -> 0 | I80: =SUM(I61:I79) -> 0 | J80: =SUM(J61:J79) -> 0 | ... N80: =SUM(N61:N79) -> 6678
B103: RESUMEN AÑO 2024
A104: No. | B104: Meta/Servicio | C104: Totales
C105: Programado | D105: Ejecutado
A106: 1 | B106: CIRUGIA DE ADULTOS | C106: =+K13+K37+K61 -> 37 | D106: =+L13+L37+L61 -> 31
A107: 2 | B107: CIRUGIA DE PEDIATRIA | C107: =+K14+K38+K62 -> 30 | D107: =+L14+L38+L62 -> 20
A108: 3 | B108: HEMODINAMIA ADULTOS | C108: =+K15+K39+K63 -> 157 | D108: =+L15+L39+L63 -> 176
A109: 4 | B109: HEMODINAMIA PEDIATRIA | C109: =+K16+K40+K64 -> 26 | D109: =+L16+L40+L64 -> 21
A110: 5 | B110: REEMPLAZO VALVULAR POR MEDIO DE ENDOPROTESIS (TAVI) | C110: =+K17+K41+K65 -> 0 | D110: =+L17+L41+L65 -> 0
A111: 6 | B111: ANGIOPLASTIA COMPLEJA CON ROTABLATOR Y ULTRASONIDO INTRACAVITARIO | C111: =+K18+K42+K66 -> 0 | D111: =+L18+L42+L66 -> 1
A112: 7 | B112: IMPLANTE ENDOVENOSO DE MARCAPASOS INCLUYENDO DISPOSITIVO | C112: =+K19+K43+K67 -> 2 | D112: =+L19+L43+L67 -> 8
A113: 8 | B113: ECOCARDIOGRAMA ADULTOS | C113: =+K20+K44+K68 -> 825 | D113: =+L20+L44+L68 -> 887
A114: 9 | B114: ECOCARDIOGRAMA PEDIATRIA | C114: =+K21+K45+K69 -> 650 | D114: =+L21+L45+L69 -> 678
A115: 10 | B115: ELECTROCARDIOGRAMAS ADULTOS | C115: =+K22+K46+K70 -> 250 | D115: =+L22+L46+L70 -> 358
A116: 11 | B116: ELECTROCARDIOGRAMAS PEDIATRIA | C116: =+K23+K47+K71 -> 315 | D116: =+L23+L47+L71 -> 327
A117: 12 | B117: CONSULTAS MEDICAS ADULTOS | C117: =+K24+K48+K72 -> 1975 | D117: =+L24+L48+L72 -> 2716
... A124: 19 | B124: MONITOREO DE PRESION ARTERIAL | C124: =+K31+K55+K79 -> 16 | D124: =+L31+L55+L79 -> 31
A125: Total | C125: =SUM(C106:C124) -> 5515 | D125: =SUM(D106:D124) -> 6678
B157: Elaborado por: | C157: ___________________________ | F157: Autorizado por: | H157: _______________________________________
C158: VÍctor Cresencio Reyes Porres | H158: Lic. Douglas Antonio Díaz Rivera
C159: Jefe de Contabilidad | H159: Representante Legal
B160: Fecha: | C160: 10 de marzo 2,025

Sheet EJECUCION FISICA MARZO DECE-8
L2: DECE-8
A6: UNIDAD DE CIRUGIA CARDIOVASCULAR DE GUATEMALA
A7: 5a. AVENIDA 6-22 ZONA 11
A8: dgunicar@yahoo.es Tel. 24163000
B10: Ejecucion mes de marzo, de metas fisicas y servicios, año 2025
A11: No. | B11: Meta/Servicio | C11: Enero | E11: Febrero | G11: Marzo | I11: Abril
C12: Programado | D12: Ejecutado | E12: Programado | F12: Ejecutado | G12: Programado | H12: Ejecutado | I12: Programado | J12: Ejecutado
A13: 1 | B13: CIRUGIA DE ADULTOS | C13: 18 | D13: 12 | E13: 19 | F13: 19 | G13: 19 | H13: 14
A14: 2 | B14: CIRUGIA DE PEDIATRIA | C14: 14 | D14: 11 | E14: 16 | F14: 9 | G14: 16 | H14: 11
A15: 3 | B15: HEMODINAMIA ADULTOS | C15: 75 | D15: 96 | E15: 82 | F15: 80 | G15: 82 | H15: 93
A16: 4 | B16: HEMODINAMIA PEDIATRIA | C16: 10 | D16: 8 | E16: 16 | F16: 13 | G16: 15 | H16: 9
A17: 5 | B17: REEMPLAZO VALVULAR POR MEDIO DE ENDOPROTESIS (TAVI) | C17: 0 | D17: 0 | E17: 0 | F17: 0 | G17: 0 | H17: 0
A18: 6 | B18: ANGIOPLASTIA COMPLEJA CON ROTABLATOR Y ULTRASONIDO INTRACAVITARIO | C18: 0 | D18: 1 | E18: 0 | F18: 0 | G18: 4 | H18: 1
A19: 7 | B19: IMPLANTE ENDOVENOSO DE MARCAPASOS INCLUYENDO DISPOSITIVO | C19: 0 | D19: 5 | E19: 2 | F19: 3 | G19: 3 | H19: 1
A20: 8 | B20: ECOCARDIOGRAMA ADULTOS | C20: 400 | D20: 406 | E20: 425 | F20: 481 | G20: 425 | H20: 468
A21: 9 | B21: ECOCARDIOGRAMA PEDIATRIA | C21: 300 | D21: 393 | E21: 350 | F21: 285 | G21: 375 | H21: 332
A22: 10 | B22: ELECTROCARDIOGRAMAS ADULTOS | C22: 100 | D22: 178 | E22: 150 | F22: 180 | G22: 150 | H22: 176
A23: 11 | B23: ELECTROCARDIOGRAMAS PEDIATRIA | C23: 145 | D23: 170 | E23: 170 | F23: 157 | G23: 170 | H23: 257
A24: 12 | B24: CONSULTAS MEDICAS ADULTOS | C24: 900 | D24: 1331 | E24: 1075 | F24: 1385 | G24: 1075 | H24: 1092
... A31: 19 | B31: MONITOREO DE PRESION ARTERIAL | C31: 5 | D31: 16 | E31: 11 | F31: 15 | G31: 11 | H31: 15
A32: Total servicios/beneficiarios | C32: =SUM(C13:C31) -> 2499 | D32: =SUM(D13:D31) -> 3410 | E32: =SUM(E13:E31) -> 3016 | F32: =SUM(F13:F31) -> 3268 | G32: =SUM(G13:G31) -> 3046 | H32: =SUM(H13:H31) -> 3084 | I32: =SUM(I13:I31) -> 0 | J32: =SUM(J13:J31) -> 0
B34: Ejecucion mes de marzo, de metas fisicas y servicios, año 2025
A35: No. | B35: Meta/Servicio | C35: Mayo | E35: Junio | G35: Julio | I35: Agosto
C36: Programado | D36: Ejecutado | E36: Programado | F36: Ejecutado | G36: Programado | H36: Ejecutado | I36: Programado | J36: Ejecutado
A37: 1 | B37: CIRUGIA DE ADULTOS
A38: 2 | B38: CIRUGIA DE PEDIATRIA
A39: 3 | B39: HEMODINAMIA ADULTOS
A40: 4 | B40: HEMODINAMIA PEDIATRIA
A41: 5 | B41: REEMPLAZO VALVULAR POR MEDIO DE ENDOPROTESIS (TAVI)
A42: 6 | B42: ANGIOPLASTIA COMPLEJA CON ROTABLATOR Y ULTRASONIDO INTRACAVITARIO
A43: 7 | B43: IMPLANTE ENDOVENOSO DE MARCAPASOS INCLUYENDO DISPOSITIVO
A44: 8 | B44: ECOCARDIOGRAMA ADULTOS
A45: 9 | B45: ECOCARDIOGRAMA PEDIATRIA
A46: 10 | B46: ELECTROCARDIOGRAMAS ADULTOS
A47: 11 | B47: ELECTROCARDIOGRAMAS PEDIATRIA
A48: 12 | B48: CONSULTAS MEDICAS ADULTOS
... A55: 19 | B55: MONITOREO DE PRESION ARTERIAL
A56: Total servicios/beneficiarios | C56: =SUM(C37:C55) -> 0 | D56: =SUM(D37:D55) -> 0 | E56: =SUM(E37:E55) -> 0 | F56: =SUM(F37:F55) -> 0 | G56: =SUM(G37:G55) -> 0 | H56: =SUM(H37:H55) -> 0 | I56: =SUM(I37:I55) -> 0 | J56: =SUM(J37:J55) -> 0
B58: Ejecucion mes de septiembre, de metas fisicas y servicios, año 2025
A59: No. | B59: Meta/Servicio | C59: Septiembre | E59: Octubre | G59: Noviembre | I59: Diciembre | K59: Total acumulado anual
C60: Programado | D60: Ejecutado | E60: Programado | F60: Ejecutado | G60: Programado | H60: Ejecutado | I60: Programado | J60: Ejecutado | K60: Programado | L60: Ejecutado
A61: 1 | B61: CIRUGIA DE ADULTOS | K61: =+I61+G61+E61+C61+I37+G37+E37+C37+I13+G13+E13+C13 -> 56 | L61: =+J61+H61+F61+D61+J37+H37+F37+D37+J13+H13+F13+D13 -> 45
A62: 2 | B62: CIRUGIA DE PEDIATRIA | K62: =+I62+G62+E62+C62+I38+G38+E38+C38+I14+G14+E14+C14 -> 46 | L62: =+J62+H62+F62+D62+J38+H38+F38+D38+J14+H14+F14+D14 -> 31
A63: 3 | B63: HEMODINAMIA ADULTOS | K63: =+I63+G63+E63+C63+I39+G39+E39+C39+I15+G15+E15+C15 -> 239 | L63: =+J63+H63+F63+D63+J39+H39+F39+D39+J15+H15+F15+D15 -> 269
A64: 4 | B64: HEMODINAMIA PEDIATRIA | K64: =+I64+G64+E64+C64+I40+G40+E40+C40+I16+G16+E16+C16 -> 41 | L64: =+J64+H64+F64+D64+J40+H40+F40+D40+J16+H16+F16+D16 -> 30
A65: 5 | B65: REEMPLAZO VALVULAR POR MEDIO DE ENDOPROTESIS (TAVI) | K65: =+I65+G65+E65+C65+I41+G41+E41+C41+I17+G17+E17+C17 -> 0 | L65: =+J65+H65+F65+D65+J41+H41+F41+D41+J17+H17+F17+D17 -> 0
A66: 6 | B66: ANGIOPLASTIA COMPLEJA CON ROTABLATOR Y ULTRASONIDO INTRACAVITARIO | K66: =+I66+G66+E66+C66+I42+G42+E42+C42+I18+G18+E18+C18 -> 4 | L66: =+J66+H66+F66+D66+J42+H42+F42+D42+J18+H18+F18+D18 -> 2
A67: 7 | B67: IMPLANTE ENDOVENOSO DE MARCAPASOS INCLUYENDO DISPOSITIVO | K67: =+I67+G67+E67+C67+I43+G43+E43+C43+I19+G19+E19+C19 -> 5 | L67: =+J67+H67+F67+D67+J43+H43+F43+D43+J19+H19+F19+D19 -> 9
A68: 8 | B68: ECOCARDIOGRAMA ADULTOS | K68: =+I68+G68+E68+C68+I44+G44+E44+C44+I20+G20+E20+C20 -> 1250 | L68: =+J68+H68+F68+D68+J44+H44+F44+D44+J20+H20+F20+D20 -> 1355
A69: 9 | B69: ECOCARDIOGRAMA PEDIATRIA | K69: =+I69+G69+E69+C69+I45+G45+E45+C45+I21+G21+E21+C21 -> 1025 | L69: =+J69+H69+F69+D69+J45+H45+F45+D45+J21+H21+F21+D21 -> 1010
A70: 10 | B70: ELECTROCARDIOGRAMAS ADULTOS | K70: =+I70+G70+E70+C70+I46+G46+E46+C46+I22+G22+E22+C22 -> 400 | L70: =+J70+H70+F70+D70+J46+H46+F46+D46+J22+H22+F22+D22 -> 534
A71: 11 | B71: ELECTROCARDIOGRAMAS PEDIATRIA | K71: =+I71+G71+E71+C71+I47+G47+E47+C47+I23+G23+E23+C23 -> 485 | L71: =+J71+H71+F71+D71+J47+H47+F47+D47+J23+H23+F23+D23 -> 584
A72: 12 | B72: CONSULTAS MEDICAS ADULTOS | K72: =+I72+G72+E72+C72+I48+G48+E48+C48+I24+G24+E24+C24 -> 3050 | L72: =+J72+H72+F72+D72+J48+H48+F48+D48+J24+H24+F24+D24 -> 3808
... A79: 19 | B79: MONITOREO DE PRESION ARTERIAL | K79: =+I79+G79+E79+C79+I55+G55+E55+C55+I31+G31+E31+C31 -> 27 | L79: =+J79+H79+F79+D79+J55+H55+F55+D55+J31+H31+F31+D31 -> 46
A80: Total | C80: =SUM(C61:C79) -> 0 | D80: =SUM(D61:D79) -> 0 | E80: =SUM(E61:E79) -> 0 | F80: =SUM(F61:F79) -> 0 | G80: =SUM(G61:G79) -> 0 | H80: =SUM(H61:H79) -> 0 | I80: =SUM(I61:I79) -> 0 | J80: =SUM(J61:J79) -> 0 | ... L80: =SUM(L61:L79) -> 9762
B103: RESUMEN AÑO 2024
A104: No. | B104: Meta/Servicio | C104: Totales
C105: Programado | D105: Ejecutado
A106: 1 | B106: CIRUGIA DE ADULTOS | C106: =+K13+K37+K61 -> 56 | D106: =+L13+L37+L61 -> 45
A107: 2 | B107: CIRUGIA DE PEDIATRIA | C107: =+K14+K38+K62 -> 46 | D107: =+L14+L38+L62 -> 31
A108: 3 | B108: HEMODINAMIA ADULTOS | C108: =+K15+K39+K63 -> 239 | D108: =+L15+L39+L63 -> 269
A109: 4 | B109: HEMODINAMIA PEDIATRIA | C109: =+K16+K40+K64 -> 41 | D109: =+L16+L40+L64 -> 30
A110: 5 | B110: REEMPLAZO VALVULAR POR MEDIO DE ENDOPROTESIS (TAVI) | C110: =+K17+K41+K65 -> 0 | D110: =+L17+L41+L65 -> 0
A111: 6 | B111: ANGIOPLASTIA COMPLEJA CON ROTABLATOR Y ULTRASONIDO INTRACAVITARIO | C111: =+K18+K42+K66 -> 4 | D111: =+L18+L42+L66 -> 2
A112: 7 | B112: IMPLANTE ENDOVENOSO DE MARCAPASOS INCLUYENDO DISPOSITIVO | C112: =+K19+K43+K67 -> 5 | D112: =+L19+L43+L67 -> 9
A113: 8 | B113: ECOCARDIOGRAMA ADULTOS | C113: =+K20+K44+K68 -> 1250 | D113: =+L20+L44+L68 -> 1355
A114: 9 | B114: ECOCARDIOGRAMA PEDIATRIA | C114: =+K21+K45+K69 -> 1025 | D114: =+L21+L45+L69 -> 1010
A115: 10 | B115: ELECTROCARDIOGRAMAS ADULTOS | C115: =+K22+K46+K70 -> 400 | D115: =+L22+L46+L70 -> 534
A116: 11 | B116: ELECTROCARDIOGRAMAS PEDIATRIA | C116: =+K23+K47+K71 -> 485 | D116: =+L23+L47+L71 -> 584
A117: 12 | B117: CONSULTAS MEDICAS ADULTOS | C117: =+K24+K48+K72 -> 3050 | D117: =+L24+L48+L72 -> 3808
... A124: 19 | B124: MONITOREO DE PRESION ARTERIAL | C124: =+K31+K55+K79 -> 27 | D124: =+L31+L55+L79 -> 46
A125: Total | C125: =SUM(C106:C124) -> 8561 | D125: =SUM(D106:D124) -> 9762
B157: Elaborado por: | C157: ___________________________ | F157: Autorizado por: | H157: _______________________________________
C158: VÍctor Cresencio Reyes Porres | H158: Lic. Douglas Antonio Díaz Rivera
C159: Jefe de Contabilidad | H159: Representante Legal
B160: Fecha: | C160: 10 de abril 2,025

Sheet EJECUCION FISICA ABRIL DECE-8
L2: DECE-8
A6: UNIDAD DE CIRUGIA CARDIOVASCULAR DE GUATEMALA
A7: 5a. AVENIDA 6-22 ZONA 11
A8: dgunicar@yahoo.es Tel. 24163000
B10: Ejecucion mes de marzo, de metas fisicas y servicios, año 2025
A11: No. | B11: Meta/Servicio | C11: Enero | E11: Febrero | G11: Marzo | I11: Abril
C12: Programado | D12: Ejecutado | E12: Programado | F12: Ejecutado | G12: Programado | H12: Ejecutado | I12: Programado | J12: Ejecutado
A13: 1 | B13: CIRUGIA DE ADULTOS | C13: 18 | D13: 12 | E13: 19 | F13: 19 | G13: 19 | H13: 14 | I13: 12 | J13: 20
A14: 2 | B14: CIRUGIA DE PEDIATRIA | C14: 14 | D14: 11 | E14: 16 | F14: 9 | G14: 16 | H14: 11 | I14: 12 | J14: 18
A15: 3 | B15: HEMODINAMIA ADULTOS | C15: 75 | D15: 96 | E15: 82 | F15: 80 | G15: 82 | H15: 93 | I15: 65 | J15: 75
A16: 4 | B16: HEMODINAMIA PEDIATRIA | C16: 10 | D16: 8 | E16: 16 | F16: 13 | G16: 15 | H16: 9 | I16: 9 | J16: 13
A17: 5 | B17: REEMPLAZO VALVULAR POR MEDIO DE ENDOPROTESIS (TAVI) | C17: 0 | D17: 0 | E17: 0 | F17: 0 | G17: 0 | H17: 0 | I17: 3 | J17: 0
A18: 6 | B18: ANGIOPLASTIA COMPLEJA CON ROTABLATOR Y ULTRASONIDO INTRACAVITARIO | C18: 0 | D18: 1 | E18: 0 | F18: 0 | G18: 4 | H18: 1 | I18: 0 | J18: 1
A19: 7 | B19: IMPLANTE ENDOVENOSO DE MARCAPASOS INCLUYENDO DISPOSITIVO | C19: 0 | D19: 5 | E19: 2 | F19: 3 | G19: 3 | H19: 1 | I19: 1 | J19: 5
A20: 8 | B20: ECOCARDIOGRAMA ADULTOS | C20: 400 | D20: 406 | E20: 425 | F20: 481 | G20: 425 | H20: 468 | I20: 375 | J20: 467
A21: 9 | B21: ECOCARDIOGRAMA PEDIATRIA | C21: 300 | D21: 393 | E21: 350 | F21: 285 | G21: 375 | H21: 332 | I21: 275 | J21: 327
A22: 10 | B22: ELECTROCARDIOGRAMAS ADULTOS | C22: 100 | D22: 178 | E22: 150 | F22: 180 | G22: 150 | H22: 176 | I22: 100 | J22: 156
A23: 11 | B23: ELECTROCARDIOGRAMAS PEDIATRIA | C23: 145 | D23: 170 | E23: 170 | F23: 157 | G23: 170 | H23: 257 | I23: 140 | J23: 263
A24: 12 | B24: CONSULTAS MEDICAS ADULTOS | C24: 900 | D24: 1331 | E24: 1075 | F24: 1385 | G24: 1075 | H24: 1092 | I24: 850 | J24: 1090
... A31: 19 | B31: MONITOREO DE PRESION ARTERIAL | C31: 5 | D31: 16 | E31: 11 | F31: 15 | G31: 11 | H31: 15 | I31: 5 | J31: 11
A32: Total servicios/beneficiarios | C32: =SUM(C13:C31) -> 2499 | D32: =SUM(D13:D31) -> 3410 | E32: =SUM(E13:E31) -> 3016 | F32: =SUM(F13:F31) -> 3268 | G32: =SUM(G13:G31) -> 3046 | H32: =SUM(H13:H31) -> 3084 | I32: =SUM(I13:I31) -> 2344 | J32: =SUM(J13:J31) -> 3013
B34: Ejecucion mes de marzo, de metas fisicas y servicios, año 2025
A35: No. | B35: Meta/Servicio | C35: Mayo | E35: Junio | G35: Julio | I35: Agosto
C36: Programado | D36: Ejecutado | E36: Programado | F36: Ejecutado | G36: Programado | H36: Ejecutado | I36: Programado | J36: Ejecutado
A37: 1 | B37: CIRUGIA DE ADULTOS
A38: 2 | B38: CIRUGIA DE PEDIATRIA
A39: 3 | B39: HEMODINAMIA ADULTOS
A40: 4 | B40: HEMODINAMIA PEDIATRIA
A41: 5 | B41: REEMPLAZO VALVULAR POR MEDIO DE ENDOPROTESIS (TAVI)
A42: 6 | B42: ANGIOPLASTIA COMPLEJA CON ROTABLATOR Y ULTRASONIDO INTRACAVITARIO
A43: 7 | B43: IMPLANTE ENDOVENOSO DE MARCAPASOS INCLUYENDO DISPOSITIVO
A44: 8 | B44: ECOCARDIOGRAMA ADULTOS
A45: 9 | B45: ECOCARDIOGRAMA PEDIATRIA
A46: 10 | B46: ELECTROCARDIOGRAMAS ADULTOS
A47: 11 | B47: ELECTROCARDIOGRAMAS PEDIATRIA
A48: 12 | B48: CONSULTAS MEDICAS ADULTOS
... A55: 19 | B55: MONITOREO DE PRESION ARTERIAL
A56: Total servicios/beneficiarios | C56: =SUM(C37:C55) -> 0 | D56: =SUM(D37:D55) -> 0 | E56: =SUM(E37:E55) -> 0 | F56: =SUM(F37:F55) -> 0 | G56: =SUM(G37:G55) -> 0 | H56: =SUM(H37:H55) -> 0 | I56: =SUM(I37:I55) -> 0 | J56: =SUM(J37:J55) -> 0
B58: Ejecucion mes de septiembre, de metas fisicas y servicios, año 2025
A59: No. | B59: Meta/Servicio | C59: Septiembre | E59: Octubre | G59: Noviembre | I59: Diciembre | K59: Total acumulado anual
C60: Programado | D60: Ejecutado | E60: Programado | F60: Ejecutado | G60: Programado | H60: Ejecutado | I60: Programado | J60: Ejecutado | K60: Programado | L60: Ejecutado
A61: 1 | B61: CIRUGIA DE ADULTOS | K61: =+I61+G61+E61+C61+I37+G37+E37+C37+I13+G13+E13+C13 -> 68 | L61: =+J61+H61+F61+D61+J37+H37+F37+D37+J13+H13+F13+D13 -> 65
A62: 2 | B62: CIRUGIA DE PEDIATRIA | K62: =+I62+G62+E62+C62+I38+G38+E38+C38+I14+G14+E14+C14 -> 58 | L62: =+J62+H62+F62+D62+J38+H38+F38+D38+J14+H14+F14+D14 -> 49
A63: 3 | B63: HEMODINAMIA ADULTOS | K63: =+I63+G63+E63+C63+I39+G39+E39+C39+I15+G15+E15+C15 -> 304 | L63: =+J63+H63+F63+D63+J39+H39+F39+D39+J15+H15+F15+D15 -> 344
A64: 4 | B64: HEMODINAMIA PEDIATRIA | K64: =+I64+G64+E64+C64+I40+G40+E40+C40+I16+G16+E16+C16 -> 50 | L64: =+J64+H64+F64+D64+J40+H40+F40+D40+J16+H16+F16+D16 -> 43
A65: 5 | B65: REEMPLAZO VALVULAR POR MEDIO DE ENDOPROTESIS (TAVI) | K65: =+I65+G65+E65+C65+I41+G41+E41+C41+I17+G17+E17+C17 -> 3 | L65: =+J65+H65+F65+D65+J41+H41+F41+D41+J17+H17+F17+D17 -> 0
A66: 6 | B66: ANGIOPLASTIA COMPLEJA CON ROTABLATOR Y ULTRASONIDO INTRACAVITARIO | K66: =+I66+G66+E66+C66+I42+G42+E42+C42+I18+G18+E18+C18 -> 4 | L66: =+J66+H66+F66+D66+J42+H42+F42+D42+J18+H18+F18+D18 -> 3
A67: 7 | B67: IMPLANTE ENDOVENOSO DE MARCAPASOS INCLUYENDO DISPOSITIVO | K67: =+I67+G67+E67+C67+I43+G43+E43+C43+I19+G19+E19+C19 -> 6 | L67: =+J67+H67+F67+D67+J43+H43+F43+D43+J19+H19+F19+D19 -> 14
A68: 8 | B68: ECOCARDIOGRAMA ADULTOS | K68: =+I68+G68+E68+C68+I44+G44+E44+C44+I20+G20+E20+C20 -> 1625 | L68: =+J68+H68+F68+D68+J44+H44+F44+D44+J20+H20+F20+D20 -> 1822
A69: 9 | B69: ECOCARDIOGRAMA PEDIATRIA | K69: =+I69+G69+E69+C69+I45+G45+E45+C45+I21+G21+E21+C21 -> 1300 | L69: =+J69+H69+F69+D69+J45+H45+F45+D45+J21+H21+F21+D21 -> 1337
A70: 10 | B70: ELECTROCARDIOGRAMAS ADULTOS | K70: =+I70+G70+E70+C70+I46+G46+E46+C46+I22+G22+E22+C22 -> 500 | L70: =+J70+H70+F70+D70+J46+H46+F46+D46+J22+H22+F22+D22 -> 690
A71: 11 | B71: ELECTROCARDIOGRAMAS PEDIATRIA | K71: =+I71+G71+E71+C71+I47+G47+E47+C47+I23+G23+E23+C23 -> 625 | L71: =+J71+H71+F71+D71+J47+H47+F47+D47+J23+H23+F23+D23 -> 847
A72: 12 | B72: CONSULTAS MEDICAS ADULTOS | K72: =+I72+G72+E72+C72+I48+G48+E48+C48+I24+G24+E24+C24 -> 3900 | L72: =+J72+H72+F72+D72+J48+H48+F48+D48+J24+H24+F24+D24 -> 4898
... A79: 19 | B79: MONITOREO DE PRESION ARTERIAL | K79: =+I79+G79+E79+C79+I55+G55+E55+C55+I31+G31+E31+C31 -> 32 | L79: =+J79+H79+F79+D79+J55+H55+F55+D55+J31+H31+F31+D31 -> 57
A80: Total | C80: =SUM(C61:C79) -> 0 | D80: =SUM(D61:D79) -> 0 | E80: =SUM(E61:E79) -> 0 | F80: =SUM(F61:F79) -> 0 | G80: =SUM(G61:G79) -> 0 | H80: =SUM(H61:H79) -> 0 | I80: =SUM(I61:I79) -> 0 | J80: =SUM(J61:J79) -> 0 | ... L80: =SUM(L61:L79) -> 12775
B103: RESUMEN AÑO 2024
A104: No. | B104: Meta/Servicio | C104: Totales
C105: Programado | D105: Ejecutado
A106: 1 | B106: CIRUGIA DE ADULTOS | C106: =+K13+K37+K61 -> 68 | D106: =+L13+L37+L61 -> 65
A107: 2 | B107: CIRUGIA DE PEDIATRIA | C107: =+K14+K38+K62 -> 58 | D107: =+L14+L38+L62 -> 49
A108: 3 | B108: HEMODINAMIA ADULTOS | C108: =+K15+K39+K63 -> 304 | D108: =+L15+L39+L63 -> 344
A109: 4 | B109: HEMODINAMIA PEDIATRIA | C109: =+K16+K40+K64 -> 50 | D109: =+L16+L40+L64 -> 43
A110: 5 | B110: REEMPLAZO VALVULAR POR MEDIO DE ENDOPROTESIS (TAVI) | C110: =+K17+K41+K65 -> 3 | D110: =+L17+L41+L65 -> 0
A111: 6 | B111: ANGIOPLASTIA COMPLEJA CON ROTABLATOR Y ULTRASONIDO INTRACAVITARIO | C111: =+K18+K42+K66 -> 4 | D111: =+L18+L42+L66 -> 3
A112: 7 | B112: IMPLANTE ENDOVENOSO DE MARCAPASOS INCLUYENDO DISPOSITIVO | C112: =+K19+K43+K67 -> 6 | D112: =+L19+L43+L67 -> 14
A113: 8 | B113: ECOCARDIOGRAMA ADULTOS | C113: =+K20+K44+K68 -> 1625 | D113: =+L20+L44+L68 -> 1822
A114: 9 | B114: ECOCARDIOGRAMA PEDIATRIA | C114: =+K21+K45+K69 -> 1300 | D114: =+L21+L45+L69 -> 1337
A115: 10 | B115: ELECTROCARDIOGRAMAS ADULTOS | C115: =+K22+K46+K70 -> 500 | D115: =+L22+L46+L70 -> 690
A116: 11 | B116: ELECTROCARDIOGRAMAS PEDIATRIA | C116: =+K23+K47+K71 -> 625 | D116: =+L23+L47+L71 -> 847
A117: 12 | B117: CONSULTAS MEDICAS ADULTOS | C117: =+K24+K48+K72 -> 3900 | D117: =+L24+L48+L72 -> 4898
... A124: 19 | B124: MONITOREO DE PRESION ARTERIAL | C124: =+K31+K55+K79 -> 32 | D124: =+L31+L55+L79 -> 57
A125: Total | C125: =SUM(C106:C124) -> 10905 | D125: =SUM(D106:D124) -> 12775
B157: Elaborado por: | C157: ___________________________ | F157: Autorizado por: | H157: _______________________________________
C158: VÍctor Cresencio Reyes Porres | H158: Lic. Douglas Antonio Díaz Rivera
C159: Jefe de Contabilidad | H159: Representante Legal
B160: Fecha: | C160: 9 de mayo 2,025

Sheet PRESUPUESTO ENERO
A1: UNIDAD DE CIRUGIA CARDIOVASCULAR DE GUATEMALA
A2: FONDOS ESTATALES
A3: PRESUPUESTO AÑO 2,025
C4: PRESUPUESTO 2025 | D4: TRANSFERENCIAS (+-), AMPLIACION | E4: PRESUPUESTO AJUSTADO 2,025
B5: ASIGNACION DEL ESTADO | C5: 110000000 | E5: =+C5+D5 -> 110000000
B6: TOTAL ASIGNACION DEL ESTADO | C6: =SUM(C5) -> 110000000 | D6: =SUM(D5) -> 0 | E6: =SUM(E5) -> 110000000
C8: =+C4 -> PRESUPUESTO 2025 | D8: TRANSFERENCIAS (+-) | E8: =+E4 -> PRESUPUESTO AJUSTADO 2,025
A9: 011 | B9: SUELDOS, CUOTA PATRONAL, BONO 14 Y AGUINALDO | C9: 54637303 | E9: =+C9+D9 -> 54637303
B10: TOTAL RECURSO HUMANO | C10: =SUM(C9) -> 54637303 | D10: =SUM(D9) -> 0 | E10: =SUM(E9) -> 54637303
B12: GASTOS DE OPERACIÓN | C12: =+C8 -> PRESUPUESTO 2025 | D12: TRANSFERENCIAS (+-) | E12: =+E8 -> PRESUPUESTO AJUSTADO 2,025
A13: 111 | B13: ENERGIA ELECTRICA | C13: 1166000 | E13: =+C13+D13 -> 1166000
A14: 113 | B14: SERVICIO DE INTERNET Y TELEFONIA | C14: 130075 | E14: =+C14+D14 -> 130075
A15: 122 | B15: IMPRESIÓN, ENCUADERNACION Y REPRODUCCION | C15: 64244.05 | E15: =+C15+D15 -> 64244.05
A16: 163 | B16: MANT. Y REP. EQUIPO MEDICO SANITARIO Y DE LAB. | C16: 1310600.2 | E16: =+C16+D16 -> 1310600.2
A17: 169 | B17: MANT. Y REP. DE OTRAS MAQUINARIAS Y EQUIPOS | C17: 66884.6 | E17: =+C17+D17 -> 66884.6
A18: 171 | B18: MANTENIMIENTO Y REPARACION DE EDIFICIOS | C18: 82130 | E18: =+C18+D18 -> 82130
A19: 174 | B19: MANT. Y REP. DE INSTALACIONES | C19: 127931 | E19: =+C19+D19 -> 127931
A20: 197 | B20: SERVICIOS DE VIGILANCIA | C20: 592800 | E20: =+C20+D20 -> 592800
A21: 199 | B21: OTROS SERVICIOS NO PERSONALES | C21: 706924.9 | E21: =+C21+D21 -> 706924.9
A22: 243 | B22: PRODUCTOS DE PAPEL O CARTON | C22: 154711.24 | E22: =+C22+D22 -> 154711.24
A23: 261 | B23: ELEMENTOS Y COMPUESTOS QUIMICOS | C23: 836414.94 | E23: =+C23+D23 -> 836414.94
A24: 262 | B24: COMBUSTIBLES Y LUBRICANTES | C24: 17000 | E24: =+C24+D24 -> 17000
... A34: 323 | B34: EQUIPO MEDICO-SANITARIO Y DE LABORATORIO | C34: 15417468 | E34: =+C34+D34 -> 15417468
B35: TOTAL GASTOS DE OPERACIÓN | C35: =SUM(C13:C34) -> 55362697 | D35: =SUM(D13:D34) -> 0 | E35: =SUM(E13:E34) -> 55362697
B36: TOTAL GENERAL EGRESOS | C36: =+C35+C10 -> 110000000 | D36: =+D35+D10 -> 0 | E36: =+E35+E10 -> 110000000
A38: Nota: Presupuesto pendiente de aprobacion, por parte de la comision tecnica del Ministerio
A39: de Salud Publica y Asistencia Social.
A41: _______________________________
A42: Víctor Cresencio Reyes Porres
A43: Jefe de Contabilidad

Sheet PRESUPUESTO FEBRERO
A1: UNIDAD DE CIRUGIA CARDIOVASCULAR DE GUATEMALA
A2: FONDOS ESTATALES
A3: PRESUPUESTO AÑO 2,025
C4: PRESUPUESTO 2025 | D4: TRANSFERENCIAS (+-), AMPLIACION | E4: PRESUPUESTO AJUSTADO 2,025
B5: ASIGNACION DEL ESTADO | C5: 110000000 | E5: =+C5+D5 -> 110000000
B6: TOTAL ASIGNACION DEL ESTADO | C6: =SUM(C5) -> 110000000 | D6: =SUM(D5) -> 0 | E6: =SUM(E5) -> 110000000
C8: =+C4 -> PRESUPUESTO 2025 | D8: TRANSFERENCIAS (+-) | E8: =+E4 -> PRESUPUESTO AJUSTADO 2,025
A9: 011 | B9: SUELDOS, CUOTA PATRONAL, BONO 14 Y AGUINALDO | C9: 54637303 | E9: =+C9+D9 -> 54637303
B10: TOTAL RECURSO HUMANO | C10: =SUM(C9) -> 54637303 | D10: =SUM(D9) -> 0 | E10: =SUM(E9) -> 54637303
B12: GASTOS DE OPERACIÓN | C12: =+C8 -> PRESUPUESTO 2025 | D12: TRANSFERENCIAS (+-) | E12: =+E8 -> PRESUPUESTO AJUSTADO 2,025
A13: 111 | B13: ENERGIA ELECTRICA | C13: 1166000 | E13: =+C13+D13 -> 1166000
A14: 113 | B14: SERVICIO DE INTERNET Y TELEFONIA | C14: 130075 | E14: =+C14+D14 -> 130075
A15: 122 | B15: IMPRESIÓN, ENCUADERNACION Y REPRODUCCION | C15: 64244.05 | E15: =+C15+D15 -> 64244.05
A16: 163 | B16: MANT. Y REP. EQUIPO MEDICO SANITARIO Y DE LAB. | C16: 1310600.2 | E16: =+C16+D16 -> 1310600.2
A17: 169 | B17: MANT. Y REP. DE OTRAS MAQUINARIAS Y EQUIPOS | C17: 66884.6 | E17: =+C17+D17 -> 66884.6
A18: 171 | B18: MANTENIMIENTO Y REPARACION DE EDIFICIOS | C18: 82130 | E18: =+C18+D18 -> 82130
A19: 174 | B19: MANT. Y REP. DE INSTALACIONES | C19: 127931 | E19: =+C19+D19 -> 127931
A20: 197 | B20: SERVICIOS DE VIGILANCIA | C20: 592800 | E20: =+C20+D20 -> 592800
A21: 199 | B21: OTROS SERVICIOS NO PERSONALES | C21: 706924.9 | E21: =+C21+D21 -> 706924.9
A22: 243 | B22: PRODUCTOS DE PAPEL O CARTON | C22: 154711.24 | E22: =+C22+D22 -> 154711.24
A23: 261 | B23: ELEMENTOS Y COMPUESTOS QUIMICOS | C23: 836414.94 | E23: =+C23+D23 -> 836414.94
A24: 262 | B24: COMBUSTIBLES Y LUBRICANTES | C24: 17000 | E24: =+C24+D24 -> 17000
... A34: 323 | B34: EQUIPO MEDICO-SANITARIO Y DE LABORATORIO | C34: 15417468 | E34: =+C34+D34 -> 15417468
B35: TOTAL GASTOS DE OPERACIÓN | C35: =SUM(C13:C34) -> 55362697 | D35: =SUM(D13:D34) -> 0 | E35: =SUM(E13:E34) -> 55362697
B36: TOTAL GENERAL EGRESOS | C36: =+C35+C10 -> 110000000 | D36: =+D35+D10 -> 0 | E36: =+E35+E10 -> 110000000
A41: _______________________________
A42: Víctor Cresencio Reyes Porres
A43: Jefe de Contabilidad

Sheet PRESUPUESTO MARZO
A1: UNIDAD DE CIRUGIA CARDIOVASCULAR DE GUATEMALA
A2: FONDOS ESTATALES
A3: PRESUPUESTO AÑO 2,025
C4: PRESUPUESTO 2025 | D4: TRANSFERENCIAS (+-), AMPLIACION | E4: PRESUPUESTO AJUSTADO 2,025
B5: ASIGNACION DEL ESTADO | C5: 110000000 | E5: =+C5+D5 -> 110000000
B6: TOTAL ASIGNACION DEL ESTADO | C6: =SUM(C5) -> 110000000 | D6: =SUM(D5) -> 0 | E6: =SUM(E5) -> 110000000
C8: =+C4 -> PRESUPUESTO 2025 | D8: TRANSFERENCIAS (+-) | E8: =+E4 -> PRESUPUESTO AJUSTADO 2,025
A9: 011 | B9: SUELDOS, CUOTA PATRONAL, BONO 14 Y AGUINALDO | C9: 54637303 | E9: =+C9+D9 -> 54637303
B10: TOTAL RECURSO HUMANO | C10: =SUM(C9) -> 54637303 | D10: =SUM(D9) -> 0 | E10: =SUM(E9) -> 54637303
B12: GASTOS DE OPERACIÓN | C12: =+C8 -> PRESUPUESTO 2025 | D12: TRANSFERENCIAS (+-) | E12: =+E8 -> PRESUPUESTO AJUSTADO 2,025
A13: 111 | B13: ENERGIA ELECTRICA | C13: 1166000 | E13: =+C13+D13 -> 1166000
A14: 113 | B14: SERVICIO DE INTERNET Y TELEFONIA | C14: 130075 | E14: =+C14+D14 -> 130075
A15: 122 | B15: IMPRESIÓN, ENCUADERNACION Y REPRODUCCION | C15: 64244.05 | E15: =+C15+D15 -> 64244.05
A16: 163 | B16: MANT. Y REP. EQUIPO MEDICO SANITARIO Y DE LAB. | C16: 1310600.2 | E16: =+C16+D16 -> 1310600.2
A17: 169 | B17: MANT. Y REP. DE OTRAS MAQUINARIAS Y EQUIPOS | C17: 66884.6 | E17: =+C17+D17 -> 66884.6
A18: 171 | B18: MANTENIMIENTO Y REPARACION DE EDIFICIOS | C18: 82130 | E18: =+C18+D18 -> 82130
A19: 174 | B19: MANT. Y REP. DE INSTALACIONES | C19: 127931 | E19: =+C19+D19 -> 127931
A20: 197 | B20: SERVICIOS DE VIGILANCIA | C20: 592800 | E20: =+C20+D20 -> 592800
A21: 199 | B21: OTROS SERVICIOS NO PERSONALES | C21: 706924.9 | E21: =+C21+D21 -> 706924.9
A22: 243 | B22: PRODUCTOS DE PAPEL O CARTON | C22: 154711.24 | E22: =+C22+D22 -> 154711.24
A23: 261 | B23: ELEMENTOS Y COMPUESTOS QUIMICOS | C23: 836414.94 | E23: =+C23+D23 -> 836414.94
A24: 262 | B24: COMBUSTIBLES Y LUBRICANTES | C24: 17000 | E24: =+C24+D24 -> 17000
... A34: 323 | B34: EQUIPO MEDICO-SANITARIO Y DE LABORATORIO | C34: 15417468 | E34: =+C34+D34 -> 15417468
B35: TOTAL GASTOS DE OPERACIÓN | C35: =SUM(C13:C34) -> 55362697 | D35: =SUM(D13:D34) -> 0 | E35: =SUM(E13:E34) -> 55362697
B36: TOTAL GENERAL EGRESOS | C36: =+C35+C10 -> 110000000 | D36: =+D35+D10 -> 0 | E36: =+E35+E10 -> 110000000
A41: _______________________________
A42: Víctor Cresencio Reyes Porres
A43: Jefe de Contabilidad

Sheet PRESUPUESTO ABRIL
A1: UNIDAD DE CIRUGIA CARDIOVASCULAR DE GUATEMALA
A2: FONDOS ESTATALES
A3: PRESUPUESTO AÑO 2,025
C4: PRESUPUESTO 2025 | D4: TRANSFERENCIAS (+-), AMPLIACION | E4: PRESUPUESTO AJUSTADO 2,025
B5: ASIGNACION DEL ESTADO | C5: 110000000 | E5: =+C5+D5 -> 110000000
B6: TOTAL ASIGNACION DEL ESTADO | C6: =SUM(C5) -> 110000000 | D6: =SUM(D5) -> 0 | E6: =SUM(E5) -> 110000000
C8: =+C4 -> PRESUPUESTO 2025 | D8: TRANSFERENCIAS (+-) | E8: =+E4 -> PRESUPUESTO AJUSTADO 2,025
A9: 011 | B9: SUELDOS, CUOTA PATRONAL, BONO 14 Y AGUINALDO | C9: 54637303 | E9: =+C9+D9 -> 54637303
B10: TOTAL RECURSO HUMANO | C10: =SUM(C9) -> 54637303 | D10: =SUM(D9) -> 0 | E10: =SUM(E9) -> 54637303
B12: GASTOS DE OPERACIÓN | C12: =+C8 -> PRESUPUESTO 2025 | D12: TRANSFERENCIAS (+-) | E12: =+E8 -> PRESUPUESTO AJUSTADO 2,025
A13: 111 | B13: ENERGIA ELECTRICA | C13: 1166000 | E13: =+C13+D13 -> 1166000
A14: 113 | B14: SERVICIO DE INTERNET Y TELEFONIA | C14: 130075 | E14: =+C14+D14 -> 130075
A15: 122 | B15: IMPRESIÓN, ENCUADERNACION Y REPRODUCCION | C15: 64244.05 | E15: =+C15+D15 -> 64244.05
A16: 163 | B16: MANT. Y REP. EQUIPO MEDICO SANITARIO Y DE LAB. | C16: 1310600.2 | E16: =+C16+D16 -> 1310600.2
A17: 169 | B17: MANT. Y REP. DE OTRAS MAQUINARIAS Y EQUIPOS | C17: 66884.6 | E17: =+C17+D17 -> 66884.6
A18: 171 | B18: MANTENIMIENTO Y REPARACION DE EDIFICIOS | C18: 82130 | E18: =+C18+D18 -> 82130
A19: 174 | B19: MANT. Y REP. DE INSTALACIONES | C19: 127931 | E19: =+C19+D19 -> 127931
A20: 197 | B20: SERVICIOS DE VIGILANCIA | C20: 592800 | E20: =+C20+D20 -> 592800
A21: 199 | B21: OTROS SERVICIOS NO PERSONALES | C21: 706924.9 | E21: =+C21+D21 -> 706924.9
A22: 243 | B22: PRODUCTOS DE PAPEL O CARTON | C22: 154711.24 | E22: =+C22+D22 -> 154711.24
A23: 261 | B23: ELEMENTOS Y COMPUESTOS QUIMICOS | C23: 836414.94 | E23: =+C23+D23 -> 836414.94
A24: 262 | B24: COMBUSTIBLES Y LUBRICANTES | C24: 17000 | E24: =+C24+D24 -> 17000
... A34: 323 | B34: EQUIPO MEDICO-SANITARIO Y DE LABORATORIO | C34: 15417468 | E34: =+C34+D34 -> 15417468
B35: TOTAL GASTOS DE OPERACIÓN | C35: =SUM(C13:C34) -> 55362697 | D35: =SUM(D13:D34) -> 0 | E35: =SUM(E13:E34) -> 55362697
B36: TOTAL GENERAL EGRESOS | C36: =+C35+C10 -> 110000000 | D36: =+D35+D10 -> 0 | E36: =+E35+E10 -> 110000000
A41: _______________________________
A42: Víctor Cresencio Reyes Porres
A43: Jefe de Contabilidad

Sheet APORTES ENERO
A1: APORTES MINISTERIO DE SALUD PUBLICA Y ASISTENCIA SOCIAL AÑO 2,025
A3: MES | B3: VALOR | C3: FECHA REC. | D3: No. RECIBO | E3: N/A | F3: No. De Cur
A4: ENERO | B4: 0
A5: FEBRERO | B5: 0
A6: MARZO | B6: 0
A7: ABRIL | B7: 0
A8: MAYO | B8: 0
A9: MAYO | B9: 0
A10: MAYO | B10: 0
A11: JUNIO | B11: 0
A12: JULIO | B12: 0
A13: AGOSTO | B13: 0
A14: AGOSTO | B14: 0
A15: AGOSTO | B15: 0
... A18: SEPTIEMBRE | B18: 0
A19: TOTALES… | B19: =SUM(B4:B18) -> 0
A25: ____________________________________
A26: Victor Cresencio Reyes Porres
A27: Jefe de Contabilidad
A28: UNIDAD DE CIRUGIA CARDIOVASCULAR DE GUATEMALA

Sheet APORTES FEBRERO
A1: APORTES MINISTERIO DE SALUD PUBLICA Y ASISTENCIA SOCIAL AÑO 2,025
A3: MES | B3: VALOR | C3: FECHA REC. | D3: No. RECIBO | E3: N/A | F3: No. De Cur
A4: ENERO | B4: 0
A5: FEBRERO | B5: 0
A6: MARZO | B6: 0
A7: ABRIL | B7: 0
A8: MAYO | B8: 0
A9: MAYO | B9: 0
A10: MAYO | B10: 0
A11: JUNIO | B11: 0
A12: JULIO | B12: 0
A13: AGOSTO | B13: 0
A14: AGOSTO | B14: 0
A15: AGOSTO | B15: 0
... A18: SEPTIEMBRE | B18: 0
A19: TOTALES… | B19: =SUM(B4:B18) -> 0
A25: ____________________________________
A26: Victor Cresencio Reyes Porres
A27: Jefe de Contabilidad
A28: UNIDAD DE CIRUGIA CARDIOVASCULAR DE GUATEMALA

Sheet APORTES MARZO
A1: APORTES MINISTERIO DE SALUD PUBLICA Y ASISTENCIA SOCIAL AÑO 2,025
A3: MES | B3: VALOR | C3: FECHA REC. | D3: No. RECIBO | E3: N/C | F3: No. De Cur
A4: ENERO | B4: 0
A5: FEBRERO | B5: 0
A6: MARZO | B6: 22000000 | C6: 45729 | D6: 261119 | E6: 313436527
A7: ABRIL | B7: 0
A8: MAYO | B8: 0
A9: MAYO | B9: 0
A10: MAYO | B10: 0
A11: JUNIO | B11: 0
A12: JULIO | B12: 0
A13: AGOSTO | B13: 0
A14: AGOSTO | B14: 0
A15: AGOSTO | B15: 0
A16: SEPTIEMBRE | B16: 0
A17: SEPTIEMBRE | B17: 0
A18: SEPTIEMBRE | B18: 0
A19: TOTALES… | B19: =SUM(B4:B18) -> 22000000
A25: ____________________________________
A26: Victor Cresencio Reyes Porres
A27: Jefe de Contabilidad
A28: UNIDAD DE CIRUGIA CARDIOVASCULAR DE GUATEMALA

Sheet APORTES ABRIL
A1: APORTES MINISTERIO DE SALUD PUBLICA Y ASISTENCIA SOCIAL AÑO 2,025
A3: MES | B3: VALOR | C3: FECHA REC. | D3: No. RECIBO | E3: N/C | F3: No. De Cur
A4: ENERO | B4: 0
A5: FEBRERO | B5: 0
A6: MARZO | B6: 22000000 | C6: 45729 | D6: 261119 | E6: 313436527
A7: ABRIL | B7: 11000000 | C7: 45761 | D7: 261120 | E7: 31486663
A8: MAYO | B8: 0
A9: MAYO | B9: 0
A10: MAYO | B10: 0
A11: JUNIO | B11: 0
A12: JULIO | B12: 0
A13: AGOSTO | B13: 0
A14: AGOSTO | B14: 0
A15: AGOSTO | B15: 0
A16: SEPTIEMBRE | B16: 0
A17: SEPTIEMBRE | B17: 0
A18: SEPTIEMBRE | B18: 0
A19: TOTALES… | B19: =SUM(B4:B18) -> 33000000
A25: ____________________________________
A26: Victor Cresencio Reyes Porres
A27: Jefe de Contabilidad
A28: UNIDAD DE CIRUGIA CARDIOVASCULAR DE GUATEMALA
